Workbook
Name AI_Version: #REF!
Name CalcMethod: #REF!
Name DaNet: #REF!
Name dt_03: #REF!
Name end_02: #REF!
Name end_03_1: #REF!
Name end_03_2: #REF!
Name ht_03: #REF!
Name Irtysh: #REF!
Name IS_DEMO: #REF!
Name IS_ESTATE: #REF!
Name IS_SUMM: #REF!
Name IS_TRIAL: #REF!
Name it_03: #REF!
Name KTP: #REF!
Name KTP: #REF!
Name kW_а_ген1: #REF!
Name kW_а_ген1: #REF!
Name kW_а_ген3: #REF!
Name kW_а_ген3: #REF!
Name LanguageID: #REF!
Name line: #REF!
Name month_list: #REF!
Name MR_LIST: #REF!
Name nds: #REF!
Name pIns_ws_01_3: #REF!
Name PORT_PrjPeriods: #REF!
Name prd: #REF!
Name prim_03: #REF!
Name PrjTariff: #REF!
Name qr110to10: #REF!
Name qr110to10: #REF!
Name qr110to35: #REF!
Name qr110to35: #REF!
Name qr220to10_2: #REF!
Name qr220to10_2: #REF!
Name qr220to110: #REF!
Name qr220to110: #REF!
Name qr220to35: #REF!
Name qr35to10: #REF!
Name Quarter2: #REF!
Name Razd1End: #REF!
Name Razd1End: #REF!
Name Razd1Start: #REF!
Name Razd1Start: #REF!
Name Razd2End: #REF!
Name Razd2End: #REF!
Name Razd2Start: #REF!
Name Razd3Start: #REF!
Name Razd4End: #REF!
Name Razd4Start: #REF!
Name Razd5End: #REF!
Name Razd5Start: #REF!
Name Razd6End: #REF!
Name Razd6Start: #REF!
Name Razd7End: #REF!
Name Razd7Start: #REF!
Name REGION: #REF!
Name region_name: #REF!
Name tavrich: #REF!

Sheet Финансовый план 2027
R1: Приложение № 1
R2: к приказу Минэнерго России
R3: от 13.04.2017 № 310
H5: Форма № | I5: Финансовый план субъекта электроэнергетики
A7: Инвестиционная программа | D7: ГУП НАО "Нарьян-Марская электростанция"
D8: полное наименование субъекта электроэнергетики
D9: Субъект Российской Федерации: | E9: Ненецкий автономный округ
E10: Год раскрытия (предоставления) информации: | G10: год
A12: Утвержденные плановые значения показателей приведены в соответствии
A13: с
B14: реквизиты решения органа исполнительной власти, утвердившего инвестиционную программу
A15: 1. Финансово-экономическая модель деятельности субъекта электроэнергетики
A16: № п/п | C16: Показатель | H16: Ед. изм. | I16: 2022 год | J16: 2023 год | K16: 2024 год | L16: 2025 год | M16: 2026 год | O16: 2027 год | Q16: Итого за период реализации инвестиционной программы
I17: Факт | J17: Факт | K17: Факт | L17: Факт | M17: План (Утвержденный план) | N17: Предложение по корректировке утвержденного плана | O17: План (Утвержденный план) | P17: Предложение по корректировке утвержденного плана | Q17: План (Утвержденный план) | R17: Предложение по корректировке утвержденного плана
A18: 1 | C18: 2 | H18: 3 | I18: 4 | J18: 5 | K18: 6 | L18: 7 | M18: 8 | N18: 9 | O18: 10 | P18: 11 | Q18: 12 | R18: 13
I19: -5.3290705e-15 | M19: 1.0512 | O19: 1.0401
A20: БЮДЖЕТ ДОХОДОВ И РАСХОДОВ
A21: I | C21: Выручка от реализации товаров (работ, услуг) всего, в том числе *: | H21: млн рублей | I21: 510.07402 | J21: 588.75227 | K21: 639.20651 | L21: 651.66313 | M21: 685.02828 | N21: 685.02828 | O21: 712.49792 | P21: 712.41563 | Q21: 1397.5262 | R21: 1397.4439
A22: 1.1 | C22: Производство и поставка электрической энергии и мощности всего, в том числе: | H22: млн рублей | I22: 503.85934 | J22: 579.7897 | K22: 625.68126 | L22: 634.4026 | M22: 666.88401 | N22: 666.88401 | O22: 693.62606 | P22: 693.62606 | Q22: 1360.5101 | R22: 1360.5101
A23: 1.1.1 | C23: производство и поставка электрической энергии на оптовом рынке электрической энергии и мощности | H23: млн рублей
A24: 1.1.2 | C24: производство и поставка электрической мощности на оптовом рынке электрической энергии и мощности | H24: млн рублей
A25: 1.1.3 | C25: производство и поставка электрической энергии (мощности) на розничных рынках электрической энергии | H25: млн рублей | I25: 503.85934 | J25: 579.7897 | K25: 625.68126 | L25: 634.4026 | M25: 666.88401 | N25: 666.88401 | O25: 693.62606 | P25: 693.62606 | Q25: 1360.5101 | R25: 1360.5101
A26: 1.2 | C26: Производство и поставка тепловой энергии (мощности) | H26: млн рублей
A27: 1.3 | C27: Оказание услуг по передаче электрической энергии | H27: млн рублей
A28: 1.4 | C28: Оказание услуг по передаче тепловой энергии, теплоносителя | H28: млн рублей
A29: 1.5 | C29: Оказание услуг по технологическому присоединению | H29: млн рублей | I29: 2.9987707 | J29: 6.9570578 | K29: 11.966859 | L29: 15.308412 | M29: 16.092202 | N29: 16.092202 | O29: 16.7375 | P29: 16.7375 | Q29: 32.829702 | R29: 32.829702
A30: 1.6 | C30: Реализация электрической энергии и мощности | H30: млн рублей
A31: 1.7 | C31: Реализации тепловой энергии (мощности) | H31: млн рублей
A32: 1.8 | C32: Оказание услуг по оперативно-диспетчерскому управлению в электроэнергетике всего, в том числе: | H32: млн рублей | I32: 0 | J32: 0 | K32: 0
A33: 1.8.1 | C33: в части управления технологическими режимами | H33: млн рублей
A34: 1.8.2 | C34: в части обеспечения надежности | H34: млн рублей
A35: 1.9 | C35: Прочая деятельность | H35: млн рублей | I35: 3.215904 | J35: 2.0055081 | K35: 1.5583956 | L35: 1.9521231 | M35: 2.0520718 | N35: 2.0520718 | O35: 2.1343599 | P35: 2.0520718 | Q35: 4.1864316 | R35: 4.1041436
A36: II | C36: Себестоимость товаров (работ, услуг), коммерческие и управленческие расходы всего, в том числе: | H36: млн рублей | I36: 550.26017 | J36: 603.51324 | K36: 657.35713 | L36: 744.37557 | M36: 788.29313 | N36: 926.11127 | O36: 819.90364 | P36: 963.51115 | Q36: 1608.1968 | R36: 1889.6224
A37: 2.1 | C37: Производство и поставка электрической энергии и мощности всего, в том числе: | H37: млн рублей | I37: 538.86703 | J37: 588.21266 | K37: 657.35713 | L37: 744.37557 | M37: 788.29313 | N37: 926.11127 | O37: 819.90364 | P37: 963.51115 | Q37: 1608.1968 | R37: 1889.6224
A38: 2.1.1 | C38: производство и поставка электрической энергии на оптовом рынке электрической энергии и мощности | H38: млн рублей
A39: 2.1.2 | C39: производство и поставка электрической мощности на оптовом рынке электрической энергии и мощности | H39: млн рублей
A40: 2.1.3 | C40: производство и поставка электрической энергии (мощности) на розничных рынках электрической энергии | H40: млн рублей | I40: 538.86703 | J40: 588.21266 | K40: 637.18412 | L40: 723.20134 | M40: 760.22924 | N40: 760.22924 | O40: 790.71444 | P40: 790.71444 | Q40: 1651.2374 | R40: 1651.2374
A41: 2.2 | C41: Производство и поставка тепловой энергии (мощности) | H41: млн рублей
A42: 2.3 | C42: Оказание услуг по передаче электрической энергии | H42: млн рублей | I42: 5.4746535 | J42: 6.6963 | K42: 8.9203891 | L42: 7.5713101 | M42: 7.9589612 | N42: 7.9589612 | O42: 8.2781155 | P42: 8.2781155 | Q42: 16.237077 | R42: 16.237077
A43: 2.4 | C43: Оказание услуг по передаче тепловой энергии, теплоносителя | H43: млн рублей
A44: 2.5 | C44: Оказание услуг по технологическому присоединению | H44: млн рублей | I44: 4.8293481 | J44: 7.2268894 | K44: 10.173025 | L44: 12.497003 | M44: 13.13685 | N44: 13.13685 | O44: 13.663637 | P44: 13.663637 | Q44: 26.800487 | R44: 26.800487
A45: 2.6 | C45: Реализация электрической энергии и мощности | H45: млн рублей
A46: 2.7 | C46: Реализации тепловой энергии (мощности) | H46: млн рублей
A47: 2.8 | C47: Оказание услуг по оперативно-диспетчерскому управлению в электроэнергетике всего, в том числе: | H47: млн рублей | I47: 0 | J47: 0 | K47: 0
A48: 2.8.1 | C48: в части управления технологическими режимами | H48: млн рублей
A49: 2.8.2 | C49: в части обеспечения надежности | H49: млн рублей
A50: 2.9 | C50: Прочая деятельность | H50: млн рублей | I50: 1.0891331 | J50: 1.4106648 | K50: 1.0670956 | L50: 0.48231935 | M50: 0.5070141 | N50: 0.5070141 | O50: 0.52734537 | P50: 0.52734537 | Q50: 1.0343595 | R50: 1.0343595
A51: II.I | C51: Материальные расходы всего, в том числе: | H51: млн рублей | I51: 175.38436 | J51: 194.6856 | K51: 210.5618 | L51: 229.22955 | M51: 240.9661 | N51: 240.9661 | O51: 250.62884 | P51: 250.62884 | Q51: 491.59495 | R51: 491.59495
A52: 2.1.1 | C52: расходы на топливо на технологические цели | H52: млн рублей | I52: 163.40328 | J52: 179.1041 | K52: 192.50407 | L52: 211.29072 | M52: 222.10881 | N52: 222.10881 | O52: 231.01537 | P52: 231.01537 | Q52: 453.12418 | R52: 453.12418
A53: 2.1.2 | C53: покупная энергия, в том числе: | H53: млн рублей | I53: 0 | J53: 0 | K53: 0
A54: 2.1.2.1 | C54: покупная электрическая энергия (мощность) всего, в том числе: | H54: млн рублей | I54: 0 | J54: 0 | K54: 0
A55: 2.1.2.1.1 | C55: на технологические цели, включая энергию на компенсацию потерь при ее передаче | H55: млн рублей
A56: 2.1.2.1.2 | C56: для последующей перепродажи | H56: млн рублей
A57: 2.1.2.2 | C57: покупная тепловая энергия (мощность) | H57: млн рублей
A58: 2.1.3 | C58: сырье, материалы, запасные части, инструменты | H58: млн рублей | I58: 11.981077 | J58: 15.581493 | K58: 16.140955 | L58: 15.875086 | M58: 16.68789 | N58: 16.68789 | O58: 17.357075 | P58: 17.357075 | Q58: 34.044965 | R58: 34.044965
A59: 2.1.4 | C59: прочие материальные расходы | H59: млн рублей | K59: 1.9167734 | L59: 2.0637401 | M59: 2.1694036 | N59: 2.1694036 | O59: 2.2563967 | P59: 2.2563967 | Q59: 4.4258003 | R59: 4.4258003
A60: II.II | C60: Работы и услуги производственного характера всего, в том числе: | H60: млн рублей | I60: 8.3065489 | J60: 27.061843 | K60: 39.080222 | L60: 49.592802 | M60: 52.131953 | N60: 52.131953 | O60: 54.222445 | P60: 54.222445 | Q60: 106.3544 | R60: 106.3544
A61: 2.2.1 | C61: услуги по передаче электрической энергии по единой (национальной) общероссийской электрической сети | H61: млн рублей
A62: 2.2.2 | C62: услуги по передаче электрической энергии по сетям территориальной сетевой организации | H62: млн рублей | K62: 8.9203891 | L62: 7.5713101 | M62: 7.9589612 | N62: 7.9589612 | O62: 8.2781155 | P62: 8.2781155 | Q62: 16.237077 | R62: 16.237077
A63: 2.2.3 | C63: услуги по передаче тепловой энергии, теплоносителя | H63: млн рублей
A64: 2.2.4 | C64: услуги инфраструктурных организаций ***** | H64: млн рублей
A65: 2.2.5 | C65: прочие услуги производственного характера | H65: млн рублей | I65: 8.3065489 | J65: 27.061843 | K65: 30.159832 | L65: 42.021492 | M65: 44.172992 | N65: 44.172992 | O65: 45.944329 | P65: 45.944329 | Q65: 90.117321 | R65: 90.117321 | S65: ЭЭ | T65: ТП
A66: II.III | C66: Расходы на оплату труда с учетом страховых взносов | H66: млн рублей | I66: 216.28918 | J66: 223.43037 | K66: 233.732 | L66: 288.73995 | M66: 303.52344 | N66: 303.52344 | O66: 315.69473 | P66: 315.69473 | Q66: 619.21816 | R66: 619.21816 | S66: 192.69794
A67: II.IV | C67: Амортизация основных средств и нематериальных активов | H67: млн рублей | I67: 113.54759 | J67: 122.22328 | K67: 144.97132 | L67: 152.04881 | M67: 159.8337 | N67: 159.8337 | O67: 166.24304 | P67: 166.24304 | Q67: 326.07674 | R67: 326.07674
A68: II.V | C68: Налоги и сборы всего, в том числе: | H68: млн рублей | I68: 17.207491 | J68: 17.136899 | K68: 18.124403 | L68: 18.027604 | M68: 18.950617 | N68: 18.950617 | O68: 19.710537 | P68: 19.710537 | Q68: 38.661155 | R68: 38.661155
A69: 2.5.1 | C69: налог на имущество организации | H69: млн рублей | I69: 17.120894 | J69: 17.074531 | K69: 18.027955 | L69: 17.83912 | M69: 18.752483 | N69: 18.752483 | O69: 19.504457 | P69: 19.504457 | Q69: 38.25694 | R69: 38.25694
A70: 2.5.2 | C70: прочие налоги и сборы | H70: млн рублей | I70: 0.086596742 | J70: 0.062367384 | K70: 0.096448388 | L70: 0.18848442 | M70: 0.19813482 | N70: 0.19813482 | O70: 0.20608003 | P70: 0.20608003 | Q70: 0.40421486 | R70: 0.40421486
A71: II.VI | C71: Прочие расходы всего, в том числе: | H71: млн рублей | I71: 15.982916 | J71: 18.975251 | K71: 10.887379 | L71: 6.7368599 | M71: 12.381787 | N71: 12.381787 | O71: 12.878297 | P71: 12.878297 | Q71: 25.260084 | R71: 25.260084
A72: 2.6.1 | C72: работы и услуги непроизводственного характера | H72: млн рублей | I72: 15.533638 | J72: 17.996133 | K72: 10.169086 | L72: 5.9445096 | M72: 6.2488685 | N72: 6.2488685 | O72: 6.4994481 | P72: 6.4994481 | Q72: 12.748317 | R72: 12.748317
A73: 2.6.2 | C73: арендная плата, лизинговые платежи | H73: млн рублей | I73: 0.44920568 | J73: 0.48230464 | K73: 0.71829372 | L73: 0.79235031 | M73: 0.83291865 | N73: 0.83291865 | O73: 0.86631868 | P73: 0.86631868 | Q73: 1.6992373 | R73: 1.6992373
A74: 2.6.3 | C74: иные прочие расходы | H74: млн рублей | I74: 7.2021433e-05 | J74: 0.49681257 | M74: 5.3 | N74: 5.3 | O74: 5.51253 | P74: 5.51253 | Q74: 10.81253 | R74: 10.81253
A75: II.VII | C75: Иные сведения: | H75: млн рублей | I75: 3.5420896 | J75: 0 | K75: 0 | M75: 0.50553272 | N75: 138.32367 | O75: 0.52575403 | P75: 144.13326 | Q75: 1.0312868 | R75: 282.45694
A76: 2.7.1 | C76: Расходы на ремонт | H76: млн рублей | I76: 3.5420896 | J76: 0 | K76: 0 | M76: 0.50553272 | N76: 88.320485 | O76: 0.52575403 | P76: 92.029946 | Q76: 1.0312868 | R76: 180.35043
A77: 2.7.2 | C77: Коммерческие расходы | H77: млн рублей | M77: 0 | N77: 0 | O77: 0 | P77: 0
A78: 2.7.3 | C78: Управленческие расходы | H78: млн рублей | M78: 0 | N78: 50.003185 | O78: 0 | P78: 52.103319 | Q78: 0 | R78: 102.1065
A79: III | C79: Прибыль (убыток) от продаж (строка I - строка II) всего, в том числе: | H79: млн рублей | I79: -40.186149 | J79: -14.760967 | K79: -18.150616 | L79: -92.712441 | M79: -103.26485 | N79: -241.08299 | O79: -107.40572 | P79: -251.09552 | Q79: -210.67057 | R79: -492.17851
A80: 3.1 | C80: Производство и поставка электрической энергии и мощности всего, в том числе: | H80: млн рублей | I80: -35.007689 | J80: -8.4229572 | K80: -11.502861 | M80: -55.018358 | N80: 48.784322 | O80: -65.716868 | P80: 50.833263 | Q80: -120.73523 | R80: 99.617585
A81: 3.1.1 | C81: производство и поставка электрической энергии на оптовом рынке электрической энергии и мощности | H81: млн рублей
A82: 3.1.2 | C82: производство и поставка электрической мощности на оптовом рынке электрической энергии и мощности | H82: млн рублей
A83: 3.1.3 | C83: производство и поставка электрической энергии (мощности) на розничных рынках электрической энергии | H83: млн рублей | I83: -35.007689 | J83: -8.4229572 | K83: -11.502861 | M83: -55.018358 | N83: 48.784322 | O83: -65.716868 | P83: 50.833263 | Q83: -120.73523 | R83: 99.617585
A84: 3.2 | C84: Производство и поставка тепловой энергии (мощности) | H84: млн рублей | I84: 0 | J84: 0 | K84: 0 | M84: 0 | N84: 0 | O84: 0 | P84: 0 | Q84: 0 | R84: 0
A85: 3.3 | C85: Оказание услуг по передаче электрической энергии | H85: млн рублей | I85: -5.4746535 | J85: -6.6963 | K85: -8.9203891 | M85: -5.344555 | N85: -7.6365119 | O85: -5.344555 | P85: -7.9572454 | Q85: -10.68911 | R85: -15.593757
A86: 3.4 | C86: Оказание услуг по передаче тепловой энергии, теплоносителя | H86: млн рублей
A87: 3.5 | C87: Оказание услуг по технологическому присоединению | H87: млн рублей | I87: -1.8305775 | J87: -0.26983156 | K87: 1.793834 | M87: -2.6057235 | N87: -13.233547 | O87: -2.5167785 | P87: -13.710543 | Q87: -5.122502 | R87: -26.94409
A88: 3.6 | C88: Реализация электрической энергии и мощности | H88: млн рублей
A89: 3.7 | C89: Реализации тепловой энергии (мощности) | H89: млн рублей
A90: 3.8 | C90: Оказание услуг по оперативно-диспетчерскому управлению в электроэнергетике всего, в том числе: | H90: млн рублей | I90: 0 | J90: 0 | K90: 0 | M90: 0 | N90: 0 | O90: 0 | P90: 0 | Q90: 0 | R90: 0
A91: 3.8.1 | C91: в части управления технологическими режимами | H91: млн рублей
A92: 3.8.2 | C92: в части обеспечения надежности | H92: млн рублей
A93: 3.9 | C93: Прочая деятельность | H93: млн рублей | I93: 2.126771 | J93: 0.5948433 | K93: 0.4913 | M93: 2.6580223 | N93: 0.59827289 | O93: 2.7833924 | P93: 0.52931192 | Q93: 5.4414147 | R93: 1.1275848
A94: IV | C94: Прочие доходы и расходы (сальдо) (строка 4.1 - строка 4.2) | H94: млн рублей | I94: 43.775471 | J94: 8.2075587 | K94: 21.336678 | L94: 70.947063 | M94: 74.579552 | N94: 74.579552 | O94: 77.570192 | P94: 77.570192 | Q94: 152.14974 | R94: 152.14974
A95: 4.1 | C95: Прочие доходы всего, в том числе: | H95: млн рублей | I95: 66.087168 | J95: 37.212763 | K95: 31.374054 | L95: 82.449061 | M95: 86.670453 | N95: 86.670453 | O95: 90.145938 | P95: 90.145938 | Q95: 176.81639 | R95: 176.81639
A96: 4.1.1 | C96: доходы от участия в других организациях | H96: млн рублей
A97: 4.1.2 | C97: проценты к получению | H97: млн рублей | I97: 9.9874645 | J97: 5.2639599 | K97: 7.406185 | L97: 17.181814 | M97: 18.061523 | N97: 18.061523 | O97: 18.78579 | P97: 18.78579 | Q97: 36.847313 | R97: 36.847313
A98: 4.1.3 | C98: восстановление резервов всего, в том числе: | H98: млн рублей | I98: 0.49985627 | J98: 2.139926 | K98: 0
A99: 4.1.3.1 | C99: по сомнительным долгам | H99: млн рублей | I99: 0.49985627 | J99: 2.139926 | K99: 0
A100: 4.1.4 | C100: прочие внереализационные доходы | H100: млн рублей | I100: 55.599847 | J100: 29.808877 | K100: 23.967869 | L100: 65.267247 | M100: 68.60893 | N100: 68.60893 | O100: 71.360148 | P100: 71.360148 | Q100: 139.96908 | R100: 139.96908
A101: 4.2 | C101: Прочие расходы всего, в том числе: | H101: млн рублей | I101: 22.311697 | J101: 29.005204 | K101: 10.037376 | L101: 11.501999 | M101: 12.090901 | N101: 12.090901 | O101: 12.575746 | P101: 12.575746 | Q101: 24.666647 | R101: 24.666647
A102: 4.2.1 | C102: расходы, связанные с персоналом | H102: млн рублей | I102: 2.3132505 | J102: 2.7417928 | K102: 2.3945899 | L102: 2.5012677 | M102: 2.6293326 | N102: 2.6293326 | O102: 2.7347689 | P102: 2.7347689 | Q102: 5.3641015 | R102: 5.3641015
A103: 4.2.2 | C103: проценты к уплате | H103: млн рублей
...

Sheet СО1
H6: #REF!
H8: № п/п | I8: Показатели | J8: Сроки реализации проекта | L8: Физические параметры проекта | O8: Стоимость реализации мероприятия, всего (в течение всех периодов реализации проекта), тыс руб без НДС | Q8: Источники финансирования в отчётном году, тыс руб без НДС | AU8: Примечание
J9: Год начала проекта | K9: Год окончания проекта | L9: Вводимая мощность, протяженность сетей | M9: План по вводу на период регулирования | N9: Ед. изм. (МВА, км) | Q9: Итого в отчётном году | U9: Итого | W9: За счет регулируемых тарифов на передачу электрической энергии | AI9: За счет платы за технологическое присоединение | AK9: Возврат НДС | AM9: Дополнительная эмиссия акций | AO9: Заемные средства | AQ9: Бюджетные средства | AS9: За счет иных источников
W10: Всего | Y10: Амортизация | AA10: Прибыль на капитальные вложения | AC10: Расчетная предпринимательская прибыль | AE10: Лизинговые платежи | AG10: Выпадающие доходы от льготного технологического присоединения
O11: План | P11: Факт (нарастающим итогом) | Q11: План 1 (учтено в НВВ)* | R11: План 2 (утверждено до начала текущего года)** | S11: План 3 (скорректировано в течении текущего года)*** | T11: Факт (финансирование) | U11: План | V11: Факт (финансирование) | W11: План | X11: Факт (финансирование) | Y11: План | Z11: Факт (финансирование) | AA11: План | AB11: Факт (финансирование) | AC11: План | AD11: Факт (финансирование) | AE11: План | AF11: Факт (финансирование) | AG11: План | AH11: Факт (финансирование) | AI11: План | AJ11: Факт (финансирование) | AK11: План | AL11: Факт (финансирование) | AM11: План | AN11: Факт (финансирование) | AO11: План | AP11: Факт (финансирование) | AQ11: План | AR11: Факт (финансирование) | AS11: План | AT11: Факт (финансирование)
H12: 1 | I12: 2 | J12: 3 | K12: 4 | L12: 5 | M12: 6 | N12: 7 | O12: 8 | P12: 9 | Q12: 10 | R12: 11 | S12: 12 | T12: 13 | U12: 14 | V12: 15 | W12: 16 | X12: 17 | Y12: 18 | Z12: 19 | AA12: 20 | AB12: 21 | AC12: 22 | AD12: 23 | AE12: 24 | AF12: 25 | AG12: 26 | AH12: 27 | AI12: 28 | AJ12: 29 | AK12: 30 | AL12: 31 | AM12: 32 | AN12: 33 | AO12: 34 | AP12: 35 | AQ12: 36 | AR12: 37 | AS12: 38 | AT12: 39 | AU12: 40
H13: А. Регулирующихся методом индексации, методом долгосрочной индексации или методом экономически обоснованных расходов
H14: 1 | I14: Период (год долгосрочного периода регулирования) | O14: 252604.1 | P14: 133345.46 | Q14: 96883.333 | R14: 96883.333 | S14: 97222.16 | T14: 180893.35 | U14: 185028.83 | V14: 180893.35 | W14: 101695.83 | X14: 97560.35 | Y14: 101695.83 | Z14: 97560.35 | AA14: 0 | AB14: 0 | AC14: 0 | AD14: 0 | AE14: 0 | AF14: 0 | AG14: 0 | AH14: 0 | AI14: 0 | AJ14: 0 | AK14: 0 | AL14: 0 | AM14: 0 | AN14: 0 | AO14: 0 | AP14: 0 | AQ14: 83333 | AR14: 83333 | AS14: 0 | AT14: 0
H15: 1.1 | I15: Технологическое присоединение | O15: 0 | P15: 0 | Q15: 0 | R15: 0 | S15: 0 | T15: 0 | U15: 0 | V15: 0 | W15: 0 | X15: 0 | Y15: 0 | Z15: 0 | AA15: 0 | AB15: 0 | AC15: 0 | AD15: 0 | AE15: 0 | AF15: 0 | AG15: 0 | AH15: 0 | AI15: 0 | AJ15: 0 | AK15: 0 | AL15: 0 | AM15: 0 | AN15: 0 | AO15: 0 | AP15: 0 | AQ15: 0 | AR15: 0 | AS15: 0 | AT15: 0
H16: 1.2 | I16: Реконструкция, модернизация, техническое перевооружение | O16: 48803.333 | P16: 19600.679 | Q16: 16514.167 | R16: 16514.167 | S16: 0 | T16: 8598.599 | U16: 7437.5 | V16: 8598.599 | W16: 7437.5 | X16: 8598.599 | Y16: 7437.5 | Z16: 8598.599 | AA16: 0 | AB16: 0 | AC16: 0 | AD16: 0 | AE16: 0 | AF16: 0 | AG16: 0 | AH16: 0 | AI16: 0 | AJ16: 0 | AK16: 0 | AL16: 0 | AM16: 0 | AN16: 0 | AO16: 0 | AP16: 0 | AQ16: 0 | AR16: 0 | AS16: 0 | AT16: 0
H17: 1.3 | I17: Инвестиционные проекты, реализация которых обуславливается схемами и программами перспективного развития электроэнергетики | O17: 87331.1 | P17: 11277.66 | Q17: 47232.5 | R17: 47232.5 | S17: 0 | T17: 39816.082 | U17: 47232.5 | V17: 39816.082 | W17: 47232.5 | X17: 39816.082 | Y17: 47232.5 | Z17: 39816.082 | AA17: 0 | AB17: 0 | AC17: 0 | AD17: 0 | AE17: 0 | AF17: 0 | AG17: 0 | AH17: 0 | AI17: 0 | AJ17: 0 | AK17: 0 | AL17: 0 | AM17: 0 | AN17: 0 | AO17: 0 | AP17: 0 | AQ17: 0 | AR17: 0 | AS17: 0 | AT17: 0
H18: 1.4 | I18: Прочее новое строительство объектов электросетевого хозяйства | O18: 17421.667 | P18: 4200.971 | Q18: 17421.667 | R18: 17421.667 | S18: 0 | T18: 20323.362 | U18: 17421.67 | V18: 20323.362 | W18: 17421.67 | X18: 20323.362 | Y18: 17421.67 | Z18: 20323.362 | AA18: 0 | AB18: 0 | AC18: 0 | AD18: 0 | AE18: 0 | AF18: 0 | AG18: 0 | AH18: 0 | AI18: 0 | AJ18: 0 | AK18: 0 | AL18: 0 | AM18: 0 | AN18: 0 | AO18: 0 | AP18: 0 | AQ18: 0 | AR18: 0 | AS18: 0 | AT18: 0
H19: 1.5 | I19: Покупка земельных участков для целей реализации инвестиционных проектов | O19: 0 | P19: 0 | Q19: 0 | R19: 0 | S19: 0 | T19: 0 | U19: 0 | V19: 0 | W19: 0 | X19: 0 | Y19: 0 | Z19: 0 | AA19: 0 | AB19: 0 | AC19: 0 | AD19: 0 | AE19: 0 | AF19: 0 | AG19: 0 | AH19: 0 | AI19: 0 | AJ19: 0 | AK19: 0 | AL19: 0 | AM19: 0 | AN19: 0 | AO19: 0 | AP19: 0 | AQ19: 0 | AR19: 0 | AS19: 0 | AT19: 0
H20: 1.6 | I20: Прочие инвестиционные проекты | O20: 99048 | P20: 98266.15 | Q20: 15715 | R20: 15715 | S20: 97222.16 | T20: 112155.31 | U20: 112937.16 | V20: 112155.31 | W20: 29604.16 | X20: 28822.307 | Y20: 29604.16 | Z20: 28822.307 | AA20: 0 | AB20: 0 | AC20: 0 | AD20: 0 | AE20: 0 | AF20: 0 | AG20: 0 | AH20: 0 | AI20: 0 | AJ20: 0 | AK20: 0 | AL20: 0 | AM20: 0 | AN20: 0 | AO20: 0 | AP20: 0 | AQ20: 83333 | AR20: 83333 | AS20: 0 | AT20: 0
H22: ГУП НАО "Нарьян-Марская электростанция"
H23: 1.1 | I23: Технологическое присоединение | O23: 0 | P23: 0 | Q23: 0 | R23: 0 | S23: 0 | T23: 0 | U23: 0 | V23: 0 | W23: 0 | X23: 0 | Y23: 0 | Z23: 0 | AA23: 0 | AB23: 0 | AC23: 0 | AD23: 0 | AE23: 0 | AF23: 0 | AG23: 0 | AH23: 0 | AI23: 0 | AJ23: 0 | AK23: 0 | AL23: 0 | AM23: 0 | AN23: 0 | AO23: 0 | AP23: 0 | AQ23: 0 | AR23: 0 | AS23: 0 | AT23: 0 | AV23: r_1_1 | AW23: r_1_1
H24: 1.1.0
H25: Добавить
H26: 1.2 | I26: Реконструкция, модернизация, техническое перевооружение | O26: 48803.333 | P26: 19600.679 | Q26: 16514.167 | R26: 16514.167 | S26: 0 | T26: 8598.599 | U26: 7437.5 | V26: 8598.599 | W26: 7437.5 | X26: 8598.599 | Y26: 7437.5 | Z26: 8598.599 | AA26: 0 | AB26: 0 | AC26: 0 | AD26: 0 | AE26: 0 | AF26: 0 | AG26: 0 | AH26: 0 | AI26: 0 | AJ26: 0 | AK26: 0 | AL26: 0 | AM26: 0 | AN26: 0 | AO26: 0 | AP26: 0 | AQ26: 0 | AR26: 0 | AS26: 0 | AT26: 0 | AV26: r_1_2 | AW26: r_1_2
H27: 1.2.0
G28: О | H28: 1.2.1 | I28: Модернизация распределительного устройства-6 кВ ГТЭС-12 ГУП НАО "Нарьян-Марская электростанция" | J28: 2023 | K28: 2025 | L28: - | M28: 4-й квартал 2025 | N28: МВА/км | O28: 36726.667 | P28: 18922.197 | Q28: 4437.5 | R28: 4437.5 | S28: 0 | T28: 8397.256 | U28: 4437.5 | V28: 8397.256 | W28: 4437.5 | X28: 8397.256 | Y28: 4437.5 | Z28: 8397.256
G29: О | H29: 1.2.2 | I29: Трансформаторная подстанция ТП-7 "Столовая". Модернизация оборудования РУ-6 кВ | J29: 2025 | K29: 2025 | M29: 4-й квартал 2025 | N29: МВА/км | O29: 9076.6667 | P29: 678.482 | Q29: 9076.6667 | R29: 9076.6667 | S29: 0 | T29: 0 | U29: 0 | V29: 0 | W29: 0 | X29: 0 | Y29: 0 | Z29: 0
G30: О | H30: 1.2.3 | I30: Трансформаторная подстанция ТП-10 "Маслозавод". Модернизация оборудования РУ-6 кВ, РУ-0,4 кВ. (ПСД) | J30: 2025 | K30: 2025 | L30: - | M30: 4-й квартал 2025 | N30: МВА/км | O30: 1000 | P30: 0 | Q30: 1000 | R30: 1000 | S30: 0 | T30: 44.301 | U30: 1000 | V30: 44.301 | W30: 1000 | X30: 44.301 | Y30: 1000 | Z30: 44.301
G31: О | H31: 1.2.4 | I31: Трансформаторная подстанция ТП-3 "Больница". Модернизация оборудования РУ-0,4 кВ. ПСД | J31: 2025 | K31: 2025 | L31: - | M31: 4-й квартал 2024 | N31: МВА/км | O31: 1000 | P31: 0 | Q31: 1000 | R31: 1000 | S31: 0 | T31: 112.741 | U31: 1000 | V31: 112.741 | W31: 1000 | X31: 112.741 | Y31: 1000 | Z31: 112.741
G32: О | H32: 1.2.5 | I32: Трансформаторная подстанция ТП-118 "Мясокомбинат". Модернизация оборудования РУ-6кВ, РУ-0,4 кВ | J32: 2025 | K32: 2025 | L32: - | M32: 4-й квартал 2024 | N32: МВА/км | O32: 1000 | P32: 0 | Q32: 1000 | R32: 1000 | S32: 0 | T32: 44.301 | U32: 1000 | V32: 44.301 | W32: 1000 | X32: 44.301 | Y32: 1000 | Z32: 44.301
H33: Добавить
H34: 1.3 | I34: Инвестиционные проекты, реализация которых обуславливается схемами и программами перспективного развития электроэнергетики | O34: 87331.1 | P34: 11277.66 | Q34: 47232.5 | R34: 47232.5 | S34: 0 | T34: 39816.082 | U34: 47232.5 | V34: 39816.082 | W34: 47232.5 | X34: 39816.082 | Y34: 47232.5 | Z34: 39816.082 | AA34: 0 | AB34: 0 | AC34: 0 | AD34: 0 | AE34: 0 | AF34: 0 | AG34: 0 | AH34: 0 | AI34: 0 | AJ34: 0 | AK34: 0 | AL34: 0 | AM34: 0 | AN34: 0 | AO34: 0 | AP34: 0 | AQ34: 0 | AR34: 0 | AS34: 0 | AT34: 0 | AV34: r_1_3 | AW34: r_1_3
H35: 1.3.0
G36: О | H36: 1.3.1 | I36: "Трансформаторная подстанция ТП 6/0,4 кВ с питающими кабельными и воздушными линиями 6 и 0,4 кВ в районе пер. Озерный п. Искателей | J36: 2023 | K36: 2027 | L36: 0,400/16,344 | M36: 4-й квартал 2027 | N36: МВА/км | O36: 87331.1 | P36: 11277.66 | Q36: 47232.5 | R36: 47232.5 | S36: 0 | T36: 39816.082 | U36: 47232.5 | V36: 39816.082 | W36: 47232.5 | X36: 39816.082 | Y36: 47232.5 | Z36: 39816.082
H37: Добавить
H38: 1.4 | I38: Прочее новое строительство объектов электросетевого хозяйства | O38: 17421.667 | P38: 4200.971 | Q38: 17421.667 | R38: 17421.667 | S38: 0 | T38: 20323.362 | U38: 17421.67 | V38: 20323.362 | W38: 17421.67 | X38: 20323.362 | Y38: 17421.67 | Z38: 20323.362 | AA38: 0 | AB38: 0 | AC38: 0 | AD38: 0 | AE38: 0 | AF38: 0 | AG38: 0 | AH38: 0 | AI38: 0 | AJ38: 0 | AK38: 0 | AL38: 0 | AM38: 0 | AN38: 0 | AO38: 0 | AP38: 0 | AQ38: 0 | AR38: 0 | AS38: 0 | AT38: 0 | AV38: r_1_4 | AW38: r_1_4
H39: 1.4.0
G40: О | H40: 1.4.1 | I40: Строительство ВЛИ-0,4кВ от ТП-38 "Новый поселок" | J40: 2025 | K40: 2025 | L40: - | M40: 4-й квартал 2025 | N40: - | O40: 10755 | P40: 3262.681 | Q40: 10755 | R40: 10755 | S40: 0 | T40: 11844.222 | U40: 10755 | V40: 11844.222 | W40: 10755 | X40: 11844.222 | Y40: 10755 | Z40: 11844.222
G41: О | H41: 1.4.2 | I41: Строительство защитного сооружения гражданской обороны для укрытия наибольшей работающей смены ГУП НАО "Нарьян-Марская электростанция" (ПСД) | J41: 2024 | K41: 2025 | L41: - | M41: 4-й квартал 2024 | N41: - | O41: 6666.6667 | P41: 938.29 | Q41: 6666.6667 | R41: 6666.6667 | S41: 0 | T41: 8479.14 | U41: 6666.67 | V41: 8479.14 | W41: 6666.67 | X41: 8479.14 | Y41: 6666.67 | Z41: 8479.14
H42: Добавить
H43: 1.5 | I43: Покупка земельных участков для целей реализации инвестиционных проектов | O43: 0 | P43: 0 | Q43: 0 | R43: 0 | S43: 0 | T43: 0 | U43: 0 | V43: 0 | W43: 0 | X43: 0 | Y43: 0 | Z43: 0 | AA43: 0 | AB43: 0 | AC43: 0 | AD43: 0 | AE43: 0 | AF43: 0 | AG43: 0 | AH43: 0 | AI43: 0 | AJ43: 0 | AK43: 0 | AL43: 0 | AM43: 0 | AN43: 0 | AO43: 0 | AP43: 0 | AQ43: 0 | AR43: 0 | AS43: 0 | AT43: 0 | AV43: r_1_5 | AW43: r_1_5
H44: 1.5.0
H45: Добавить
H46: 1.6 | I46: Прочие инвестиционные проекты | O46: 99048 | P46: 98266.15 | Q46: 15715 | R46: 15715 | S46: 97222.16 | T46: 112155.31 | U46: 112937.16 | V46: 112155.31 | W46: 29604.16 | X46: 28822.307 | Y46: 29604.16 | Z46: 28822.307 | AA46: 0 | AB46: 0 | AC46: 0 | AD46: 0 | AE46: 0 | AF46: 0 | AG46: 0 | AH46: 0 | AI46: 0 | AJ46: 0 | AK46: 0 | AL46: 0 | AM46: 0 | AN46: 0 | AO46: 0 | AP46: 0 | AQ46: 83333 | AR46: 83333 | AS46: 0 | AT46: 0 | AV46: r_1_6 | AW46: r_1_6
H47: 1.6.0
G48: О | H48: 1.6.1 | I48: Автомобиль КамАЗ 43118 с КМУ TAURUS 086А и буровым оборудованием | J48: 2025 | K48: 2025 | L48: - | M48: 4-й квартал 2025 | N48: - | O48: 15715 | P48: 14933.15 | Q48: 15715 | R48: 15715 | S48: 0 | T48: 14933.147 | U48: 15715 | V48: 14933.147 | W48: 15715 | X48: 14933.147 | Y48: 15715 | Z48: 14933.147
G49: О | H49: 1.6.2 | I49: Двигатель газотурбинный ГТД-6/РМ на раме для эксплуатации в климатических районах с умеренным и холодным климатом | J49: 2025 | K49: 2025 | M49: 4-й квартал 2025 | O49: 83333 | P49: 83333 | Q49: 0 | R49: 0 | S49: 97222.16 | T49: 97222.16 | U49: 97222.16 | V49: 97222.16 | W49: 13889.16 | X49: 13889.16 | Y49: 13889.16 | Z49: 13889.16 | AQ49: 83333 | AR49: 83333
H50: Добавить
H51: Добавить
I53: Скрыть примечания
I54: * Плановые значения указываются на основании источников, учтенных в НВВ при установлении регулируемых цен (тарифов) на соответсвующий период регулирования
I55: ** Плановые значения указываются на основании источников, учтенных при утверждении/корректировки инвестиционной программы до начала текущего года
I56: *** Плановые значения указываются на основании источников, учтенных при корректировки инвестиционной программы в течении текущего года

Sheet Общая от 16.04.2026
B1: Мероприятия инвестиционной программы на 2023-2027 годы с НДС.
A2: № п/п | B2: Наименование | C2: утвержденна 21.10.2022 №554-р на 2023 | D2: утвержденна 21.10.2022 №554-р на 2024 | E2: утверждена 22.08.2023 №316-р на 2024 | F2: утверждена 11.11.2024 №175-р на 2024 | G2: утвержденна 21.10.2022 №554-р на 2025 | H2: утверждена 22.08.2023 №316-р на 2025 | I2: утверждена 11.11.2024 №175-р на 2025 | J2: корректировка на 2025 10.08.2025 | K2: корректировка на 2025 бюджет НАО | L2: утвержденна 21.10.2022 №554-р на 2026 | M2: утверждена 22.08.2023 №316-р на 2026 | N2: утверждена 11.11.2024 №175-р на 2026 | O2: утверждена 09.12.2025 №313-р на 2026 | P2: корректировка на 2026 амортизация | Q2: корректировка на 2026 бюджет НАО | R2: утвержденна 21.10.2022 №554-р на 2027 | S2: утверждена 22.08.2023 №316-р на 2027 | T2: утверждена 11.11.2024 №175-р на 2027 | U2: корректировка на 2027 амортизация | V2: корректировка на 2027 бюджет НАО
A4: 1 | B4: "Трансформаторная подстанция ТП 6/0,4 кВ с питающими кабельными и воздушными линиями 6 и 0,4 кВ в районе пер. Озерный п. Искателей | C4: 2.5 | D4: 25.628 | E4: 1e-07 | I4: 56.679 | J4: 56.679 | N4: 21.199 | O4: 21.199 | P4: 21.199
A5: 2 | B5: Трансформаторная подстанция ТП №4 "АТС" ул. Выучейского у дома 19А. Модернизация оборудования РУ 6 кВ, РУ 0,4 кВ. | D5: 0 | E5: 28.446 | F5: 28.446 | L5: 28.446 | M5: 0
A6: 4 | B6: Трансформаторная подстанция ТП-67 "Школа №5". Модернизация оборудования РУ-6кВ, РУ-0,4 кВ | D6: 9.854 | E6: 0 | L6: 0 | M6: 9.854 | N6: 9.854 | O6: 0
A7: 5 | B7: Трансформаторная подстанция ТП-7 "Столовая". Модернизация оборудования РУ-6 кВ | G7: 10.892 | H7: 10.892 | I7: 10.892 | J7: 0
A8: 6 | B8: Трансформаторная подстанция ТП-10 "Маслозавод". Модернизация оборудования РУ-6 кВ, РУ-0,4 кВ. | G8: 0.85 | H8: 0.85 | I8: 1.2 | J8: 1.2 | L8: 9.004 | M8: 9.004 | N8: 9.004 | O8: 0
A9: 7 | B9: Трансформаторная подстанция ТП-14 "Баня". Модернизация оборудования РУ-6кВ, РУ-0,4 кВ | G9: 0.85 | H9: 0.85 | I9: 0 | M9: 0 | N9: 1.2 | O9: 2.5 | P9: 1.7 | R9: 7.781 | S9: 7.781 | T9: 7.781 | U9: 0
B10: Трансформаторная подстанция ТП-3 "Больница". Модернизация оборудования РУ-0,4 кВ. ПСД | H10: 0 | I10: 1.2 | J10: 1.2
B11: Трансформаторная подстанция с питающими линиями в районе озера Сухого в п. Искателей | D11: 0 | E11: 19.799 | F11: 19.799
B12: Трансформаторная подстанция с питающими линиями в районе питьевого водозабора в п. Искателей (ДТП №1025 от 26.05.2022г) | C12: 18.983
B13: Трансформаторная подстанция с питающими линиями в районе пром-зоны в п. Лесозавод г. Нарьян-Мар | C13: 16.679
B14: Трансформаторная подстанция с питающими кабельными и воздушными линиями 6 кВ от реклоузера в п. Красное до ФГУП "РТРС" | C14: 38.013
B15: Трансформаторная подстанция ТП 16/1 "Мирный" в районе ул. Мира д. 68 | D15: 0 | E15: 3.104 | F15: 3.104
A16: 9 | B16: Трансформаторная подстанция ТП-39 "Котельная №12". Модернизация оборудования РУ-6кВ, РУ-0,4 кВ | G16: 0.85 | H16: 0.85 | I16: 0 | L16: 8.76 | M16: 8.76 | N16: 1.5 | O16: 0 | S16: 0 | T16: 8.76 | U16: 0
A17: 12 | B17: Трансформаторная подстанция ТП-118 "Мясокомбинат". Модернизация оборудования РУ-6кВ, РУ-0,4 кВ | G17: 0.85 | H17: 0.85 | I17: 1.2 | J17: 1.2 | L17: 14.823 | M17: 14.823 | N17: 0
A18: 13 | B18: Трансформаторная подстанция ТП-115 с питающими кабельными линиями 6кВ в г. Нарьян-Мар | L18: 0 | M18: 20.394 | N18: 0 | R18: 5.5 | S18: 12.158 | T18: 48.949 | V18: 49.94
B19: Трансформаторная подстанция ТП №49/1 "пер. Ленинградский" с питающими кабельными и воздушными линиями до ТП №50 "Виладж" | M19: 0 | N19: 32.391 | O19: 0 | V19: 32.391
A20: 14 | B20: Двух цепная ВЛЗ 6 кВ фидер "Нефтебаза", фидер "АТП" от реклоузера №2 до ТП №48 | D20: 0 | E20: 4.833 | F20: 4.833 | L20: 4 | M20: 0 | N20: 0 | Q20: 76.34 | R20: 6.833 | S20: 6 | T20: 6.833 | U20: 0
B21: Трансформаторная подстанция с питающими линиями в районе озера Сухого в п. Искателей. | N21: 7 | O21: 7 | P21: 5.465
B22: Трансформаторная подстанция с питающими линиями 6/0,4 кВ в районе оз. Комсомольское | O22: 6 | P22: 2.6 | U22: 37
B23: Трансформаторная подстанция с питающими линиями 6/0,4 кВ в районе «Станции по борьбе с животными | O23: 6 | P23: 4.736 | U23: 33
B24: Трансформаторная подстанция с питающими линиями 6/0,4 кВ в районе ул. Рабочая, 4а | O24: 6 | P24: 2.19 | U24: 42
B25: Трансформаторная подстанция с питающими линиями (ДТП №1221 от 31.08.2022 г. школа п. Искателей) | O25: 47.998 | P25: 36.794
A26: 15 | B26: Воздушные линии изолированные 0,4 кВ от ТП №75, фидер "Нефтяников, 18" | D26: 4.314 | E26: 0 | L26: 0 | M26: 4.314 | N26: 4.314 | O26: 0 | U26: 0
A27: 17 | B27: Строительство ВЛИ-0,4кВ от ТП-38 "Новый поселок" | H27: 0 | I27: 12.906 | J27: 12.906 | R27: 12.906 | S27: 12.906 | T27: 0
A28: 18 | B28: Строительство ВЛИ 0,4 кВ от ТП №67 фидер "Перьмдорстрой" с демонтажом ТП №53 (ПСД и СМР) | G28: 1.5 | H28: 1.5 | I28: 0 | M28: 0 | N28: 1.8 | O28: 0 | R28: 3.083 | S28: 3.083 | T28: 3.083 | U28: 0
A29: 19 | B29: Строительство ВЛИ 0,4 кВ от ТП №16/1 "Мирный" | R29: 4.583 | S29: 4.583 | T29: 4.583 | U29: 0
A30: 20 | B30: Строительство ВЛИ 0,4 кВ от ТП №100 "Малый Качгорт" | D30: 1.5 | E30: 1.5 | F30: 1.475 | R30: 3.083 | S30: 3.083 | T30: 3.083 | U30: 0
B31: Испытательный стенд для проведения проверки и настройки предохранительных клапанов | P31: 0.8
B32: Мезонин складской размером 6500*8240*5840 на колоннах | P32: 0.9
B33: Мобильная установка для регенерации энергетических масел УРМ-1000 | P33: 5.3
B34: Станок токарный СТ16К25Б/1500 | P34: 5.4
A35: 22 | B35: Экскаватор-погрузчик ЧЛМЗ | D35: 9.422 | E35: 9.422 | F35: 13.828
A36: 23 | B36: Автомобиль ГАЗ | D36: 0 | E36: 2.116 | F36: 2.866 | L36: 2.116 | M36: 0 | N36: 2.866 | O36: 0
B37: Автомобиль ГАЗ 231073 | P37: 2.3
B38: Автомобиль ГАЗ 27527 | P38: 2.1
B39: Автомобиль КамАЗ 6522-26011-53 самосвал | P39: 8.3
A40: 24 | B40: Автомобиль КамАЗ 43118 с КМУ TAURUS 086А и буровым оборудованием | G40: 14.014 | H40: 0 | I40: 18.858 | J40: 18.858
B41: Итого Сети | C41: 76.175 | D41: 50.718 | E41: 69.22 | F41: 74.351 | G41: 29.806 | H41: 15.792 | I41: 102.935 | J41: 92.043 | K41: 0 | L41: 67.149 | M41: 67.149 | N41: 91.128 | O41: 96.697 | P41: 99.784 | Q41: 76.34 | R41: 43.769 | S41: 49.594 | T41: 83.072 | U41: 112 | V41: 82.331
A42: 1 | B42: Реконструкция здания Электростанции (Котельная) | G42: 42.842 | H42: 42.842 | I42: 0 | N42: 8 | Q42: 61.448
A43: 2 | B43: Модернизация третьей очереди реконструкции Нарьян-марской электростанции в части: главной схемы электрических соединений для устранения несиметрии фазового напряжения в электрической сети 6,3 кВ. | D43: 3.304 | E43: 3.304 | F43: 0.725
A44: 3 | B44: Модернизация распределительного устройства-6 кВ ГТЭС-12 ГУП НАО "Нарьян-Марская электростанция" | C44: 10 | D44: 23.47 | E44: 12.02 | F44: 15.525 | G44: 10.602 | H44: 10.602 | I44: 5.325 | J44: 5.325
A45: 4 | B45: Модернизация РУСН-0,4 кВ ГТЭС-12 ГУП НАО "Нарьян-Марская электростанция" ПСД | D45: 3.503 | E45: 3.503 | F45: 3.503
B46: Строительство наружного и внутреннего газопровода среднего давления к котельной ГУП НАО "Нарьян-Марская электростанция" | D46: 0 | E46: 2.3 | F46: 2.3 | G46: 0 | H46: 13.625 | I46: 0 | Q46: 5.128
B47: Выполнения работ по изменению схемы газоснабжения ДККС (с заменой ресивера) ПСД | D47: 0 | E47: 5.625 | F47: 9.984 | R47: 5.825 | S47: 0
B48: Строительство защитного сооружения гражданской обороны для укрытия наибольшей работающей смены ГУП НАО "Нарьян-Марская электростанция" (ПСД) | D48: 0 | E48: 6.337 | F48: 0 | H48: 0 | I48: 8 | J48: 8
B49: Устройство инженерного защитного периметрального ограждения Энергокомплекса п. Красное | D49: 0 | E49: 4.825 | F49: 4.825
B50: Строительство четырех дизель-генераторных установок контейнерного типа суммарной установленной мощностью 10 МВт на территории ГУП НАО «Нарьян-Марская электростанция (ПСД и СМР) | M50: 0 | N50: 15 | O50: 15 | P50: 12
A51: 6 | B51: Строительство РВС-400 м3 (ПСД и СМР) | R51: 28.842 | S51: 28.842 | T51: 28.842 | U51: 0
A52: ы | B52: Новый технологический трубопровод для перекачки дизельного топлива | L52: 13.616 | M52: 13.616 | N52: 0
A53: 8 | B53: Двигатель газотурбинный ГТД-6/РМ на раме для эксплуатации в климатических районах с умеренным и холодным климатом | D53: 2.592 | E53: 0 | I53: 0 | J53: 16.667 | K53: 83.333
B54: Итого Генерация | C54: 10 | D54: 32.869 | E54: 37.914 | F54: 36.862 | G54: 53.444 | H54: 67.069 | I54: 13.325 | J54: 29.992 | K54: 83.333 | L54: 13.616 | M54: 13.616 | N54: 23 | O54: 15 | P54: 12 | Q54: 66.576 | R54: 34.667 | S54: 28.842 | T54: 28.842 | U54: 0 | V54: 0
B55: Сумма с НДС | C55: 86.175 | D55: 83.587 | E55: 107.134 | F55: 111.213 | G55: 83.25 | H55: 82.861 | I55: 116.26 | J55: 122.035 | K55: 83.333 | L55: 80.765 | M55: 80.765 | N55: 114.128 | O55: 111.697 | P55: 111.784 | Q55: 142.916 | R55: 78.436 | S55: 78.436 | T55: 111.914 | U55: 112 | V55: 82.331
B56: Сумма без НДС | C56: 71.8125 | D56: 69.655833 | E56: 89.278333 | F56: 92.6775 | G56: 69.375 | H56: 69.050833 | I56: 96.883333 | J56: 101.69583 | K56: 83.333 | L56: 67.304167 | M56: 67.304167 | N56: 95.106667 | O56: 93.080833 | P56: 93.153333 | Q56: 119.09667 | R56: 65.363333 | S56: 65.363333 | T56: 93.261667 | U56: 93.333333 | V56: 68.609167

Sheet Общая от 18.05.2026
B1: Мероприятия инвестиционной программы на 2023-2027 годы с НДС.
A2: № п/п | B2: Наименование | C2: утвержденна 21.10.2022 №554-р на 2023 | D2: утвержденна 21.10.2022 №554-р на 2024 | E2: утверждена 22.08.2023 №316-р на 2024 | F2: утверждена 11.11.2024 №175-р на 2024 | G2: утвержденна 21.10.2022 №554-р на 2025 | H2: утверждена 22.08.2023 №316-р на 2025 | I2: утверждена 11.11.2024 №175-р на 2025 | J2: корректировка на 2025 10.08.2025 | K2: корректировка на 2025 бюджет НАО | L2: утвержденна 21.10.2022 №554-р на 2026 | M2: утверждена 22.08.2023 №316-р на 2026 | N2: утверждена 11.11.2024 №175-р на 2026 | O2: утверждена 09.12.2025 №313-р на 2026 | P2: корректировка на 2026 амортизация | Q2: корректировка на 2026 бюджет НАО | R2: утвержденна 21.10.2022 №554-р на 2027 | S2: утверждена 22.08.2023 №316-р на 2027 | T2: утверждена 11.11.2024 №175-р на 2027 | U2: утверждена 09.12.2025 №313-р на 2027 | V2: корректировка на 2027 амортизация | W2: корректировка на 2027 бюджет НАО
A4: 1 | B4: "Трансформаторная подстанция ТП 6/0,4 кВ с питающими кабельными и воздушными линиями 6 и 0,4 кВ в районе пер. Озерный п. Искателей | C4: 2.5 | D4: 25.628 | E4: 1e-07 | I4: 56.679 | J4: 56.679 | N4: 21.199 | O4: 21.199 | P4: 21.199 | U4: 0 | V4: 23.807
A5: 2 | B5: Трансформаторная подстанция ТП №4 "АТС" ул. Выучейского у дома 19А. Модернизация оборудования РУ 6 кВ, РУ 0,4 кВ. | D5: 0 | E5: 28.446 | F5: 28.446 | L5: 28.446 | M5: 0
A6: 4 | B6: Трансформаторная подстанция ТП-67 "Школа №5". Модернизация оборудования РУ-6кВ, РУ-0,4 кВ | D6: 9.854 | E6: 0 | L6: 0 | M6: 9.854 | N6: 9.854 | O6: 0
A7: 5 | B7: Трансформаторная подстанция ТП-7 "Столовая". Модернизация оборудования РУ-6 кВ | G7: 10.892 | H7: 10.892 | I7: 10.892 | J7: 0
A8: 6 | B8: Трансформаторная подстанция ТП-10 "Маслозавод". Модернизация оборудования РУ-6 кВ, РУ-0,4 кВ. | G8: 0.85 | H8: 0.85 | I8: 1.2 | J8: 1.2 | L8: 9.004 | M8: 9.004 | N8: 9.004 | O8: 0
A9: 7 | B9: Трансформаторная подстанция ТП-14 "Баня". Модернизация оборудования РУ-6кВ, РУ-0,4 кВ | G9: 0.85 | H9: 0.85 | I9: 0 | M9: 0 | N9: 1.2 | O9: 2.5 | P9: 1.7 | R9: 7.781 | S9: 7.781 | T9: 7.781 | U9: 0
B10: Трансформаторная подстанция ТП-3 "Больница". Модернизация оборудования РУ-0,4 кВ. ПСД | H10: 0 | I10: 1.2 | J10: 1.2
B11: Трансформаторная подстанция с питающими линиями в районе озера Сухого в п. Искателей | D11: 0 | E11: 19.799 | F11: 19.799
A12: ф | B12: Трансформаторная подстанция с питающими линиями в районе питьевого водозабора в п. Искателей (ДТП №1025 от 26.05.2022г) | C12: 18.983
B13: Трансформаторная подстанция с питающими линиями в районе пром-зоны в п. Лесозавод г. Нарьян-Мар | C13: 16.679
B14: Трансформаторная подстанция с питающими кабельными и воздушными линиями 6 кВ от реклоузера в п. Красное до ФГУП "РТРС" | C14: 38.013
B15: Трансформаторная подстанция ТП 16/1 "Мирный" в районе ул. Мира д. 68 | D15: 0 | E15: 3.104 | F15: 3.104
A16: 9 | B16: Трансформаторная подстанция ТП-39 "Котельная №12". Модернизация оборудования РУ-6кВ, РУ-0,4 кВ | G16: 0.85 | H16: 0.85 | I16: 0 | L16: 8.76 | M16: 8.76 | N16: 1.5 | O16: 0 | S16: 0 | T16: 8.76 | U16: 0
A17: 12 | B17: Трансформаторная подстанция ТП-118 "Мясокомбинат". Модернизация оборудования РУ-6кВ, РУ-0,4 кВ | G17: 0.85 | H17: 0.85 | I17: 1.2 | J17: 1.2 | L17: 14.823 | M17: 14.823 | N17: 0
A18: 13 | B18: Трансформаторная подстанция ТП-115 с питающими кабельными линиями 6кВ в г. Нарьян-Мар | L18: 0 | M18: 20.394 | N18: 0 | R18: 5.5 | S18: 12.158 | T18: 48.949 | U18: 48.949 | W18: 0
B19: Трансформаторная подстанция ТП №49/1 "пер. Ленинградский" с питающими кабельными и воздушными линиями до ТП №50 "Виладж" | M19: 0 | N19: 32.391 | O19: 0 | U19: 32.391 | W19: 32.391
A20: 14 | B20: Двух цепная ВЛЗ 6 кВ фидер "Нефтебаза", фидер "АТП" от реклоузера №2 до ТП №48 | D20: 0 | E20: 4.833 | F20: 4.833 | L20: 4 | M20: 0 | N20: 0 | O20: 76.34 | Q20: 76.34 | R20: 6.833 | S20: 6 | T20: 6.833 | U20: 0
B21: Трансформаторная подстанция с питающими линиями в районе озера Сухого в п. Искателей. | N21: 7 | O21: 7 | P21: 5.465
B22: Трансформаторная подстанция с питающими линиями 6/0,4 кВ в районе оз. Комсомольское | O22: 6 | P22: 2.6 | U22: 37 | V22: 0
B23: Трансформаторная подстанция с питающими линиями 6/0,4 кВ в районе «Станции по борьбе с животными | O23: 6 | P23: 4.736 | U23: 33 | V23: 0
B24: Трансформаторная подстанция с питающими линиями 6/0,4 кВ в районе ул. Рабочая, 4а | O24: 6 | P24: 2.19 | U24: 42 | V24: 0
B25: Трансформаторная подстанция с питающими линиями (ДТП №1221 от 31.08.2022 г. школа п. Искателей) | O25: 47.998 | P25: 36.794
A26: 15 | B26: Воздушные линии изолированные 0,4 кВ от ТП №75, фидер "Нефтяников, 18" | D26: 4.314 | E26: 0 | L26: 0 | M26: 4.314 | N26: 4.314 | O26: 0 | U26: 0
A27: 17 | B27: Строительство ВЛИ-0,4кВ от ТП-38 "Новый поселок" | H27: 0 | I27: 12.906 | J27: 12.906 | R27: 12.906 | S27: 12.906 | T27: 0
A28: 18 | B28: Строительство ВЛИ 0,4 кВ от ТП №67 фидер "Перьмдорстрой" (ПСД) | G28: 1.5 | H28: 1.5 | I28: 0 | M28: 0 | N28: 1.8 | O28: 0 | R28: 3.083 | S28: 3.083 | T28: 3.083 | U28: 0 | V28: 8
A29: 19 | B29: Строительство ВЛИ 0,4 кВ от ТП №16/1 "Мирный" | R29: 4.583 | S29: 4.583 | T29: 4.583 | U29: 0
A30: 20 | B30: Строительство ВЛИ 0,4 кВ от ТП №100 "Малый Качгорт" | D30: 1.5 | E30: 1.5 | F30: 1.475 | R30: 3.083 | S30: 3.083 | T30: 3.083 | U30: 0
B31: Испытательный стенд для проведения проверки и настройки предохранительных клапанов | P31: 0.8
B32: Мезонин складской размером 6500*8240*5840 на колоннах | P32: 0.9
B33: Стелаж для хранения оборудования и инвентаря | V33: 0.135
B34: Оборудование для перемотки кабельно-проводниковой продукции | V34: 0.32
B35: Мобильная установка для регенерации энергетических масел УРМ-1000 | P35: 5.3
B36: Станок токарный СТ16К25Б/1500 | P36: 5.4
A37: 22 | B37: Экскаватор-погрузчик ЧЛМЗ | D37: 9.422 | E37: 9.422 | F37: 13.828
A38: 23 | B38: Автомобиль ГАЗ | D38: 0 | E38: 2.116 | F38: 2.866 | L38: 2.116 | M38: 0 | N38: 2.866 | O38: 0
B39: Автомобиль ГАЗ 231073 | P39: 2.3
B40: Автомобиль ГАЗ 27527 | P40: 2.1
B41: Автомобиль КамАЗ 6522-26011-53 самосвал | P41: 8.3
A42: 24 | B42: Автомобиль КамАЗ 43118 с КМУ TAURUS 086А и буровым оборудованием | G42: 14.014 | H42: 0 | I42: 18.858 | J42: 18.858
B43: Итого Сети | C43: 76.175 | D43: 50.718 | E43: 69.22 | F43: 74.351 | G43: 29.806 | H43: 15.792 | I43: 102.935 | J43: 92.043 | K43: 0 | L43: 67.149 | M43: 67.149 | N43: 91.128 | O43: 173.037 | P43: 99.784 | Q43: 76.34 | R43: 43.769 | S43: 49.594 | T43: 83.072 | U43: 193.34 | V43: 32.262 | W43: 32.391
A44: 1 | B44: Реконструкция здания Электростанции (Котельная) | G44: 42.842 | H44: 42.842 | I44: 0 | N44: 8 | O44: 61.448 | Q44: 61.448
A45: 2 | B45: Модернизация третьей очереди реконструкции Нарьян-марской электростанции в части: главной схемы электрических соединений для устранения несиметрии фазового напряжения в электрической сети 6,3 кВ. | D45: 3.304 | E45: 3.304 | F45: 0.725
A46: 3 | B46: Модернизация распределительного устройства-6 кВ ГТЭС-12 ГУП НАО "Нарьян-Марская электростанция" | C46: 10 | D46: 23.47 | E46: 12.02 | F46: 15.525 | G46: 10.602 | H46: 10.602 | I46: 5.325 | J46: 5.325
B47: Автоматизированная система управления технологическими процессами Главного распределительного устройства напряжением 6 кВ и системы технического учета электроэнергии. | X47: 24.731
A48: 4 | B48: Модернизация РУСН-0,4 кВ ГТЭС-12 ГУП НАО "Нарьян-Марская электростанция" ПСД | D48: 3.503 | E48: 3.503 | F48: 3.503
B49: Строительство наружного и внутреннего газопровода среднего давления к котельной ГУП НАО "Нарьян-Марская электростанция" | D49: 0 | E49: 2.3 | F49: 2.3 | G49: 0 | H49: 13.625 | I49: 0 | O49: 5.128 | Q49: 5.128
B50: Создание автоматизированной системы управления технологическими процессами газотурбинной электростанции ГТЭС-12, ГТЭС-18 и дожимной контейнерной компрессорной станции (ДККС). | V50: 39.134
B51: 2-й очереди реконструкции электростанции. Здание ГТЭС-18 2010г (в части тома №5 "Газоснабжения") | D51: 0 | E51: 5.625 | F51: 9.984 | R51: 5.825 | S51: 0
B52: Строительство защитного сооружения гражданской обороны для укрытия наибольшей работающей смены ГУП НАО "Нарьян-Марская электростанция" | D52: 0 | E52: 6.337 | F52: 0 | H52: 0 | I52: 8 | J52: 8 | V52: 34.654
B53: Устройство инженерного защитного периметрального ограждения Энергокомплекса п. Красное | D53: 0 | E53: 4.825 | F53: 4.825
B54: Строительство четырех дизель-генераторных установок контейнерного типа суммарной установленной мощностью 10 МВт на территории ГУП НАО «Нарьян-Марская электростанция (ПСД и СМР) | M54: 0 | N54: 15 | O54: 15 | P54: 12
B55: Локальная система оповещения ГУП НАО «Нарьян-Марская электростанция» | V55: 1.75
B56: Устройство инженерного защитного периметрального ограждения территории объекта "Здание ГТЭС-12, 18" | V56: 3
A57: 6 | B57: Строительство РВС-400 м3 (ПСД и СМР) | R57: 28.842 | S57: 28.842 | T57: 28.842 | U57: 0
B58: Создание защитной ограждающей конструкции от БПЛА ДККС | V58: 1.9
B59: Акустическое обследования ГТЭС-12 и ГТЭС-18 ГУП НАО «Нарьян-Марская электростанция» и прилегающей селитебной зоны | V59: 9.73
A60: ы | B60: Новый технологический трубопровод для перекачки дизельного топлива | L60: 13.616 | M60: 13.616 | N60: 0
A61: 8 | B61: Двигатель газотурбинный ГТД-6/РМ на раме для эксплуатации в климатических районах с умеренным и холодным климатом | D61: 2.592 | E61: 0 | I61: 0 | J61: 16.667 | K61: 83.333
B62: Итого Генерация | C62: 10 | D62: 32.869 | E62: 37.914 | F62: 36.862 | G62: 53.444 | H62: 67.069 | I62: 13.325 | J62: 29.992 | K62: 83.333 | L62: 13.616 | M62: 13.616 | N62: 23 | O62: 81.576 | P62: 12 | Q62: 66.576 | R62: 34.667 | S62: 28.842 | T62: 28.842 | U62: 0 | V62: 90.168 | W62: 0
B63: Сумма с НДС | C63: 86.175 | D63: 83.587 | E63: 107.134 | F63: 111.213 | G63: 83.25 | H63: 82.861 | I63: 116.26 | J63: 122.035 | K63: 83.333 | L63: 80.765 | M63: 80.765 | N63: 114.128 | O63: 254.613 | P63: 111.784 | Q63: 142.916 | R63: 78.436 | S63: 78.436 | T63: 111.914 | U63: 193.34 | V63: 122.43 | W63: 32.391
B64: Сумма без НДС | C64: 71.8125 | D64: 69.655833 | E64: 89.278333 | F64: 92.6775 | G64: 69.375 | H64: 69.050833 | I64: 96.883333 | J64: 101.69583 | K64: 83.333 | L64: 67.304167 | M64: 67.304167 | N64: 95.106667 | O64: 212.1775 | P64: 91.62623 | Q64: 117.14426 | R64: 65.363333 | S64: 65.363333 | T64: 93.261667 | U64: 161.11667 | V64: 100.35246 | W64: 26.55

Sheet Информация для фин.плана уточн.
A2: № п/п | B2: Наименование реализованного (планируемого к реализации) мероприятия в рамках Инвестиционной программы | C2: План без НДС | D2: Факт без НДС | E2: План без НДС | F2: Факт без НДС | G2: План без НДС | H2: Факт без НДС | I2: План без НДС | J2: Предложение по корректировке без НДС | K2: План без НДС | L2: Предложение по корректировке без НДС | M2: Категория объекта
C3: 2023 | E3: 2024 | G3: 2025 | I3: 2026 | K3: 2027
A5: 1 | B5: Трансформаторная подстанция с питающими кабельными и воздушными линиями 6 кВ от реклоузера в п. Красное до ФГУП "РТРС" | C5: 31.678 | D5: 36.19 | M5: новое строительство и расширение
A6: 2 | B6: Трансформаторная подстанция с питающими линиями в районе питьевого водозабора в п. Искателей (ДТП №1025 от 26.05.2022г) | C6: 15.819 | D6: 18.925 | M6: новое строительство и расширение
A7: 3 | B7: Трансформаторная подстанция с питающими линиями в районе пром-зоны в п. Лесозавод г. Нарьян-Мар | C7: 13.899 | D7: 16.971 | M7: новое строительство и расширение
A8: 4 | B8: "Трансформаторная подстанция ТП 6/0,4 кВ с питающими кабельными и воздушными линиями 6 и 0,4 кВ в районе пер. Озерный п. Искателей (ПСД) | C8: 2.083 | D8: 0.502 | E8: 0 | F8: 10.477 | G8: 47.232 | H8: 39.816 | I8: 17.666 | J8: 20.19 | K8: 8.3333333e-14 | L8: 19.513934 | M8: новое строительство и расширение
A9: 5 | B9: Модернизация распределительного устройства-6 кВ ГТЭС-12 ГУП НАО "Нарьян-Марская электростанция" | C9: 8.333 | D9: 5.42 | M9: техническое перевооружение и реконструкция
A10: 6 | B10: Трансформаторная подстанция с питающими линиями в районе озера Сухого в п. Искателей | E10: 16.499 | F10: 8.812 | M10: новое строительство и расширение
A11: 7 | B11: Трансформаторная подстанция ТП №4 "АТС" ул. Выучейского у дома 19А. Модернизация оборудования РУ 6 кВ, РУ 0,4 кВ. | E11: 23.705 | F11: 24.573 | M11: техническое перевооружение и реконструкция
A12: 8 | B12: Трансформаторная подстанция ТП 16/1 "Мирный" в районе ул. Мира д. 68 | E12: 2.587 | F12: 7.366 | M12: новое строительство и расширение
A13: 9 | B13: Двух цепная ВЛЗ 6 кВ фидер "Нефтебаза", фидер "АТП" от реклоузера №2 до ТП №48 | E13: 4.028 | F13: 5.647 | I13: 63.617 | J13: 62.574 | M13: новое строительство и расширение
A14: 10 | B14: Строительство ВЛИ 0,4 кВ от ТП №100 "Малый Качгорт" | E14: 1.229 | F14: 0 | M14: новое строительство и расширение
A15: 11 | B15: 2 очередь реконст. электрост. Здание ГТЭС-18 2010г (в части тома №5 "Газоснабжения") | E15: 8.32 | F15: 0 | M15: техническое перевооружение и реконструкция
A16: 12 | B16: Модернизация третьей очереди реконструкции Нарьян-марской электростанции в части: главной схемы электрических соединений для устранения несиметрии фазового напряжения в электрической сети 6,3 кВ. | E16: 0.725 | F16: 0.686 | M16: техническое перевооружение и реконструкция
A17: 13 | B17: Модернизация РУСН-0,4 кВ ГТЭС-12 ГУП НАО "Нарьян-Марская электростанция" ПСД | E17: 2.919 | F17: 0 | M17: техническое перевооружение и реконструкция
A18: 14 | B18: Модернизация распределительного устройства-6 кВ ГТЭС-12 ГУП НАО "Нарьян-Марская электростанция" | E18: 12.938 | F18: 12.982 | M18: техническое перевооружение и реконструкция
A19: 15 | B19: Строительство наружного и внутреннего газопровода среднего давления к котельной ГУП НАО "Нарьян-Марская электростанция" | E19: 1.917 | F19: 2.728 | M19: новое строительство и расширение
A20: 16 | B20: Устройство инженерного защитного периметрального ограждения Энергокомплекса п. Красное | E20: 4.021 | F20: 4.452 | M20: новое строительство и расширение
A21: 17 | B21: Автомобиль ГАЗ | E21: 2.388 | F21: 3.318 | M21: приобретение объектов основных средств, земельных участков
A22: 18 | B22: Экскаватор-погрузчик ЧЛМЗ | E22: 11.523 | F22: 11.79 | M22: приобретение объектов основных средств, земельных участков
A23: 19 | B23: Трансформаторная подстанция ТП-10 "Маслозавод". Модернизация оборудования РУ-6 кВ, РУ-0,4 кВ.ПСД | G23: 1 | H23: 0.044 | M23: техническое перевооружение и реконструкция
A24: 20 | B24: Трансформаторная подстанция ТП-3 "Больница". Модернизация оборудования РУ-0,4 кВ. ПСД | G24: 1 | H24: 0.112 | M24: техническое перевооружение и реконструкция
A25: 21 | B25: Трансформаторная подстанция ТП-118 "Мясокомбинат". Модернизация оборудования РУ-6кВ, РУ-0,4 кВ ПСД | G25: 1 | H25: 0.044 | M25: техническое перевооружение и реконструкция
A26: 22 | B26: Строительство ВЛИ-0,4кВ от ТП-38 "Новый поселок" | G26: 10.755 | H26: 11.844 | M26: новое строительство и расширение
A27: 23 | B27: Модернизация распределительного устройства-6 кВ ГТЭС-12 ГУП НАО "Нарьян-Марская электростанция" | G27: 4.438 | H27: 8.397 | M27: техническое перевооружение и реконструкция
A28: 24 | B28: Строительство защитного сооружения гражданской обороны для укрытия наибольшей работающей смены ГУП НАО "Нарьян-Марская электростанция" (ПСД) | G28: 6.667 | H28: 8.479 | K28: 8.3333333e-08 | L28: 28.404918 | M28: новое строительство и расширение
A29: 25 | B29: Автомобиль КамАЗ 43118 с КМУ TAURUS 086А и буровым оборудованием | G29: 15.714 | H29: 14.935 | M29: приобретение объектов основных средств, земельных участков
A30: 26 | B30: Двигатель газотурбинный ГТД-6/РМ на раме для эксплуатации в климатических районах с умеренным и холодным климатом | G30: 97.222 | H30: 85.63 | M30: приобретение объектов основных средств, земельных участков
A31: 27 | B31: Трансформаторная подстанция с питающими линиями (ДТП №1221 от 31.08.2022 г. школа п. Искателей) | I31: 47.998 | J31: 36.794 | M31: новое строительство и расширение
A32: 28 | B32: Трансформаторная подстанция ТП-14 "Баня". Модернизация оборудования РУ-6кВ, РУ-0,4 кВ | I32: 2.083 | J32: 1.701 | M32: техническое перевооружение и реконструкция
A33: 29 | B33: Трансформаторная подстанция с питающими линиями 6/0,4 кВ в районе оз. Комсомольское | I33: 5 | J33: 2.416 | K33: 30.833333 | L33: 8.3333333e-11 | M33: проектно-изыскательные работы для объектов нового строительства будущих лет
A34: 30 | B34: Трансформаторная подстанция с питающими линиями 6/0,4 кВ в районе «Станции по борьбе с болезнями животных" | I34: 5 | J34: 4.51 | K34: 27.5 | L34: 8.3333333e-12 | M34: проектно-изыскательные работы для объектов нового строительства будущих лет
A35: 31 | B35: Трансформаторная подстанция с питающими линиями 6/0,4 кВ в районе ул. Рабочая, 4а | I35: 5 | J35: 2.086 | K35: 35 | L35: 8.3333333e-12 | M35: проектно-изыскательные работы для объектов нового строительства будущих лет
A36: 33 | B36: «Трансформаторная подстанция с питающими линиями в районе озера Сухого в п. Искателей». | I36: 5.833 | J36: 4.48 | M36: новое строительство и расширение
A37: 34 | B37: Реконструкция здания Электростанции (Котельная) | I37: 51.207 | J37: 50.367 | M37: техническое перевооружение и реконструкция
A38: 35 | B38: Строительство четырех дизель-генераторных установок контейнерного типа суммарной установленной мощностью 10 МВт на территории ГУП НАО «Нарьян-Марская электростанция (ПСД) | I38: 12.5 | J38: 11.429 | M38: проектно-изыскательные работы для объектов нового строительства будущих лет
A39: 36 | B39: Строительство наружного и внутреннего газопровода среднего давления к котельной ГУП НАО "Нарьян-Марская электростанция" | I39: 4.273 | J39: 4.203 | M39: новое строительство и расширение
A40: 37 | B40: Испытательный стенд для проведения проверки и настройки предохранительных клапанов | I40: 1e-10 | J40: 0.6557377 | M40: приобретение объектов основных средств, земельных участков
A41: 38 | B41: Мезонин складской размером 6500*8240*5840 на колоннах | I41: 1e-10 | J41: 0.73770492 | M41: приобретение объектов основных средств, земельных участков
A42: 39 | B42: Мобильная установка для регенерации энергетических масел УРМ-1000 | I42: 1e-10 | J42: 4.3442623 | M42: приобретение объектов основных средств, земельных участков
A43: 40 | B43: Станок токарный СТ16К25Б/1500 | I43: 1e-10 | J43: 4.4262295 | M43: приобретение объектов основных средств, земельных участков
A44: 41 | B44: Автомобиль ГАЗ 231073 | I44: 1e-10 | J44: 1.8852459 | M44: приобретение объектов основных средств, земельных участков
A45: 42 | B45: Автомобиль ГАЗ 27527 | I45: 1e-10 | J45: 1.7213115 | M45: приобретение объектов основных средств, земельных участков
A46: 43 | B46: Автомобиль КамАЗ 6522-26011-53 самосвал | I46: 1e-10 | J46: 6.8032787 | M46: приобретение объектов основных средств, земельных участков
A47: 44 | B47: Строительство ВЛИ 0,4 кВ от ТП №67 фидер "Перьмдорстрой" | K47: 0 | L47: 6.557377 | M47: проектно-изыскательные работы для объектов нового строительства будущих лет
A48: 46 | B48: Трансформаторная подстанция ТП-115 с питающими кабельными линиями 6кВ в г. Нарьян-Мар | K48: 40.790833 | L48: 1e-11 | M48: новое строительство и расширение
A49: 47 | B49: Трансформаторная подстанция ТП №49/1 "пер. Ленинградский" с питающими кабельными и воздушными линиями до ТП №50 "Виладж" | K49: 26.9925 | L49: 26.55 | M49: новое строительство и расширение
A50: 52 | B50: Создание автоматизированной системы управления технологическими процессами газотурбинной электростанции ГТЭС-12, ГТЭС-18 и дожимной контейнерной компрессорной станции (ДККС). | K50: 0 | L50: 32.077049 | M50: техническое перевооружение и реконструкция
A51: 53 | B51: Локальная система оповещения ГУП НАО «Нарьян-Марская электростанция» | K51: 0 | L51: 1.4344262 | M51: новое строительство и расширение
A52: 54 | B52: Стелаж для хранения оборудования и инвентаря | K52: 0 | L52: 0.11065574 | M52: приобретение объектов основных средств, земельных участков
A53: 55 | B53: Оборудование для перемотки кабельно-проводниковой продукции | K53: 0 | L53: 0.26229508 | M53: приобретение объектов основных средств, земельных участков
A54: 56 | B54: Создание защитной ограждающей конструкции от БПЛА ДККС | K54: 0 | L54: 1.557377 | M54: новое строительство и расширение
A55: 57 | B55: Устройство инженерного защитного периметрального ограждения территории объекта "Здание ГТЭС-12, 18" | K55: 0 | L55: 2.4590164 | M55: новое строительство и расширение
A56: 58 | B56: Акустическое обследования ГТЭС-12 и ГТЭС-18 ГУП НАО «Нарьян-Марская электростанция» и прилегающей селитебной зоны | K56: 0 | L56: 7.9754098 | M56: проектно-изыскательные работы для объектов нового строительства будущих лет
C57: =SUM(C5:C56) -> 71.812 | D57: =SUM(D5:D56) -> 78.008 | E57: =SUM(E5:E56) -> 92.799 | F57: =SUM(F5:F56) -> 92.831 | G57: =SUM(G5:G56) -> 185.028 | H57: =SUM(H5:H56) -> 169.301 | I57: =SUM(I5:I56) -> 220.177 | J57: =SUM(J5:J56) -> 221.32377 | ... L57: =SUM(L5:L56) -> 126.90246
C58: 2023 | E58: 2024 | G58: 2025 | I58: 2026 | K58: 2027
C59: план | D59: факт | E59: план | F59: факт | G59: план | H59: факт | I59: план | J59: предложение | K59: план | L59: предложение
C60: =C5+C6+C7+C8+C10+C12+C13+C14+C19+C20+C26+C28+C31+C36+C39+C48+C49+C51+C54+C55 -> 63.479 | D60: =D5+D6+D7+D8+D10+D12+D13+D14+D19+D20+D26+D28+D31+D36+D39+D48+D49+D51+D54+D55 -> 72.588 | E60: =E5+E6+E7+E8+E10+E12+E13+E14+E19+E20+E26+E28+E31+E36+E39+E48+E49+E51+E54+E55 -> 30.281 | F60: =F5+F6+F7+F8+F10+F12+F13+F14+F19+F20+F26+F28+F31+F36+F39+F48+F49+F51+F54+F55 -> 39.482 | G60: =G5+G6+G7+G8+G10+G12+G13+G14+G19+G20+G26+G28+G31+G36+G39+G48+G49+G51+G54+G55 -> 64.654 | H60: =H5+H6+H7+H8+H10+H12+H13+H14+H19+H20+H26+H28+H31+H36+H39+H48+H49+H51+H54+H55 -> 60.139 | I60: =I5+I6+I7+I8+I10+I12+I13+I14+I19+I20+I26+I28+I31+I36+I39+I48+I49+I51+I54+I55 -> 139.387 | J60: =J5+J6+J7+J8+J10+J12+J13+J14+J19+J20+J26+J28+J31+J36+J39+J48+J49+J51+J54+J55 -> 128.241 | ... L60: =L5+L6+L7+L8+L10+L12+L13+L14+L19+L20+L26+L28+L31+L36+L39+L48+L49+L51+L54+L55 -> 79.919672 | M60: =M55 -> новое строительство и расширение
C61: =C21+C22+C29+C30+C40+C41+C42+C43+C44+C45+C46+C52+C53 -> 0 | D61: =D21+D22+D29+D30+D40+D41+D42+D43+D44+D45+D46+D52+D53 -> 0 | E61: =E21+E22+E29+E30+E40+E41+E42+E43+E44+E45+E46+E52+E53 -> 13.911 | F61: =F21+F22+F29+F30+F40+F41+F42+F43+F44+F45+F46+F52+F53 -> 15.108 | G61: =G21+G22+G29+G30+G40+G41+G42+G43+G44+G45+G46+G52+G53 -> 112.936 | H61: =H21+H22+H29+H30+H40+H41+H42+H43+H44+H45+H46+H52+H53 -> 100.565 | I61: =I21+I22+I29+I30+I40+I41+I42+I43+I44+I45+I46+I52+I53 -> 7e-10 | J61: =J21+J22+J29+J30+J40+J41+J42+J43+J44+J45+J46+J52+J53 -> 20.57377 | ... L61: =L21+L22+L29+L30+L40+L41+L42+L43+L44+L45+L46+L52+L53 -> 0.37295082 | M61: =M53 -> приобретение объектов основных средств, земельных участков
C62: =C33+C34+C35+C38+C47+C56 -> 0 | D62: =D33+D34+D35+D38+D47+D56 -> 0 | E62: =E33+E34+E35+E38+E47+E56 -> 0 | F62: =F33+F34+F35+F38+F47+F56 -> 0 | G62: =G33+G34+G35+G38+G47+G56 -> 0 | H62: =H33+H34+H35+H38+H47+H56 -> 0 | I62: =I33+I34+I35+I38+I47+I56 -> 27.5 | J62: =J33+J34+J35+J38+J47+J56 -> 20.441 | ... L62: =L33+L34+L35+L38+L47+L56 -> 14.532787 | M62: =M33 -> проектно-изыскательные работы для объектов нового строительства будущих лет
C63: =C9+C11+C15+C16+C17+C18+C23+C24+C25+C27+C32+C37+C50 -> 8.333 | D63: =D9+D11+D15+D16+D17+D18+D23+D24+D25+D27+D32+D37+D50 -> 5.42 | E63: =E9+E11+E15+E16+E17+E18+E23+E24+E25+E27+E32+E37+E50 -> 48.607 | F63: =F9+F11+F15+F16+F17+F18+F23+F24+F25+F27+F32+F37+F50 -> 38.241 | G63: =G9+G11+G15+G16+G17+G18+G23+G24+G25+G27+G32+G37+G50 -> 7.438 | H63: =H9+H11+H15+H16+H17+H18+H23+H24+H25+H27+H32+H37+H50 -> 8.597 | I63: =I9+I11+I15+I16+I17+I18+I23+I24+I25+I27+I32+I37+I50 -> 53.29 | J63: =J9+J11+J15+J16+J17+J18+J23+J24+J25+J27+J32+J37+J50 -> 52.068 | ... L63: =L9+L11+L15+L16+L17+L18+L23+L24+L25+L27+L32+L37+L50 -> 32.077049 | M63: =M50 -> техническое перевооружение и реконструкция
C64: =C60+C61+C62+C63 -> 71.812 | D64: =D60+D61+D62+D63 -> 78.008 | E64: =E60+E61+E62+E63 -> 92.799 | F64: =F60+F61+F62+F63 -> 92.831 | G64: =G60+G61+G62+G63 -> 185.028 | H64: =H60+H61+H62+H63 -> 169.301 | I64: =I60+I61+I62+I63 -> 220.177 | J64: =J60+J61+J62+J63 -> 221.32377 | ... L64: =L60+L61+L62+L63 -> 126.90246
C65: 2023 | E65: 2024 | G65: 2025 | I65: 2026 | K65: 2027
C66: 0 | D66: 0 | E66: =E14+E15+E16+E17+E18+E19+E26+E27+E29+E36+E37+E38+E39+E40+E41+E49+E50+E54+E55 -> 28.048 | F66: =F14+F15+F16+F17+F18+F19+F26+F27+F29+F36+F37+F38+F39+F40+F41+F49+F50+F54+F55 -> 16.396 | G66: =G14+G15+G16+G17+G18+G19+G26+G27+G29+G36+G37+G38+G39+G40+G41+G49+G50+G54+G55 -> 30.907 | H66: =H14+H15+H16+H17+H18+H19+H26+H27+H29+H36+H37+H38+H39+H40+H41+H49+H50+H54+H55 -> 35.176 | I66: =I14+I15+I16+I17+I18+I19+I26+I27+I29+I36+I37+I38+I39+I40+I41+I49+I50+I54+I55 -> 73.813 | J66: =J14+J15+J16+J17+J18+J19+J26+J27+J29+J36+J37+J38+J39+J40+J41+J49+J50+J54+J55 -> 71.872443 | K66: =K14+K15+K16+K17+K18+K19+K26+K27+K29+K36+K37+K38+K39+K40+K41+K49+K50+K54+K55 -> 26.9925 | L66: =L14+L15+L16+L17+L18+L19+L26+L27+L29+L36+L37+L38+L39+L40+L41+L49+L50+L54+L55+L56 -> 70.618852 | M66: производство и поставка электрической энергии и мощности
C67: =C5+C6+C7+C8+C9 -> 71.812 | D67: =D5+D6+D7+D8+D9 -> 78.008 | E67: =E4+E5+E6+E7+E8+E9+E10+E11+E12+E13+E20+E21+E22+E23+E24+E25+E28+E30+E31+E32+E33+E34+E35+E42+E43+E44+E45+E46+E47+E48+E51+E52+E53 -> 64.751 | F67: =F4+F5+F6+F7+F8+F9+F10+F11+F12+F13+F20+F21+F22+F23+F24+F25+F28+F30+F31+F32+F33+F34+F35+F42+F43+F44+F45+F46+F47+F48+F51+F52+F53 -> 76.435 | G67: =G4+G5+G6+G7+G8+G9+G10+G11+G12+G13+G20+G21+G22+G23+G24+G25+G28+G30+G31+G32+G33+G34+G35+G42+G43+G44+G45+G46+G47+G48+G51+G52+G53 -> 154.121 | H67: =H4+H5+H6+H7+H8+H9+H10+H11+H12+H13+H20+H21+H22+H23+H24+H25+H28+H30+H31+H32+H33+H34+H35+H42+H43+H44+H45+H46+H47+H48+H51+H52+H53 -> 134.125 | I67: =I4+I5+I6+I7+I8+I9+I10+I11+I12+I13+I20+I21+I22+I23+I24+I25+I28+I30+I31+I32+I33+I34+I35+I42+I43+I44+I45+I46+I47+I48+I51+I52+I53 -> 146.364 | J67: =J4+J5+J6+J7+J8+J9+J10+J11+J12+J13+J20+J21+J22+J23+J24+J25+J28+J30+J31+J32+J33+J34+J35+J42+J43+J44+J45+J46+J47+J48+J51+J52+J53 -> 149.45133 | K67: =K4+K5+K6+K7+K8+K9+K10+K11+K12+K13+K20+K21+K22+K23+K24+K25+K28+K30+K31+K32+K33+K34+K35+K42+K43+K44+K45+K46+K47+K48+K51+K52+K53 -> 134.12417 | L67: =L4+L5+L6+L7+L8+L9+L10+L11+L12+L13+L20+L21+L22+L23+L24+L25+L28+L30+L31+L32+L33+L34+L35+L42+L43+L44+L45+L46+L47+L48+L51+L52+L53 -> 56.283607 | M67: оказание услуг по передаче электрической энергии
C68: =C66+C67 -> 71.812 | D68: =D66+D67 -> 78.008 | E68: =E66+E67 -> 92.799 | F68: =F66+F67 -> 92.831 | G68: =G66+G67 -> 185.028 | H68: =H66+H67 -> 169.301 | I68: =I66+I67 -> 220.177 | J68: =J66+J67 -> 221.32377 | ... L68: =L66+L67 -> 126.90246
C69: =C64-C68 -> 0 | D69: =D64-D68 -> 0 | E69: =E64-E68 -> 0 | F69: =F64-F68 -> 0 | G69: =G64-G68 -> 0 | H69: =H64-H68 -> 0 | I69: =I64-I68 -> 0 | J69: =J64-J68 -> 0 | ... L69: =L64-L68 -> 0

Sheet Амортизация (23 24 25 26 27 го)
A2: Расчет амортизации основных средств на 2023-2027 годы
A3: ГУП НАО "Нарьян-Марская электростанция"
A5: Период | B5: ПРОИЗВОДСТВО | C5: ПЕРЕДАЧА | D5: Автотранспортный цех | E5: СБЫТ | F5: ТЕПЛОЭНЕРГИЯ | G5: ОБЩЕПРОИЗВ. РАСХОДЫ | H5: ОБЩЕХОЗ. РАСХОДЫ | I5: ИТОГО
A6: 2023 | B6: 38477645 | C6: 33344026 | D6: 1765364 | E6: 1965292.1 | F6: 112242.68 | G6: 2327376.9 | H6: 433105.57 | I6: 78425053 | J6: 78425053 | K6: 0
A7: год | B7: 38477645 | C7: 33344026 | D7: 1765364 | E7: 1965292.1 | F7: 112242.68 | G7: 2327376.9 | H7: 433105.57 | I7: 78425053
A8: 2024 | B8: 32182221 | C8: 38153975 | D8: 3096299.8 | E8: 22504593 | F8: 105553.76 | G8: 1919739.6 | H8: 423398.16 | I8: 98385780 | J8: 98385780 | K8: 0
A9: год | B9: 32182221 | C9: 38153975 | D9: 3096299.8 | E9: 22504593 | F9: 105553.76 | G9: 1919739.6 | H9: 423398.16 | I9: 98385780
A10: 2025 | B10: 30996967 | C10: 40464096 | D10: 4491141.4 | E10: 22226941 | F10: 104403.56 | G10: 1442749.6 | H10: 423398.16 | I10: 1.001497e+08 | J10: 1.001497e+08 | K10: 0
A11: год | B11: 30996967 | C11: 40464096 | D11: 4491141.4 | E11: 22226941 | F11: 104403.56 | G11: 1442749.6 | H11: 423398.16 | I11: 1.001497e+08
A12: 2026 | B12: 36870565 | C12: 37070235 | D12: 4375240.7 | E12: 22365080 | F12: 104403.56 | G12: 1511702.7 | H12: 423398.16 | I12: 1.0272062e+08 | J12: 1.0272062e+08 | K12: 0
A13: год | B13: 36870565 | C13: 37070235 | D13: 4375240.7 | E13: 22365080 | F13: 104403.56 | G13: 1511702.7 | H13: 423398.16 | I13: 1.0272062e+08
A14: 2027 | B14: 35460262 | C14: 36889291 | D14: 4279876.8 | E14: 22365080 | F14: 104403.56 | G14: 1473662.4 | H14: 423398.16 | I14: 1.0099597e+08 | J14: 1.0099597e+08 | K14: 0
A15: год | B15: 35460262 | C15: 36889291 | D15: 4279876.8 | E15: 22365080 | F15: 104403.56 | G15: 1473662.4 | H15: 423398.16 | I15: 1.0099597e+08
A21: Экономист | F21: Воробьева И.М.

Sheet Баланс 2023
C1: Бухгалтерский баланс
D2: на 31 декабря 2023 г.
C4: Пояснения | D4: Наименование показателя | F4: Код | G4: На 31 декабря 2023 г. | H4: На 31 декабря 2022 г. | I4: На 31 декабря 2021 г.
D5: АКТИВ
D6: I. ВНЕОБОРОТНЫЕ АКТИВЫ
D7: Нематериальные активы | F7: 1110 | G7: 0 | H7: 0 | I7: 0
E8: Нематериальные активы в организации | F8: 11101 | G8: 0 | H8: 0 | I8: 0
E9: Приобретение нематериальных активов | F9: 11102 | G9: 0 | H9: 0 | I9: 0
G10: 0 | H10: 0 | I10: 0
D11: Результаты исследований и разработок | F11: 1120 | G11: 0 | H11: 0 | I11: 0
E12: Расходы на научно-исследовательские, опытно-конструкторские и технологические работы | F12: 11201 | G12: 0 | H12: 0 | I12: 0
E13: Выполнение научно-исследовательских, опытно-конструкторских и технологических работ | F13: 11202 | G13: 0 | H13: 0 | I13: 0
G14: 0 | H14: 0 | I14: 0
D15: Нематериальные поисковые активы | F15: 1130 | G15: 0 | H15: 0 | I15: 0
G16: 0 | H16: 0 | I16: 0
D17: Материальные поисковые активы | F17: 1140 | G17: 0 | H17: 0 | I17: 0
G18: 0 | H18: 0 | I18: 0
D19: Основные средства | F19: 1150 | G19: 1404288000 | H19: 1248639000 | I19: 983686000
E20: в том числе:
E21: Основные средства в организации | F21: 11501 | G21: 0 | H21: 0 | I21: 0
E22: Объекты недвижимости, права собственности на которые не зарегистрированы | F22: 11502 | G22: 0 | H22: 0 | I22: 0
E23: Оборудование к установке | F23: 11503 | G23: 0 | H23: 0 | I23: 0
E24: Приобретение земельных участков | F24: 11504 | G24: 0 | H24: 0 | I24: 0
E25: Приобретение объектов природопользования | F25: 11505 | G25: 0 | H25: 0 | I25: 0
E26: Строительство объектов основных средств | F26: 11506 | G26: 0 | H26: 0 | I26: 0
E27: Приобретение объектов основных средств | F27: 11507 | G27: 0 | H27: 0 | I27: 0
E28: Расходы будущих периодов | F28: 11508 | G28: 0 | H28: 0 | I28: 0
E29: Права пользования активами | F29: 11509 | G29: 0 | H29: 0 | I29: 0
C30: 5200 | E30: основные средства в организации | G30: 1255475000 | H30: 1097782000 | I30: 957997000
C31: 5240 | E31: незавершенные капитальные вложения | G31: 139339000 | H31: 141575000 | I31: 25689000
C32: 5207 | E32: право пользования активом | G32: 9474000 | H32: 9282000 | I32: 0
D33: Доходные вложения в материальные ценности | F33: 1160 | G33: 0 | H33: 0 | I33: 0
E34: Материальные ценности в организации | F34: 11601 | G34: 0 | H34: 0 | I34: 0
E35: Материальные ценности предоставленные во временное владение и пользование | F35: 11602 | G35: 0 | H35: 0 | I35: 0
E36: Материальные ценности предоставленные во временное пользование | F36: 11603 | G36: 0 | H36: 0 | I36: 0
E37: Прочие доходные вложения | F37: 11604 | G37: 0 | H37: 0 | I37: 0
G38: 0 | H38: 0 | I38: 0
D39: Финансовые вложения | F39: 1170 | G39: 0 | H39: 0 | I39: 0
E40: Паи | F40: 11701 | G40: 0 | H40: 0 | I40: 0
G41: 0 | H41: 0 | I41: 0
D42: Отложенные налоговые активы | F42: 1180 | G42: 17603000 | H42: 5506000 | I42: 5662000
G43: 0 | H43: 0 | I43: 0
D44: Прочие внеоборотные активы | F44: 1190 | G44: 8261000 | H44: 5869000 | I44: 66655000
E45: в том числе:
E46: Перевод молодняка животных в основное стадо | F46: 11901 | G46: 0 | H46: 0 | I46: 0
E47: Приобретение взрослых животных | F47: 11902 | G47: 0 | H47: 0 | I47: 0
E48: Расходы будущих периодов | F48: 11903 | G48: 0 | H48: 0 | I48: 0
E49: Авансы, выданные на приобретение основных средств | F49: 11904 | G49: 0 | H49: 0 | I49: 0
E50: ремонт основных средств | G50: 0 | H50: 0 | I50: 66655000
C51: 5407 | E51: материалы, переданные в монтаж | G51: 764000 | H51: 69000 | I51: 0
C52: 5408 | E52: запасы для капитальных вложений | G52: 7497000 | H52: 5800000 | I52: 0
D53: Итого по разделу I | F53: 1100 | G53: 1430152000 | H53: 1260014000 | I53: 1056003000
D54: II. ОБОРОТНЫЕ АКТИВЫ
C55: 5401 | D55: Запасы | F55: 1210 | G55: 55281000 | H55: 60079000 | I55: 58489000
E56: в том числе:
E57: Материалы | F57: 12101 | G57: 0 | H57: 0 | I57: 0
C58: 5401 | E58: производственные запасы | G58: 55281000 | H58: 60079000 | I58: 58489000
D59: Налог на добавленную стоимость по приобретенным ценностям | F59: 1220 | G59: 1000 | H59: 9000 | I59: 3000
E60: в том числе:
C61: 5510 | D61: Дебиторская задолженность | F61: 1230 | G61: 184937000 | H61: 208970000 | I61: 169137000
E62: в том числе:
C63: 5512 | E63: расчеты с поставщиками и подрядчиками | G63: 32125000 | H63: 25386000 | I63: 4258000
C64: 5511 | E64: расчеты с покупателями и заказчиками | G64: 145179000 | H64: 176172000 | I64: 155886000
C65: 5517 | E65: расчеты по налогам и сборам | G65: 281000 | H65: 1000 | I65: 4000
C66: 5518 | E66: расчеты по социальному страхованию и обеспечению | G66: 0 | H66: 0 | I66: 78000
C67: 5516 | E67: расчеты с подотчетными лицами | G67: 64000 | H67: 24000 | I67: 23000
C68: 5514 | E68: расчеты с разными дебиторами и кредиторами | G68: 7274000 | H68: 7378000 | I68: 8875000
C69: 5519 | E69: расчеты с персоналом по прочим операциям | G69: 14000 | H69: 9000 | I69: 13000
C70: 5305 | D70: Финансовые вложения (за исключением денежных эквивалентов) | F70: 1240 | G70: 88200000 | H70: 101200000 | I70: 224000000
E71: в том числе:
C72: 5306 | E72: депозитные счета | G72: 88200000 | H72: 101200000 | I72: 224000000
D73: Денежные средства и денежные эквиваленты | F73: 1250 | G73: 7016000 | H73: 8931000 | I73: 4849000
E74: в том числе:
E75: касса организации | G75: 99000 | H75: 64000 | I75: 43000
E76: расчетные счета | G76: 6917000 | H76: 8867000 | I76: 4795000
E77: прочие счета | G77: 0 | H77: 0 | I77: 11000
D78: Прочие оборотные активы | F78: 1260 | G78: 607000 | H78: 550000 | I78: 730000
E79: в том числе:
E80: расходы будущих периодов | G80: 607000 | H80: 550000 | I80: 730000
D81: Итого по разделу II | F81: 1200 | G81: 336042000 | H81: 379739000 | I81: 457208000
D82: БАЛАНС | F82: 1600 | G82: 1766194000 | H82: 1639753000 | I82: 1513211000
C84: Пояснения | D84: Наименование показателя | F84: Код | G84: На 31 декабря 2023 г. | H84: На 31 декабря 2022 г. | I84: На 31 декабря 2021 г.
D85: ПАССИВ
D86: III. КАПИТАЛ И РЕЗЕРВЫ
D87: Уставный капитал (складочный капитал, уставный фонд, вклады товарищей) | F87: 1310 | G87: 637800000 | H87: 637800000 | I87: 637800000
E88: в том числе:
E89: уставный фонд | G89: 637800000 | H89: 637800000 | I89: 637800000
D90: Собственные акции, выкупленные у акционеров | F90: 1320 | G90: 0 | H90: 0 | I90: 0
D91: Переоценка внеоборотных активов | F91: 1340 | G91: 4524000 | H91: 4601000 | I91: 4811000
E92: в том числе:
E93: переоценка основных средств | G93: 4524000 | H93: 4601000 | I93: 4811000
D94: Добавочный капитал (без переоценки) | F94: 1350 | G94: 1005205000 | H94: 867637000 | I94: 867637000
E95: в том числе:
E96: безвозмездно полученные основные средства | G96: 2661000 | H96: 2661000 | I96: 2661000
E97: имущество, переданное учредителями | G97: 1002544000 | H97: 864976000 | I97: 864976000
D98: Резервный капитал | F98: 1360 | G98: 0 | H98: 0 | I98: 0
D99: Нераспределенная прибыль (непокрытый убыток) | F99: 1370 | G99: -27817000 | H99: -22259000 | I99: -107176000
E100: в том числе:
E101: фонды предприятия, образованные согласно Уставу | G101: -22226000 | H101: -22433000 | I101: -107269000
E102: прибыль/убыток текущего периода | G102: -5591000 | H102: 174000 | I102: 93000
...

Sheet Лист2
C1: Отчет о движении денежных средств
C2: Наименование показателя | E2: Код | F2: За Январь - Декабрь 2023 г. | G2: За Январь - Декабрь 2022 г.
C3: Денежные потоки от текущих операций
C4: Поступления - всего | E4: 4110 | F4: 634542000 | G4: 665620000
D5: в том числе:
D6: от продажи продукции, товаров, работ и услуг | E6: 4111 | F6: 603483000 | G6: 526806000
D7: арендных платежей, лицензионных платежей, роялти, комиссионных и иных аналогичных платежей | E7: 4112 | F7: 0 | G7: 0
D8: от перепродажи финансовых вложений | E8: 4113 | F8: 0 | G8: 0
D9: субсидия на возмещение расходов | E9: 4114 | F9: 549000 | G9: 0
D10: возврат депозитов | E10: 4115 | F10: 13000000 | G10: 122811000
D11: проценты по депозитам | E11: 4116 | F11: 5264000 | G11: 10593000
D12: прочие поступления | E12: 4119 | F12: 12246000 | G12: 5410000
C13: Платежи - всего | E13: 4120 | F13: -514832000 | G13: -410400000
D14: в том числе:
D15: поставщикам (подрядчикам) за сырье, материалы, работы, услуги | E15: 4121 | F15: -251195000 | G15: -157079000 | K15: 2023 | L15: 2022
D16: в связи с оплатой труда работников | E16: 4122 | F16: -236602000 | G16: -225493000 | I16: =F16/100*29.3 -> -69324386 | K16: =-F16/1000000 -> 236.602 | L16: =-G16/1000000 -> 225.493
D17: процентов по долговым обязательствам | E17: 4123 | F17: 0 | G17: 0 | I17: =G16/100*29.3 -> -66069449 | K17: =K16+I16/1000000 -> 167.27761 | L17: =I17/1000000+L16 -> 159.42355
D18: налога на прибыль организаций | E18: 4124 | F18: -5790000 | G18: -654000
D19: налоги и сборы | E19: 4125 | F19: -18330000 | G19: -18203000 | K19: =-I16/1000000 -> 69.324386 | L19: =-I17/1000000 -> 66.069449
D20: обеспечение контрактов | E20: 4126 | F20: -619000 | G20: -2011000
D21: прочие платежи | E21: 4129 | F21: -2296000 | G21: -6960000
C22: Сальдо денежных потоков от текущих операций | E22: 4100 | F22: 119710000 | G22: 255220000
C23: Денежные потоки от инвестиционных операций | K23: =K17+K19-K16 -> 0 | L23: =L17+L19-L16 -> 0
C24: Поступления - всего | E24: 4210 | F24: 0 | G24: 0
D25: в том числе:
D26: от продажи внеоборотных активов (кроме финансовых вложений) | E26: 4211 | F26: 0 | G26: 0
D27: от продажи акций других организаций (долей участия) | E27: 4212 | F27: 0 | G27: 0 | J27: =-G13/1000000-'Финансовый план 2027'!I183 -> 0
D28: от возврата предоставленных займов, от продажи долговых ценных бумаг (прав требования денежных средств к другим лицам) | E28: 4213 | F28: 0 | G28: 0
D29: дивидендов, процентов по долговым финансовым вложениям и аналогичных поступлений от долевого участия в других организациях | E29: 4214 | F29: 0 | G29: 0
D30: прочие поступления | E30: 4219 | F30: 0 | G30: 0
C31: Платежи - всего | E31: 4220 | F31: -121581000 | G31: -251114000
D32: в том числе:
D33: в связи с приобретением, созданием, модернизацией, реконструкцией и подготовкой к использованию внеоборотных активов | E33: 4221 | F33: -121581000 | G33: -251114000
D34: в связи с приобретением акций других организаций (долей участия) | E34: 4222 | F34: 0 | G34: 0
D35: в связи с приобретением долговых ценных бумаг (прав требования денежных средств к другим лицам), предоставление займов другим лицам | E35: 4223 | F35: 0 | G35: 0
D36: процентов по долговым обязательствам, включаемым в стоимость инвестиционного актива | E36: 4224 | F36: 0 | G36: 0
D37: прочие платежи | E37: 4229 | F37: 0 | G37: 0
C38: Сальдо денежных потоков от инвестиционных операций | E38: 4200 | F38: -121581000 | G38: -251114000
C39: Денежные потоки от финансовых операций
C40: Поступления - всего | E40: 4310 | F40: 0 | G40: 0
D41: в том числе:
D42: получение кредитов и займов | E42: 4311 | F42: 0 | G42: 0
D43: денежных вкладов собственников (участников) | E43: 4312 | F43: 0 | G43: 0
D44: от выпуска акций, увеличения долей участия | E44: 4313 | F44: 0 | G44: 0
D45: от выпуска облигаций, векселей и других долговых ценных бумаг и др. | E45: 4314 | F45: 0 | G45: 0
D46: прочие поступления | E46: 4319 | F46: 0 | G46: 0
C47: Платежи - всего | E47: 4320 | F47: -44000 | G47: -24000
D48: в том числе:
D49: собственникам (участникам) в связи с выкупом у них акций (долей участия) организации или их выходом из состава участников | E49: 4321 | F49: 0 | G49: 0
D50: на уплату дивидендов и иных платежей по распределению прибыли в пользу собственников (участников) | E50: 4322 | F50: -44000 | G50: -24000
D51: в связи с погашением (выкупом) векселей и других долговых ценных бумаг, возврат кредитов и займов | E51: 4323 | F51: 0 | G51: 0
D52: прочие платежи | E52: 4329 | F52: 0 | G52: 0
C53: Сальдо денежных потоков от финансовых операций | E53: 4300 | F53: -44000 | G53: -24000
C54: Сальдо денежных потоков за отчетный период | E54: 4400 | F54: -1915000 | G54: 4082000
C55: Остаток денежных средств и денежных эквивалентов на начало отчетного периода | E55: 4450 | F55: 8931000 | G55: 4849000
C56: Остаток денежных средств и денежных эквивалентов на конец отчетного периода | E56: 4500 | F56: 7016000 | G56: 8931000
C57: Величина влияния изменений курса иностранной валюты по отношению к рублю | E57: 4490 | F57: 0 | G57: 0

Sheet 90.02
A1: ГУП НАО "НАРЬЯН-МАРСКАЯ ЭЛЕКТРОСТАНЦИЯ"
A2: Оборотно-сальдовая ведомость по счету 90.02 за 2022 г.
A4: Выводимые данные: БУ (данные бухгалтерского учета)
A6: Счет | B6: Сальдо на начало периода | D6: Обороты за период | F6: Сальдо на конец периода
A7: Номенклатурные группы | B7: Дебет | C7: Кредит | D7: Дебет | E7: Кредит | F7: Дебет | G7: Кредит
A9: 90.02 | D9: 4.9445747e+08 | E9: 4.9445747e+08
A10: 90.02.1 | D10: 4.1794912e+08 | E10: 4.1794912e+08
A11: <...> | E11: 4.1794912e+08
A12: 20.1 Электроэнергия | D12: 4.1203064e+08
A13: 20.1 Электроэнергия | D13: 4.1203064e+08 | H13: =D13/1000000 -> 412.03064
A14: 20.3.1 Технологическое присоединение до 15 кВт | D14: 4537676.4 | H14: =D14/1000000 -> 4.5376764
A15: 20.3.2 Технологическое присоединение свыше 15 кВт | D15: 291671.75 | H15: =D15/1000000 -> 0.29167175
A16: 20.4 Прочие услуги | D16: 476230.87 | H16: =D16/1000000 -> 0.47623087
A17: Резерв под обесценение материалов | D17: 612902.21 | H17: =D17/1000000 -> 0.61290221
A18: 90.02.3 | D18: 68774013 | E18: 68774013
A19: 90.02.4 | D19: 7734330.2 | E19: 7734330.2
A20: Итого | D20: 4.9445747e+08 | E20: 4.9445747e+08 | H20: =SUM(H13:H19) -> 417.94912
A22: ГУП НАО "НАРЬЯН-МАРСКАЯ ЭЛЕКТРОСТАНЦИЯ"
A23: Оборотно-сальдовая ведомость по счету 90.02 за 2023 г.
A25: Выводимые данные: БУ (данные бухгалтерского учета)
A27: Счет | B27: Сальдо на начало периода | D27: Обороты за период | F27: Сальдо на конец периода
A28: Номенклатурные группы | B28: Дебет | C28: Кредит | D28: Дебет | E28: Кредит | F28: Дебет | G28: Кредит
A30: 90.02 | D30: 5.423677e+08 | F30: 5.423677e+08
A31: 90.02.1 | D31: 4.6883108e+08 | F31: 4.6883108e+08
A32: 20.1 Электроэнергия | D32: 4.6019352e+08
A33: 20.1 Электроэнергия | D33: 4.6019352e+08 | H33: =D33/1000000 -> 460.19352
A34: 20.3.1 Технологическое присоединение до 15 кВт | D34: 5617515.1 | H34: =D34/1000000 -> 5.6175151
A35: 20.3.2 Технологическое присоединение свыше 15 кВт | D35: 1609374.3 | H35: =D35/1000000 -> 1.6093743
A36: 20.4 Прочие услуги | D36: 654806.21 | H36: =D36/1000000 -> 0.65480621
A37: Резерв под обесценение материалов | D37: 755858.6 | H37: =D37/1000000 -> 0.7558586
A38: 90.02.3 | D38: 65441174 | F38: 65441174
A39: 90.02.4 | D39: 8095448.6 | F39: 8095448.6
A40: Итого | D40: 5.423677e+08 | F40: 5.423677e+08 | H40: =SUM(H33:H39) -> 468.83108

Sheet 90.01
A1: ГУП НАО "НАРЬЯН-МАРСКАЯ ЭЛЕКТРОСТАНЦИЯ"
A2: Оборотно-сальдовая ведомость по счету 90.01 за 2022 г.
A4: Выводимые данные: БУ (данные бухгалтерского учета)
A6: Наименование счета, Счет | B6: Сальдо на начало периода | D6: Обороты за период | F6: Сальдо на конец периода
A7: Номенклатурные группы | B7: Дебет | C7: Кредит | D7: Дебет | E7: Кредит | F7: Дебет | G7: Кредит
A9: Выручка, 90.01 | D9: 6.1208882e+08 | E9: 6.1208882e+08
A10: <...> | D10: 6.1208882e+08
A11: 20.1 Электроэнергия | E11: 6.0463121e+08
A12: 20.1 Электроэнергия | E12: 6.0463121e+08 | H12: =E12/1.2 -> 5.0385934e+08 | I12: =H12/1000000 -> 503.85934
A13: 20.3.1 Технологическое присоединение до 15 кВт | E13: 1717525.7 | H13: =E13/1.2 -> 1431271.4 | I13: =H13/1000000 -> 1.4312714
A14: 20.3.2 Технологическое присоединение свыше 15 кВт | E14: 1880999.1 | H14: =E14/1.2 -> 1567499.3 | I14: =H14/1000000 -> 1.5674993
A15: 20.4 Прочие услуги | E15: 2715347.3 | H15: =E15/1.2 -> 2262789.4 | I15: =H15/1000000 -> 2.2627894
A16: 20.5 Оказание транспортных услуг | E16: 55031.2 | H16: =E16/1.2 -> 45859.333 | I16: =H16/1000000 -> 0.045859333
A17: 20.6 Ремонт и тех.обслуживание сетей | E17: 1088706.4 | H17: =E17/1.2 -> 907255.31 | I17: =H17/1000000 -> 0.90725531
A18: Итого | D18: 6.1208882e+08 | E18: =SUM(E12:E17) -> 6.1208882e+08 | H18: =SUM(H12:H17) -> 5.1007402e+08 | I18: =SUM(I12:I17) -> 510.07402
A21: Справка о потреблении электроэнергии за период 2022 г.
A22: Абонент: АО "Оборонэнерго"
A24: Месяц | B24: Тариф | C24: кВт/ч | D24: Начислено с НДС
A25: Январь 2022 | B25: Х | C25: 4687 | D25: 34140.11
B26: Производственный | C26: 4687 | D26: 34140.11
A27: Февраль 2022 | B27: Х | C27: 3061 | D27: 22296.32
B28: Производственный | C28: 3061 | D28: 22296.32
A29: Март 2022 | B29: Х | C29: 1372 | D29: 9993.65
B30: Производственный | C30: 1372 | D30: 9993.65
A31: Апрель 2022 | B31: Х | C31: 980 | D31: 7138.32
B32: Производственный | C32: 980 | D32: 7138.32
A33: Май 2022 | B33: Х | C33: 846 | D33: 6162.26
B34: Производственный | C34: 846 | D34: 6162.26
A35: Июнь 2022 | B35: Х | C35: 742 | D35: 5404.73
B36: Производственный | C36: 742 | D36: 5404.73
A37: Июль 2022 | B37: Х | C37: 424 | D37: 3281.76
B38: Производственный | C38: 424 | D38: 3281.76
A39: Август 2022 | B39: Х | C39: 838 | D39: 6486.12
B40: Производственный | C40: 838 | D40: 6486.12
A41: Сентябрь 2022 | B41: Х | C41: 592 | D41: 4582.08
B42: Производственный | C42: 592 | D42: 4582.08
A43: Октябрь 2022 | B43: Х | C43: 1025 | D43: 7933.5
B44: Производственный | C44: 1025 | D44: 7933.5
A45: Ноябрь 2022 | B45: Х | C45: 956 | D45: 7399.44
B46: Производственный | C46: 956 | D46: 7399.44
A47: Декабрь 2022 | B47: Х | C47: 1950 | D47: 15280.2
B48: Производственный | C48: 1950 | D48: 15280.2
A49: ИТОГО: | C49: 17473 | D49: 130098.49
D51: =D49/1000000 -> 0.13009849
A53: Справка о потреблении электроэнергии за период 2023 г.
A54: Абонент: АО "Оборонэнерго"
A56: Месяц | B56: Тариф | C56: кВт/ч | D56: Начислено с НДС
A57: Январь 2023 | B57: Х | C57: 1583 | D57: 12404.39
B58: Производственный | C58: 1583 | D58: 12404.39
A59: Февраль 2023 | B59: Х | C59: 1174 | D59: 9199.46
B60: Производственный | C60: 1174 | D60: 9199.46
A61: Март 2023 | B61: Х | C61: 959 | D61: 7514.72
B62: Производственный | C62: 959 | D62: 7514.72
A63: Апрель 2023 | B63: Х | C63: 1204 | D63: 9434.54
B64: Производственный | C64: 1204 | D64: 9434.54
A65: Май 2023 | B65: Х | C65: 710 | D65: 5563.56
B66: Производственный | C66: 710 | D66: 5563.56
A67: Июнь 2023 | B67: Х | C67: 599 | D67: 4693.76
B68: Производственный | C68: 599 | D68: 4693.76
A69: Июль 2023 | B69: Х | C69: 757 | D69: 5931.85
B70: Производственный | C70: 757 | D70: 5931.85
A71: Август 2023 | B71: Х | C71: 965 | D71: 7561.74
B72: Производственный | C72: 965 | D72: 7561.74
A73: Сентябрь 2023 | B73: Х | C73: 1154 | D73: 9042.74
B74: Производственный | C74: 1154 | D74: 9042.74
A75: Октябрь 2023 | B75: Х | C75: 724 | D75: 5673.26
B76: Производственный | C76: 724 | D76: 5673.26
A77: Ноябрь 2023 | B77: Х | C77: 2514 | D77: 19699.7
B78: Производственный | C78: 2514 | D78: 19699.7
A79: Декабрь 2023 | B79: Х | C79: 1210 | D79: 9481.56
B80: Производственный | C80: 1210 | D80: 9481.56
A81: ИТОГО: | C81: 13553 | D81: 106201.28
D83: =D81/1000000 -> 0.10620128

Sheet Амортизация (факт 2022)
A1: Расчет амортизации основных средств
A2: за период с 2022 года по 2027 год
A3: ГУП НАО "Нарьян-Марская электростанция
B5: ПРОИЗВОДСТВО | C5: ПЕРЕДАЧА | D5: Автотранспортный цех | E5: СБЫТ | F5: ТЕПЛОЭНЕРГИЯ | G5: ОБЩЕПРОИЗВ. РАСХОДЫ | H5: ОБЩЕХОЗ. РАСХОДЫ | I5: ИТОГО
A6: 2022 | B6: ='2023-2027'!N706 -> 44021051 | C6: ='2023-2027'!N707 -> 30996748 | D6: ='2023-2027'!N689 -> 1760473.5 | E6: ='2023-2027'!N708 -> 63458.657 | F6: ='2023-2027'!N713 -> 113987.63 | G6: ='2023-2027'!N711 -> 2556609.5 | H6: ='2023-2027'!N712 -> 439854.21 | I6: =SUM(B6:H6) -> 79952182 | J6: =I6-'2023-2027'!N684 -> 0
A7: 2023 | B7: ='2023-2027'!AC706 -> 38490302 | C7: ='2023-2027'!AC707 -> 32762292 | D7: ='2023-2027'!AC714 -> 1765364 | E7: ='2023-2027'!AC708 -> 1965292.1 | F7: ='2023-2027'!AC713 -> 112242.68 | G7: ='2023-2027'!AC711 -> 2236685.4 | H7: ='2023-2027'!AC712 -> 433105.56 | I7: =SUM(B7:H7) -> 77765284 | J7: =I7-'2023-2027'!AC684 -> 0
A8: 2024 | B8: ='2023-2027'!AR706 -> 32015911 | C8: ='2023-2027'!AR707 -> 34215835 | D8: ='2023-2027'!AR714 -> 3451872 | E8: ='2023-2027'!AR708 -> 22712982 | F8: ='2023-2027'!AR713 -> 111422.12 | G8: ='2023-2027'!AR711 -> 2028601.5 | H8: ='2023-2027'!AR712 -> 449302.2 | I8: =SUM(B8:H8) -> 94985925 | J8: =I8-'2023-2027'!AR684 -> 0
A9: 2025 | B9: ='2023-2027'!BG706 -> 30421901 | C9: ='2023-2027'!BG707 -> 37894378 | D9: ='2023-2027'!BG714 -> 3749679.9 | E9: ='2023-2027'!BG708 -> 22712982 | F9: ='2023-2027'!BG713 -> 110271.92 | G9: ='2023-2027'!BG711 -> 1471923.2 | H9: ='2023-2027'!BG712 -> 429750.86 | I9: =SUM(B9:H9) -> 96790887 | J9: =I9-'2023-2027'!BG684 -> 0
A10: 2026 | B10: ='2023-2027'!BV706 -> 29717717 | C10: ='2023-2027'!BV707 -> 37660146 | D10: ='2023-2027'!BV714 -> 3437148.8 | E10: ='2023-2027'!BV708 -> 22712982 | F10: ='2023-2027'!BV713 -> 110271.92 | G10: ='2023-2027'!BV711 -> 1349726.7 | H10: ='2023-2027'!BV712 -> 426396.12 | I10: =SUM(B10:H10) -> 95414388 | J10: =I10-'2023-2027'!BV684 -> 0
A11: 2027 | B11: ='2023-2027'!CK706 -> 28332326 | C11: ='2023-2027'!CK707 -> 37459486 | D11: ='2023-2027'!CK714 -> 3341784.9 | E11: ='2023-2027'!CK708 -> 22712982 | F11: ='2023-2027'!CK713 -> 110271.92 | G11: ='2023-2027'!CK711 -> 1319244 | H11: ='2023-2027'!CK712 -> 426396.12 | I11: =SUM(B11:H11) -> 93702491 | J11: =I11-'2023-2027'!CK684 -> 0
A14: Расчет налога на имущество
A15: за период с 2022 года по 2027 год
A16: ГУП НАО "Нарьян-Марская электростанция
B18: ПРОИЗВОДСТВО | C18: ПЕРЕДАЧА | D18: Автотранспортный цех | E18: СБЫТ | F18: ТЕПЛОЭНЕРГИЯ | G18: ОБЩЕПРОИЗВ. РАСХОДЫ | H18: ОБЩЕХОЗ. РАСХОДЫ | I18: ИТОГО
A19: 2022 | B19: ='2023-2027'!AA706 -> 7089669.4 | C19: ='2023-2027'!AA707 -> 9389539.1 | D19: ='2023-2027'!AA714 -> 25222.522 | E19: ='2023-2027'!AA708 -> 0 | F19: ='2023-2027'!AA713 -> 18378.115 | G19: ='2023-2027'!AA711 -> 515073.41 | H19: ='2023-2027'!AA712 -> 125482.63 | I19: =SUM(B19:H19) -> 17163365 | J19: =I19-'2023-2027'!AA684 -> 0
A20: 2023 | B20: ='2023-2027'!AP706 -> 6611589.6 | C20: ='2023-2027'!AP707 -> 9845398.4 | D20: ='2023-2027'!AP714 -> 23347.552 | E20: ='2023-2027'!AP708 -> 0 | F20: ='2023-2027'!AP713 -> 16857.844 | G20: ='2023-2027'!AP711 -> 499055.98 | H20: ='2023-2027'!AP712 -> 116356.91 | I20: =SUM(B20:H20) -> 17112606 | J20: =I20-'2023-2027'!AP684 -> 0
A21: 2024 | B21: ='2023-2027'!BE706 -> 6134646.7 | C21: ='2023-2027'!BE707 -> 9972990.5 | D21: ='2023-2027'!BE714 -> 21472.582 | E21: ='2023-2027'!BE708 -> 0 | F21: ='2023-2027'!BE713 -> 15356.837 | G21: ='2023-2027'!BE711 -> 483654.4 | H21: ='2023-2027'!BE712 -> 107231.19 | I21: =SUM(B21:H21) -> 16735352 | J21: =I21-'2023-2027'!BE684 -> 0
A22: 2025 | B22: ='2023-2027'!BT706 -> 5650309.5 | C22: ='2023-2027'!BT707 -> 10909110 | D22: ='2023-2027'!BT714 -> 19715.57 | E22: ='2023-2027'!BT708 -> 2108.0326 | F22: ='2023-2027'!BT713 -> 13887.231 | G22: ='2023-2027'!BT711 -> 478682.87 | H22: ='2023-2027'!BT712 -> 98125.341 | I22: =SUM(B22:H22) -> 17171939 | J22: =I22-'2023-2027'!BT684 -> 0
A23: 2026 | B23: ='2023-2027'!CI706 -> 5168780.1 | C23: ='2023-2027'!CI707 -> 10192649 | D23: ='2023-2027'!CI714 -> 17722.641 | E23: ='2023-2027'!CI708 -> 1949.9301 | F23: ='2023-2027'!CI713 -> 12425.416 | G23: ='2023-2027'!CI711 -> 462705.69 | H23: ='2023-2027'!CI712 -> 88979.749 | I23: =SUM(B23:H23) -> 15945212 | J23: =I23-'2023-2027'!CI684 -> 0
A24: 2027 | B24: ='2023-2027'!CX706 -> 4688165.4 | C24: ='2023-2027'!CX707 -> 9307709.5 | D24: ='2023-2027'!CX714 -> 15847.671 | E24: ='2023-2027'!CX708 -> 1791.8277 | F24: ='2023-2027'!CX713 -> 10963.601 | G24: ='2023-2027'!CX711 -> 447013.87 | H24: ='2023-2027'!CX712 -> 79854.029 | I24: =SUM(B24:H24) -> 14551346 | J24: =I24-'2023-2027'!CX684 -> 0

Sheet 2023-2027
A1: Основное средство | B1: Инвентарный номер | C1: вид деят | E1: Дата принятия к учету | F1: Подразделение | G1: Основное средство.СПИ (Основные средства) | H1: На 01.01.22 | K1: Облаг | L1: ежемес аморт | N1: годовая амортиз 2022 | AA1: 0.022 | AC1: годовая амортиз 2023 | AP1: 0.022 | AR1: годовая амортиз 2024 | BE1: 0.022 | BG1: годовая амортиз 2025 | BT1: 0.022 | BV1: годовая амортиз 2026 | CI1: 0.022 | CK1: годовая амортиз 2027 | CX1: 0.022
H2: Стоимость | I2: Амортизация (износ) | J2: Остаточная стоимость | M2: изменения в 2022 (аморт) | O2: 44593 | P2: 44621 | Q2: 44652 | R2: 44682 | S2: 44713 | T2: 44743 | U2: 44774 | V2: 44805 | W2: 44835 | X2: 44866 | Y2: 44896 | Z2: 44927 | AA2: налог 2022 | AB2: изменения в 2023 году (аморт) | AD2: 44958 | AE2: 44986 | AF2: 45017 | AG2: 45047 | AH2: 45078 | AI2: 45108 | AJ2: 45139 | AK2: 45170 | AL2: 45200 | AM2: 45231 | AN2: 45261 | AO2: 45292 | AP2: налог 2023 | AQ2: ежемес аморт | AS2: 45323 | AT2: 45352 | AU2: 45383 | AV2: 45413 | AW2: 45444 | AX2: 45474 | AY2: 45505 | AZ2: 45536 | BA2: 45566 | BB2: 45597 | BC2: 45627 | BD2: 45658 | BE2: налог 2024 | BF2: ежемес аморт | BH2: 45689 | BI2: 45717 | BJ2: 45748 | BK2: 45778 | BL2: 45809 | BM2: 45839 | BN2: 45870 | BO2: 45901 | BP2: 45931 | BQ2: 45962 | BR2: 45992 | BS2: 46023 | BT2: налог 2025 | BU2: ежемес аморт | BW2: 46054 | BX2: 46082 | BY2: 46113 | BZ2: 46143 | CA2: 46174 | CB2: 46204 | CC2: 46235 | CD2: 46266 | CE2: 46296 | CF2: 46327 | CG2: 46357 | CH2: 46388 | CI2: налог 2026 | CJ2: ежемес аморт | CL2: 46419 | CM2: 46447 | CN2: 46478 | CO2: 46508 | CP2: 46539 | CQ2: 46569 | CR2: 46600 | CS2: 46631 | CT2: 46661 | CU2: 46692 | CV2: 46722 | CW2: 46753 | CX2: налог 2027
A3: производство
A4: 2 очередь реконст. электрост. Здание ГТЭС-18 2010г | B4: 00001166 | C4: ПРОИЗВОДСТВО | D4: Здания | E4: 31.03.2010 | F4: Газотурбинный цех | G4: 600 | H4: 2.1751175e+08 | I4: 51115261 | J4: 1.6639649e+08 | K4: 1 | L4: 362519.59 | N4: =L4*12 -> 4350235.1 | O4: =J4-$L4 -> 1.6603397e+08 | P4: =O4-$L4 -> 1.6567145e+08 | Q4: =P4-$L4 -> 1.6530893e+08 | R4: =Q4-$L4 -> 1.6494641e+08 | S4: =R4-$L4 -> 1.6458389e+08 | T4: =S4-$L4 -> 1.6422137e+08 | U4: =T4-$L4 -> 1.6385885e+08 | V4: =U4-$L4 -> 1.6349633e+08 | W4: =V4-$L4 -> 1.6313381e+08 | ... Z4: =Y4-$L4 -> 1.6204625e+08 | AA4: =SUM(O4:Z4,J4)/13*$AA$1 -> 3612870.2 | AC4: =L4*12 -> 4350235.1 | AD4: =Z4-$L4 -> 1.6168373e+08 | AE4: =AD4-$L4 -> 1.6132122e+08 | AF4: =AE4-$L4 -> 1.609587e+08 | AG4: =AF4-$L4 -> 1.6059618e+08 | AH4: =AG4-$L4 -> 1.6023366e+08 | AI4: =AH4-$L4 -> 1.5987114e+08 | AJ4: =AI4-$L4 -> 1.5950862e+08 | AK4: =AJ4-$L4 -> 1.591461e+08 | AL4: =AK4-$L4 -> 1.5878358e+08 | ... AO4: =AN4-$L4 -> 1.5769602e+08 | AP4: =IF(K4<1,0,SUM(AD4:AO4,Z4)/13*$BE$1) -> 3517165 | AQ4: 362519.59 | AR4: =L4*12 -> 4350235.1 | AS4: =AO4-$L4 -> 1.573335e+08 | AT4: =AS4-$L4 -> 1.5697098e+08 | AU4: =AT4-$L4 -> 1.5660846e+08 | AV4: =AU4-$L4 -> 1.5624594e+08 | AW4: =AV4-$L4 -> 1.5588342e+08 | AX4: =AW4-$L4 -> 1.555209e+08 | AY4: =AX4-$L4 -> 1.5515838e+08 | AZ4: =AY4-$L4 -> 1.5479586e+08 | BA4: =AZ4-$L4 -> 1.5443334e+08 | ... BD4: =BC4-$L4 -> 1.5334578e+08 | BE4: =IF(K4<1,0,SUM(AS4:BD4,AO4)/13*$BE$1) -> 3421459.8 | BF4: 362519.59 | BG4: =BF4*12 -> 4350235.1 | BH4: =BD4-BF4 -> 1.5298326e+08 | BI4: =BH4-$L4 -> 1.5262075e+08 | BJ4: =BI4-$L4 -> 1.5225823e+08 | BK4: =BJ4-$L4 -> 1.5189571e+08 | BL4: =BK4-$L4 -> 1.5153319e+08 | BM4: =BL4-$L4 -> 1.5117067e+08 | BN4: =BM4-$L4 -> 1.5080815e+08 | BO4: =BN4-$L4 -> 1.5044563e+08 | BP4: =BO4-$L4 -> 1.5008311e+08 | ... BS4: =BR4-$L4 -> 1.4899555e+08 | BT4: =IF(AO4<1,0,SUM(BH4:BS4,BD4)/13*$BE$1) -> 3325754.7 | BU4: 362519.59 | BV4: =BU4*12 -> 4350235.1 | BW4: =BS4-BU4 -> 1.4863303e+08 | BX4: =BW4-$L4 -> 1.4827051e+08 | BY4: =BX4-$L4 -> 1.4790799e+08 | BZ4: =BY4-$L4 -> 1.4754547e+08 | CA4: =BZ4-$L4 -> 1.4718295e+08 | CB4: =CA4-$L4 -> 1.4682043e+08 | CC4: =CB4-$L4 -> 1.4645791e+08 | CD4: =CC4-$L4 -> 1.4609539e+08 | CE4: =CD4-$L4 -> 1.4573287e+08 | ... CH4: =CG4-$L4 -> 1.4464531e+08 | CI4: =IF(BD4<1,0,SUM(BW4:CH4,BS4)/13*$BE$1) -> 3230049.5 | CJ4: 362519.59 | CK4: =CJ4*12 -> 4350235.1 | CL4: =CH4-CJ4 -> 1.4428279e+08 | CM4: =CL4-$L4 -> 1.4392027e+08 | CN4: =CM4-$L4 -> 1.4355776e+08 | CO4: =CN4-$L4 -> 1.4319524e+08 | CP4: =CO4-$L4 -> 1.4283272e+08 | CQ4: =CP4-$L4 -> 1.424702e+08 | CR4: =CQ4-$L4 -> 1.4210768e+08 | CS4: =CR4-$L4 -> 1.4174516e+08 | CT4: =CS4-$L4 -> 1.4138264e+08 | ... CW4: =CV4-$L4 -> 1.4029508e+08 | CX4: =IF(BS4<1,0,SUM(CL4:CW4,CH4)/13*$BE$1) -> 3134344.3
A5: 3х-фазный т/огр РТСТГ-10-250-0,025 УЗ №2 | B5: 00001173 | C5: ПРОИЗВОДСТВО | D5: Машины и оборудование (кроме офисного) | E5: 31.03.2010 | F5: Газотурбинный цех | G5: 240 | H5: 2926500 | I5: 1719318.8 | J5: 1207181.2 | K5: 0 | L5: 12193.75 | N5: =L5*12 -> 146325 | O5: =J5-$L5 -> 1194987.5 | P5: =O5-$L5 -> 1182793.8 | Q5: =P5-$L5 -> 1170600 | R5: =Q5-$L5 -> 1158406.2 | S5: =R5-$L5 -> 1146212.5 | T5: =S5-$L5 -> 1134018.8 | U5: =T5-$L5 -> 1121825 | V5: =U5-$L5 -> 1109631.2 | W5: =V5-$L5 -> 1097437.5 | ... Z5: =Y5-$L5 -> 1060856.2 | AC5: =L5*12 -> 146325 | AD5: =Z5-$L5 -> 1048662.5 | AE5: =AD5-$L5 -> 1036468.8 | AF5: =AE5-$L5 -> 1024275 | AG5: =AF5-$L5 -> 1012081.2 | AH5: =AG5-$L5 -> 999887.5 | AI5: =AH5-$L5 -> 987693.75 | AJ5: =AI5-$L5 -> 975500 | AK5: =AJ5-$L5 -> 963306.25 | AL5: =AK5-$L5 -> 951112.5 | ... AO5: =AN5-$L5 -> 914531.25 | AQ5: 12193.75 | AR5: =L5*12 -> 146325 | AS5: =AO5-$L5 -> 902337.5 | AT5: =AS5-$L5 -> 890143.75 | AU5: =AT5-$L5 -> 877950 | AV5: =AU5-$L5 -> 865756.25 | AW5: =AV5-$L5 -> 853562.5 | AX5: =AW5-$L5 -> 841368.75 | AY5: =AX5-$L5 -> 829175 | AZ5: =AY5-$L5 -> 816981.25 | BA5: =AZ5-$L5 -> 804787.5 | ... BD5: =BC5-$L5 -> 768206.25 | BE5: =IF(K5<1,0,SUM(AS5:BD5,AO5)/13*$BE$1) -> 0 | BF5: 12193.75 | BG5: =BF5*12 -> 146325 | BH5: =BD5-BF5 -> 756012.5 | BI5: =BH5-$L5 -> 743818.75 | BJ5: =BI5-$L5 -> 731625 | BK5: =BJ5-$L5 -> 719431.25 | BL5: =BK5-$L5 -> 707237.5 | BM5: =BL5-$L5 -> 695043.75 | BN5: =BM5-$L5 -> 682850 | BO5: =BN5-$L5 -> 670656.25 | BP5: =BO5-$L5 -> 658462.5 | ... BS5: =BR5-$L5 -> 621881.25 | BT5: 0 | BU5: 12193.75 | BV5: =BU5*12 -> 146325 | BW5: =BS5-BU5 -> 609687.5 | BX5: =BW5-$L5 -> 597493.75 | BY5: =BX5-$L5 -> 585300 | BZ5: =BY5-$L5 -> 573106.25 | CA5: =BZ5-$L5 -> 560912.5 | CB5: =CA5-$L5 -> 548718.75 | CC5: =CB5-$L5 -> 536525 | CD5: =CC5-$L5 -> 524331.25 | CE5: =CD5-$L5 -> 512137.5 | ... CH5: =CG5-$L5 -> 475556.25 | CI5: 0 | CJ5: 12193.75 | CK5: =CJ5*12 -> 146325 | CL5: =CH5-CJ5 -> 463362.5 | CM5: =CL5-$L5 -> 451168.75 | CN5: =CM5-$L5 -> 438975 | CO5: =CN5-$L5 -> 426781.25 | CP5: =CO5-$L5 -> 414587.5 | CQ5: =CP5-$L5 -> 402393.75 | CR5: =CQ5-$L5 -> 390200 | CS5: =CR5-$L5 -> 378006.25 | CT5: =CS5-$L5 -> 365812.5 | ... CW5: =CV5-$L5 -> 329231.25 | CX5: 0
A6: 3х-фазный т/огр РТСТГ-10-250-0,025УЗ №1 | B6: 00001172 | C6: ПРОИЗВОДСТВО | D6: Машины и оборудование (кроме офисного) | E6: 31.03.2010 | F6: Газотурбинный цех | G6: 240 | H6: 2926500 | I6: 1719318.8 | J6: 1207181.2 | K6: 0 | L6: 12193.75 | N6: =L6*12 -> 146325 | O6: =J6-$L6 -> 1194987.5 | P6: =O6-$L6 -> 1182793.8 | Q6: =P6-$L6 -> 1170600 | R6: =Q6-$L6 -> 1158406.2 | S6: =R6-$L6 -> 1146212.5 | T6: =S6-$L6 -> 1134018.8 | U6: =T6-$L6 -> 1121825 | V6: =U6-$L6 -> 1109631.2 | W6: =V6-$L6 -> 1097437.5 | ... Z6: =Y6-$L6 -> 1060856.2 | AC6: =L6*12 -> 146325 | AD6: =Z6-$L6 -> 1048662.5 | AE6: =AD6-$L6 -> 1036468.8 | AF6: =AE6-$L6 -> 1024275 | AG6: =AF6-$L6 -> 1012081.2 | AH6: =AG6-$L6 -> 999887.5 | AI6: =AH6-$L6 -> 987693.75 | AJ6: =AI6-$L6 -> 975500 | AK6: =AJ6-$L6 -> 963306.25 | AL6: =AK6-$L6 -> 951112.5 | ... AO6: =AN6-$L6 -> 914531.25 | AQ6: 12193.75 | AR6: =L6*12 -> 146325 | AS6: =AO6-$L6 -> 902337.5 | AT6: =AS6-$L6 -> 890143.75 | AU6: =AT6-$L6 -> 877950 | AV6: =AU6-$L6 -> 865756.25 | AW6: =AV6-$L6 -> 853562.5 | AX6: =AW6-$L6 -> 841368.75 | AY6: =AX6-$L6 -> 829175 | AZ6: =AY6-$L6 -> 816981.25 | BA6: =AZ6-$L6 -> 804787.5 | ... BD6: =BC6-$L6 -> 768206.25 | BE6: =IF(K6<1,0,SUM(AS6:BD6,AO6)/13*$BE$1) -> 0 | BF6: 12193.75 | BG6: =BF6*12 -> 146325 | BH6: =BD6-BF6 -> 756012.5 | BI6: =BH6-$L6 -> 743818.75 | BJ6: =BI6-$L6 -> 731625 | BK6: =BJ6-$L6 -> 719431.25 | BL6: =BK6-$L6 -> 707237.5 | BM6: =BL6-$L6 -> 695043.75 | BN6: =BM6-$L6 -> 682850 | BO6: =BN6-$L6 -> 670656.25 | BP6: =BO6-$L6 -> 658462.5 | ... BS6: =BR6-$L6 -> 621881.25 | BT6: 0 | BU6: 12193.75 | BV6: =BU6*12 -> 146325 | BW6: =BS6-BU6 -> 609687.5 | BX6: =BW6-$L6 -> 597493.75 | BY6: =BX6-$L6 -> 585300 | BZ6: =BY6-$L6 -> 573106.25 | CA6: =BZ6-$L6 -> 560912.5 | CB6: =CA6-$L6 -> 548718.75 | CC6: =CB6-$L6 -> 536525 | CD6: =CC6-$L6 -> 524331.25 | CE6: =CD6-$L6 -> 512137.5 | ... CH6: =CG6-$L6 -> 475556.25 | CI6: 0 | CJ6: 12193.75 | CK6: =CJ6*12 -> 146325 | CL6: =CH6-CJ6 -> 463362.5 | CM6: =CL6-$L6 -> 451168.75 | CN6: =CM6-$L6 -> 438975 | CO6: =CN6-$L6 -> 426781.25 | CP6: =CO6-$L6 -> 414587.5 | CQ6: =CP6-$L6 -> 402393.75 | CR6: =CQ6-$L6 -> 390200 | CS6: =CR6-$L6 -> 378006.25 | CT6: =CS6-$L6 -> 365812.5 | ... CW6: =CV6-$L6 -> 329231.25 | CX6: 0
A7: TIP-HOL-MT-7 - Универсальный монитор-тестер AHD/CVI/TVI/CVBS/SDI и IP-видеосистем | B7: 000001855 | C7: ПРОИЗВОДСТВО | D7: Машины и оборудование (кроме офисного) | E7: 23.06.2021 | F7: Электрический цех | G7: 84 | H7: 82366.67 | I7: 5883.3336 | J7: 76483.336 | K7: 0 | L7: 980.56 | N7: =L7*12 -> 11766.72 | O7: =J7-$L7 -> 75502.776 | P7: =O7-$L7 -> 74522.216 | Q7: =P7-$L7 -> 73541.656 | R7: =Q7-$L7 -> 72561.096 | S7: =R7-$L7 -> 71580.536 | T7: =S7-$L7 -> 70599.976 | U7: =T7-$L7 -> 69619.416 | V7: =U7-$L7 -> 68638.856 | W7: =V7-$L7 -> 67658.296 | ... Z7: =Y7-$L7 -> 64716.616 | AC7: =L7*12 -> 11766.72 | AD7: =Z7-$L7 -> 63736.056 | AE7: =AD7-$L7 -> 62755.496 | AF7: =AE7-$L7 -> 61774.936 | AG7: =AF7-$L7 -> 60794.376 | AH7: =AG7-$L7 -> 59813.816 | AI7: =AH7-$L7 -> 58833.256 | AJ7: =AI7-$L7 -> 57852.696 | AK7: =AJ7-$L7 -> 56872.136 | AL7: =AK7-$L7 -> 55891.576 | ... AO7: =AN7-$L7 -> 52949.896 | AQ7: 980.56 | AR7: =L7*12 -> 11766.72 | AS7: =AO7-$L7 -> 51969.336 | AT7: =AS7-$L7 -> 50988.776 | AU7: =AT7-$L7 -> 50008.216 | AV7: =AU7-$L7 -> 49027.656 | AW7: =AV7-$L7 -> 48047.096 | AX7: =AW7-$L7 -> 47066.536 | AY7: =AX7-$L7 -> 46085.976 | AZ7: =AY7-$L7 -> 45105.416 | BA7: =AZ7-$L7 -> 44124.856 | ... BD7: =BC7-$L7 -> 41183.176 | BE7: =IF(K7<1,0,SUM(AS7:BD7,AO7)/13*$BE$1) -> 0 | BF7: 980.56 | BG7: =BF7*12 -> 11766.72 | BH7: =BD7-BF7 -> 40202.616 | BI7: =BH7-$L7 -> 39222.056 | BJ7: =BI7-$L7 -> 38241.496 | BK7: =BJ7-$L7 -> 37260.936 | BL7: =BK7-$L7 -> 36280.376 | BM7: =BL7-$L7 -> 35299.816 | BN7: =BM7-$L7 -> 34319.256 | BO7: =BN7-$L7 -> 33338.696 | BP7: =BO7-$L7 -> 32358.136 | ... BS7: =BR7-$L7 -> 29416.456 | BT7: 0 | BU7: 980.56 | BV7: =BU7*12 -> 11766.72 | BW7: =BS7-BU7 -> 28435.896 | BX7: =BW7-$L7 -> 27455.336 | BY7: =BX7-$L7 -> 26474.776 | BZ7: =BY7-$L7 -> 25494.216 | CA7: =BZ7-$L7 -> 24513.656 | CB7: =CA7-$L7 -> 23533.096 | CC7: =CB7-$L7 -> 22552.536 | CD7: =CC7-$L7 -> 21571.976 | CE7: =CD7-$L7 -> 20591.416 | ... CH7: =CG7-$L7 -> 17649.736 | CI7: 0 | CJ7: 980.56 | CK7: =CJ7*12 -> 11766.72 | CL7: =CH7-CJ7 -> 16669.176 | CM7: =CL7-$L7 -> 15688.616 | CN7: =CM7-$L7 -> 14708.056 | CO7: =CN7-$L7 -> 13727.496 | CP7: =CO7-$L7 -> 12746.936 | CQ7: =CP7-$L7 -> 11766.376 | CR7: =CQ7-$L7 -> 10785.816 | CS7: =CR7-$L7 -> 9805.2564 | CT7: =CS7-$L7 -> 8824.6964 | ... CW7: =CV7-$L7 -> 5883.0164 | CX7: 0
A8: Аппарат для испытания масла "ВОЛНА-АИМ90В" | B8: 000001705 | C8: ПРОИЗВОДСТВО | D8: Машины и оборудование (кроме офисного) | E8: 18.07.2017 | F8: Электрический цех | G8: 120 | H8: 142372.88 | I8: 62881.328 | J8: 79491.552 | K8: 0 | L8: 1186.44 | N8: =L8*12 -> 14237.28 | O8: =J8-$L8 -> 78305.112 | P8: =O8-$L8 -> 77118.672 | Q8: =P8-$L8 -> 75932.232 | R8: =Q8-$L8 -> 74745.792 | S8: =R8-$L8 -> 73559.352 | T8: =S8-$L8 -> 72372.912 | U8: =T8-$L8 -> 71186.472 | V8: =U8-$L8 -> 70000.032 | W8: =V8-$L8 -> 68813.592 | ... Z8: =Y8-$L8 -> 65254.272 | AC8: =L8*12 -> 14237.28 | AD8: =Z8-$L8 -> 64067.832 | AE8: =AD8-$L8 -> 62881.392 | AF8: =AE8-$L8 -> 61694.952 | AG8: =AF8-$L8 -> 60508.512 | AH8: =AG8-$L8 -> 59322.072 | AI8: =AH8-$L8 -> 58135.632 | AJ8: =AI8-$L8 -> 56949.192 | AK8: =AJ8-$L8 -> 55762.752 | AL8: =AK8-$L8 -> 54576.312 | ... AO8: =AN8-$L8 -> 51016.992 | AQ8: 1186.44 | AR8: =L8*12 -> 14237.28 | AS8: =AO8-$L8 -> 49830.552 | AT8: =AS8-$L8 -> 48644.112 | AU8: =AT8-$L8 -> 47457.672 | AV8: =AU8-$L8 -> 46271.232 | AW8: =AV8-$L8 -> 45084.792 | AX8: =AW8-$L8 -> 43898.352 | AY8: =AX8-$L8 -> 42711.912 | AZ8: =AY8-$L8 -> 41525.472 | BA8: =AZ8-$L8 -> 40339.032 | ... BD8: =BC8-$L8 -> 36779.712 | BE8: =IF(K8<1,0,SUM(AS8:BD8,AO8)/13*$BE$1) -> 0 | BF8: 1186.44 | BG8: =BF8*12 -> 14237.28 | BH8: =BD8-BF8 -> 35593.272 | BI8: =BH8-$L8 -> 34406.832 | BJ8: =BI8-$L8 -> 33220.392 | BK8: =BJ8-$L8 -> 32033.952 | BL8: =BK8-$L8 -> 30847.512 | BM8: =BL8-$L8 -> 29661.072 | BN8: =BM8-$L8 -> 28474.632 | BO8: =BN8-$L8 -> 27288.192 | BP8: =BO8-$L8 -> 26101.752 | ... BS8: =BR8-$L8 -> 22542.432 | BT8: 0 | BU8: 1186.44 | BV8: =BU8*12 -> 14237.28 | BW8: =BS8-BU8 -> 21355.992 | BX8: =BW8-$L8 -> 20169.552 | BY8: =BX8-$L8 -> 18983.112 | BZ8: =BY8-$L8 -> 17796.672 | CA8: =BZ8-$L8 -> 16610.232 | CB8: =CA8-$L8 -> 15423.792 | CC8: =CB8-$L8 -> 14237.352 | CD8: =CC8-$L8 -> 13050.912 | CE8: =CD8-$L8 -> 11864.472 | ... CH8: =CG8-$L8 -> 8305.152 | CI8: 0 | CJ8: 1186.44 | CK8: 8305.15 | CL8: =CH8-CJ8 -> 7118.712 | CM8: =CL8-$L8 -> 5932.272 | CN8: =CM8-$L8 -> 4745.832 | CO8: =CN8-$L8 -> 3559.392 | CP8: =CO8-$L8 -> 2372.952 | CQ8: =CP8-$L8 -> 1186.512 | CR8: =CQ8-$L8 -> 0.072 | CX8: 0
A9: Аппаратура виброконтроля СВКА 1-2-06 | B9: 000001824 | C9: ПРОИЗВОДСТВО | D9: Машины и оборудование (кроме офисного) | E9: 02.11.2020 | F9: Газотурбинный цех | G9: 84 | H9: 821895 | I9: 127198.03 | J9: 694696.97 | K9: 0 | L9: 9784.4658 | N9: =L9*12 -> 117413.59 | O9: =J9-$L9 -> 684912.5 | P9: =O9-$L9 -> 675128.04 | Q9: =P9-$L9 -> 665343.57 | R9: =Q9-$L9 -> 655559.11 | S9: =R9-$L9 -> 645774.64 | T9: =S9-$L9 -> 635990.17 | U9: =T9-$L9 -> 626205.71 | V9: =U9-$L9 -> 616421.24 | W9: =V9-$L9 -> 606636.78 | ... Z9: =Y9-$L9 -> 577283.38 | AC9: =L9*12 -> 117413.59 | AD9: =Z9-$L9 -> 567498.91 | AE9: =AD9-$L9 -> 557714.45 | AF9: =AE9-$L9 -> 547929.98 | AG9: =AF9-$L9 -> 538145.52 | AH9: =AG9-$L9 -> 528361.05 | AI9: =AH9-$L9 -> 518576.58 | AJ9: =AI9-$L9 -> 508792.12 | AK9: =AJ9-$L9 -> 499007.65 | AL9: =AK9-$L9 -> 489223.19 | ... AO9: =AN9-$L9 -> 459869.79 | AQ9: 9784.4658 | AR9: =L9*12 -> 117413.59 | AS9: =AO9-$L9 -> 450085.32 | AT9: =AS9-$L9 -> 440300.86 | AU9: =AT9-$L9 -> 430516.39 | AV9: =AU9-$L9 -> 420731.93 | AW9: =AV9-$L9 -> 410947.46 | AX9: =AW9-$L9 -> 401162.99 | AY9: =AX9-$L9 -> 391378.53 | AZ9: =AY9-$L9 -> 381594.06 | BA9: =AZ9-$L9 -> 371809.6 | ... BD9: =BC9-$L9 -> 342456.2 | BE9: =IF(K9<1,0,SUM(AS9:BD9,AO9)/13*$BE$1) -> 0 | BF9: 9784.4658 | BG9: =BF9*12 -> 117413.59 | BH9: =BD9-BF9 -> 332671.73 | BI9: =BH9-$L9 -> 322887.27 | BJ9: =BI9-$L9 -> 313102.8 | BK9: =BJ9-$L9 -> 303318.34 | BL9: =BK9-$L9 -> 293533.87 | BM9: =BL9-$L9 -> 283749.4 | BN9: =BM9-$L9 -> 273964.94 | BO9: =BN9-$L9 -> 264180.47 | BP9: =BO9-$L9 -> 254396.01 | ... BS9: =BR9-$L9 -> 225042.61 | BT9: 0 | BU9: 9784.4658 | BV9: =BU9*12 -> 117413.59 | BW9: =BS9-BU9 -> 215258.14 | BX9: =BW9-$L9 -> 205473.68 | BY9: =BX9-$L9 -> 195689.21 | BZ9: =BY9-$L9 -> 185904.75 | CA9: =BZ9-$L9 -> 176120.28 | CB9: =CA9-$L9 -> 166335.81 | CC9: =CB9-$L9 -> 156551.35 | CD9: =CC9-$L9 -> 146766.88 | CE9: =CD9-$L9 -> 136982.42 | ... CH9: =CG9-$L9 -> 107629.02 | CI9: 0 | CJ9: 9784.4658 | CK9: 107629.02 | CL9: =CH9-CJ9 -> 97844.553 | CM9: =CL9-$L9 -> 88060.087 | CN9: =CM9-$L9 -> 78275.621 | CO9: =CN9-$L9 -> 68491.155 | CP9: =CO9-$L9 -> 58706.689 | CQ9: =CP9-$L9 -> 48922.224 | CR9: =CQ9-$L9 -> 39137.758 | CS9: =CR9-$L9 -> 29353.292 | CT9: =CS9-$L9 -> 19568.826 | CU9: =CT9-$L9 -> 9784.3603 | CX9: 0
A10: Блок управления БУШ ДГ-011 №960811011058 | B10: 00001378 | C10: ПРОИЗВОДСТВО | D10: Машины и оборудование (кроме офисного) | E10: 18.10.2011 | F10: Газотурбинный цех | G10: 120 | H10: 315000 | I10: 315000 | J10: 0 | K10: 0 | L10: 0 | N10: =L10*12 -> 0 | O10: =J10-$L10 -> 0 | P10: =O10-$L10 -> 0 | Q10: =P10-$L10 -> 0 | R10: =Q10-$L10 -> 0 | S10: =R10-$L10 -> 0 | T10: =S10-$L10 -> 0 | U10: =T10-$L10 -> 0 | V10: =U10-$L10 -> 0 | W10: =V10-$L10 -> 0 | ... Z10: =Y10-$L10 -> 0 | AC10: =L10*12 -> 0 | AD10: =Z10-$L10 -> 0 | AE10: =AD10-$L10 -> 0 | AF10: =AE10-$L10 -> 0 | AG10: =AF10-$L10 -> 0 | AH10: =AG10-$L10 -> 0 | AI10: =AH10-$L10 -> 0 | AJ10: =AI10-$L10 -> 0 | AK10: =AJ10-$L10 -> 0 | AL10: =AK10-$L10 -> 0 | ... AO10: =AN10-$L10 -> 0 | AQ10: 0 | BE10: =IF(K10<1,0,SUM(AS10:BD10,AO10)/13*$BE$1) -> 0 | BF10: 0 | BT10: =IF(Z10<1,0,SUM(BH10:BS10,BD10)/13*$BE$1) -> 0 | BU10: 0 | CI10: =IF(AO10<1,0,SUM(BW10:CH10,BS10)/13*$BE$1) -> 0 | CJ10: 0 | CX10: =IF(BD10<1,0,SUM(CL10:CW10,CH10)/13*$BE$1) -> 0
A11: Видеоэндоскоп jProbe VJ-ADV, диаметр рабочей части 6,9 мм, длин. зонда -3м | B11: 000001640 | C11: ПРОИЗВОДСТВО | D11: Машины и оборудование (кроме офисного) | E11: 31.07.2014 | F11: Газотурбинный цех | G11: 84 | H11: 338983.05 | I11: 338983.05 | J11: 0 | K11: 0 | L11: 0 | N11: =L11*12 -> 0 | O11: =J11-$L11 -> 0 | P11: =O11-$L11 -> 0 | Q11: =P11-$L11 -> 0 | R11: =Q11-$L11 -> 0 | S11: =R11-$L11 -> 0 | T11: =S11-$L11 -> 0 | U11: =T11-$L11 -> 0 | V11: =U11-$L11 -> 0 | W11: =V11-$L11 -> 0 | ... Z11: =Y11-$L11 -> 0 | AC11: =L11*12 -> 0 | AD11: =Z11-$L11 -> 0 | AE11: =AD11-$L11 -> 0 | AF11: =AE11-$L11 -> 0 | AG11: =AF11-$L11 -> 0 | AH11: =AG11-$L11 -> 0 | AI11: =AH11-$L11 -> 0 | AJ11: =AI11-$L11 -> 0 | AK11: =AJ11-$L11 -> 0 | AL11: =AK11-$L11 -> 0 | ... AO11: =AN11-$L11 -> 0 | AQ11: 0 | BE11: =IF(K11<1,0,SUM(AS11:BD11,AO11)/13*$BE$1) -> 0 | BF11: 0 | BT11: =IF(Z11<1,0,SUM(BH11:BS11,BD11)/13*$BE$1) -> 0 | BU11: 0 | CI11: =IF(AO11<1,0,SUM(BW11:CH11,BS11)/13*$BE$1) -> 0 | CJ11: 0 | CX11: =IF(BD11<1,0,SUM(CL11:CW11,CH11)/13*$BE$1) -> 0
A12: Воздушная линия 0,4 кВ (ТУ 487 от 02.07.20) | B12: 000001867 | C12: ПРОИЗВОДСТВО | D12: Сооружения | E12: 21.10.2021 | F12: ДЭС п.Красное | G12: 480 | H12: 205964.57 | I12: 858.18571 | J12: 205106.38 | K12: 1 | L12: 429.09 | N12: =L12*12 -> 5149.08 | O12: =J12-$L12 -> 204677.29 | P12: =O12-$L12 -> 204248.2 | Q12: =P12-$L12 -> 203819.11 | R12: =Q12-$L12 -> 203390.02 | S12: =R12-$L12 -> 202960.93 | T12: =S12-$L12 -> 202531.84 | U12: =T12-$L12 -> 202102.75 | V12: =U12-$L12 -> 201673.66 | W12: =V12-$L12 -> 201244.57 | ... Z12: =Y12-$L12 -> 199957.3 | AA12: =SUM(O12:Z12,J12)/13*$AA$1 -> 4455.7006 | AC12: =L12*12 -> 5149.08 | AD12: =Z12-$L12 -> 199528.21 | AE12: =AD12-$L12 -> 199099.12 | AF12: =AE12-$L12 -> 198670.03 | AG12: =AF12-$L12 -> 198240.94 | AH12: =AG12-$L12 -> 197811.85 | AI12: =AH12-$L12 -> 197382.76 | AJ12: =AI12-$L12 -> 196953.67 | AK12: =AJ12-$L12 -> 196524.58 | AL12: =AK12-$L12 -> 196095.49 | ... AO12: =AN12-$L12 -> 194808.22 | AP12: =IF(K12<1,0,SUM(AD12:AO12,Z12)/13*$BE$1) -> 4342.4208 | AQ12: 429.09 | AR12: =L12*12 -> 5149.08 | AS12: =AO12-$L12 -> 194379.13 | AT12: =AS12-$L12 -> 193950.04 | AU12: =AT12-$L12 -> 193520.95 | AV12: =AU12-$L12 -> 193091.86 | AW12: =AV12-$L12 -> 192662.77 | AX12: =AW12-$L12 -> 192233.68 | AY12: =AX12-$L12 -> 191804.59 | AZ12: =AY12-$L12 -> 191375.5 | BA12: =AZ12-$L12 -> 190946.41 | ... BD12: =BC12-$L12 -> 189659.14 | BE12: =IF(K12<1,0,SUM(AS12:BD12,AO12)/13*$BE$1) -> 4229.1411 | BF12: 429.09 | BG12: =BF12*12 -> 5149.08 | BH12: =BD12-BF12 -> 189230.05 | BI12: =BH12-$L12 -> 188800.96 | BJ12: =BI12-$L12 -> 188371.87 | BK12: =BJ12-$L12 -> 187942.78 | BL12: =BK12-$L12 -> 187513.69 | BM12: =BL12-$L12 -> 187084.6 | BN12: =BM12-$L12 -> 186655.51 | BO12: =BN12-$L12 -> 186226.42 | BP12: =BO12-$L12 -> 185797.33 | ... BS12: =BR12-$L12 -> 184510.06 | BT12: =IF(Z12<1,0,SUM(BH12:BS12,BD12)/13*$BE$1) -> 4115.8613 | BU12: 429.09 | BV12: =BU12*12 -> 5149.08 | BW12: =BS12-BU12 -> 184080.97 | BX12: =BW12-$L12 -> 183651.88 | BY12: =BX12-$L12 -> 183222.79 | BZ12: =BY12-$L12 -> 182793.7 | CA12: =BZ12-$L12 -> 182364.61 | CB12: =CA12-$L12 -> 181935.52 | CC12: =CB12-$L12 -> 181506.43 | CD12: =CC12-$L12 -> 181077.34 | CE12: =CD12-$L12 -> 180648.25 | ... CH12: =CG12-$L12 -> 179360.98 | CI12: =IF(AO12<1,0,SUM(BW12:CH12,BS12)/13*$BE$1) -> 4002.5815 | CJ12: 429.09 | CK12: =CJ12*12 -> 5149.08 | CL12: =CH12-CJ12 -> 178931.89 | CM12: =CL12-$L12 -> 178502.8 | CN12: =CM12-$L12 -> 178073.71 | CO12: =CN12-$L12 -> 177644.62 | CP12: =CO12-$L12 -> 177215.53 | CQ12: =CP12-$L12 -> 176786.44 | CR12: =CQ12-$L12 -> 176357.35 | CS12: =CR12-$L12 -> 175928.26 | CT12: =CS12-$L12 -> 175499.17 | ... CW12: =CV12-$L12 -> 174211.9 | CX12: =IF(BD12<1,0,SUM(CL12:CW12,CH12)/13*$BE$1) -> 3889.3018
A13: Вольтамперфазометр РЕТОМЕТР-М2 (НПП "ДИНАМИКА") | B13: 000001719 | C13: ПРОИЗВОДСТВО | D13: Машины и оборудование (кроме офисного) | E13: 28.04.2018 | F13: Электрический цех | G13: 60 | H13: 63431.72 | I13: 46516.744 | J13: 16914.976 | K13: 0 | L13: 1057.2 | N13: =L13*12 -> 12686.4 | O13: =J13-$L13 -> 15857.776 | P13: =O13-$L13 -> 14800.576 | Q13: =P13-$L13 -> 13743.376 | R13: =Q13-$L13 -> 12686.176 | S13: =R13-$L13 -> 11628.976 | T13: =S13-$L13 -> 10571.776 | U13: =T13-$L13 -> 9514.576 | V13: =U13-$L13 -> 8457.376 | W13: =V13-$L13 -> 7400.176 | ... Z13: =Y13-$L13 -> 4228.576 | AC13: =L13*4-0.22 -> 4228.58 | AD13: =Z13-$L13 -> 3171.376 | AE13: =AD13-$L13 -> 2114.176 | AF13: =AE13-$L13 -> 1056.976 | AG13: =AF13-$L13+0.22 -> -0.004 | AH13: =AG13-$L13*0 -> -0.004 | AI13: =AH13-$L13*0 -> -0.004 | AJ13: =AI13-$L13*0 -> -0.004 | AK13: =AJ13-$L13*0 -> -0.004 | AL13: =AK13-$L13*0 -> -0.004 | AM13: =AL13-$L13*0 -> -0.004 | AN13: =AM13-$L13*0 -> -0.004 | AO13: =AN13-$L13*0 -> -0.004 | AQ13: 0 | BE13: =IF(K13<1,0,SUM(AS13:BD13,AO13)/13*$BE$1) -> 0 | BF13: 0 | BT13: =IF(Z13<1,0,SUM(BH13:BS13,BD13)/13*$BE$1) -> 0 | BU13: 0 | CI13: =IF(AO13<1,0,SUM(BW13:CH13,BS13)/13*$BE$1) -> 0 | CJ13: 0 | CX13: =IF(BD13<1,0,SUM(CL13:CW13,CH13)/13*$BE$1) -> 0
A14: Выпрямитель для стац аккум установок №1 | B14: 00001177 | C14: ПРОИЗВОДСТВО | D14: Машины и оборудование (кроме офисного) | E14: 31.03.2010 | F14: Газотурбинный цех | G14: 240 | H14: 474500 | I14: 278768.32 | J14: 195731.68 | K14: 0 | L14: 1977.09 | N14: =L14*12 -> 23725.08 | O14: =J14-$L14 -> 193754.59 | P14: =O14-$L14 -> 191777.5 | Q14: =P14-$L14 -> 189800.41 | R14: =Q14-$L14 -> 187823.32 | S14: =R14-$L14 -> 185846.23 | T14: =S14-$L14 -> 183869.14 | U14: =T14-$L14 -> 181892.05 | V14: =U14-$L14 -> 179914.96 | W14: =V14-$L14 -> 177937.87 | ... Z14: =Y14-$L14 -> 172006.6 | AC14: =L14*12 -> 23725.08 | AD14: =Z14-$L14 -> 170029.51 | AE14: =AD14-$L14 -> 168052.42 | AF14: =AE14-$L14 -> 166075.33 | AG14: =AF14-$L14 -> 164098.24 | AH14: =AG14-$L14 -> 162121.15 | AI14: =AH14-$L14 -> 160144.06 | AJ14: =AI14-$L14 -> 158166.97 | AK14: =AJ14-$L14 -> 156189.88 | AL14: =AK14-$L14 -> 154212.79 | ... AO14: =AN14-$L14 -> 148281.52 | AQ14: 1977.09 | AR14: =L14*12 -> 23725.08 | AS14: =AO14-$L14 -> 146304.43 | AT14: =AS14-$L14 -> 144327.34 | AU14: =AT14-$L14 -> 142350.25 | AV14: =AU14-$L14 -> 140373.16 | AW14: =AV14-$L14 -> 138396.07 | AX14: =AW14-$L14 -> 136418.98 | AY14: =AX14-$L14 -> 134441.89 | AZ14: =AY14-$L14 -> 132464.8 | BA14: =AZ14-$L14 -> 130487.71 | ... BD14: =BC14-$L14 -> 124556.44 | BE14: =IF(K14<1,0,SUM(AS14:BD14,AO14)/13*$BE$1) -> 0 | BF14: 1977.09 | BG14: =BF14*12 -> 23725.08 | BH14: =BD14-BF14 -> 122579.35 | BI14: =BH14-$L14 -> 120602.26 | BJ14: =BI14-$L14 -> 118625.17 | BK14: =BJ14-$L14 -> 116648.08 | BL14: =BK14-$L14 -> 114670.99 | BM14: =BL14-$L14 -> 112693.9 | BN14: =BM14-$L14 -> 110716.81 | BO14: =BN14-$L14 -> 108739.72 | BP14: =BO14-$L14 -> 106762.63 | ... BS14: =BR14-$L14 -> 100831.36 | BT14: 0 | BU14: 1977.09 | BV14: =BU14*12 -> 23725.08 | BW14: =BS14-BU14 -> 98854.27 | BX14: =BW14-$L14 -> 96877.18 | BY14: =BX14-$L14 -> 94900.09 | BZ14: =BY14-$L14 -> 92923 | CA14: =BZ14-$L14 -> 90945.91 | CB14: =CA14-$L14 -> 88968.82 | CC14: =CB14-$L14 -> 86991.73 | CD14: =CC14-$L14 -> 85014.64 | CE14: =CD14-$L14 -> 83037.55 | ... CH14: =CG14-$L14 -> 77106.28 | CI14: 0 | CJ14: 1977.09 | CK14: =CJ14*12 -> 23725.08 | CL14: =CH14-CJ14 -> 75129.19 | CM14: =CL14-$L14 -> 73152.1 | CN14: =CM14-$L14 -> 71175.01 | CO14: =CN14-$L14 -> 69197.92 | CP14: =CO14-$L14 -> 67220.83 | CQ14: =CP14-$L14 -> 65243.74 | CR14: =CQ14-$L14 -> 63266.65 | CS14: =CR14-$L14 -> 61289.56 | CT14: =CS14-$L14 -> 59312.47 | ... CW14: =CV14-$L14 -> 53381.2 | CX14: 0
A15: Выпрямитель для стац аккум установок №2 | B15: 00001178 | C15: ПРОИЗВОДСТВО | D15: Машины и оборудование (кроме офисного) | E15: 31.03.2010 | F15: Газотурбинный цех | G15: 240 | H15: 474500 | I15: 278768.32 | J15: 195731.68 | K15: 0 | L15: 1977.09 | N15: =L15*12 -> 23725.08 | O15: =J15-$L15 -> 193754.59 | P15: =O15-$L15 -> 191777.5 | Q15: =P15-$L15 -> 189800.41 | R15: =Q15-$L15 -> 187823.32 | S15: =R15-$L15 -> 185846.23 | T15: =S15-$L15 -> 183869.14 | U15: =T15-$L15 -> 181892.05 | V15: =U15-$L15 -> 179914.96 | W15: =V15-$L15 -> 177937.87 | ... Z15: =Y15-$L15 -> 172006.6 | AC15: =L15*12 -> 23725.08 | AD15: =Z15-$L15 -> 170029.51 | AE15: =AD15-$L15 -> 168052.42 | AF15: =AE15-$L15 -> 166075.33 | AG15: =AF15-$L15 -> 164098.24 | AH15: =AG15-$L15 -> 162121.15 | AI15: =AH15-$L15 -> 160144.06 | AJ15: =AI15-$L15 -> 158166.97 | AK15: =AJ15-$L15 -> 156189.88 | AL15: =AK15-$L15 -> 154212.79 | ... AO15: =AN15-$L15 -> 148281.52 | AQ15: 1977.09 | AR15: =L15*12 -> 23725.08 | AS15: =AO15-$L15 -> 146304.43 | AT15: =AS15-$L15 -> 144327.34 | AU15: =AT15-$L15 -> 142350.25 | AV15: =AU15-$L15 -> 140373.16 | AW15: =AV15-$L15 -> 138396.07 | AX15: =AW15-$L15 -> 136418.98 | AY15: =AX15-$L15 -> 134441.89 | AZ15: =AY15-$L15 -> 132464.8 | BA15: =AZ15-$L15 -> 130487.71 | ... BD15: =BC15-$L15 -> 124556.44 | BE15: =IF(K15<1,0,SUM(AS15:BD15,AO15)/13*$BE$1) -> 0 | BF15: 1977.09 | BG15: =BF15*12 -> 23725.08 | BH15: =BD15-BF15 -> 122579.35 | BI15: =BH15-$L15 -> 120602.26 | BJ15: =BI15-$L15 -> 118625.17 | BK15: =BJ15-$L15 -> 116648.08 | BL15: =BK15-$L15 -> 114670.99 | BM15: =BL15-$L15 -> 112693.9 | BN15: =BM15-$L15 -> 110716.81 | BO15: =BN15-$L15 -> 108739.72 | BP15: =BO15-$L15 -> 106762.63 | ... BS15: =BR15-$L15 -> 100831.36 | BT15: 0 | BU15: 1977.09 | BV15: =BU15*12 -> 23725.08 | BW15: =BS15-BU15 -> 98854.27 | BX15: =BW15-$L15 -> 96877.18 | BY15: =BX15-$L15 -> 94900.09 | BZ15: =BY15-$L15 -> 92923 | CA15: =BZ15-$L15 -> 90945.91 | CB15: =CA15-$L15 -> 88968.82 | CC15: =CB15-$L15 -> 86991.73 | CD15: =CC15-$L15 -> 85014.64 | CE15: =CD15-$L15 -> 83037.55 | ... CH15: =CG15-$L15 -> 77106.28 | CI15: 0 | CJ15: 1977.09 | CK15: =CJ15*12 -> 23725.08 | CL15: =CH15-CJ15 -> 75129.19 | CM15: =CL15-$L15 -> 73152.1 | CN15: =CM15-$L15 -> 71175.01 | CO15: =CN15-$L15 -> 69197.92 | CP15: =CO15-$L15 -> 67220.83 | CQ15: =CP15-$L15 -> 65243.74 | CR15: =CQ15-$L15 -> 63266.65 | CS15: =CR15-$L15 -> 61289.56 | CT15: =CS15-$L15 -> 59312.47 | ... CW15: =CV15-$L15 -> 53381.2 | CX15: 0
A16: Высоковольтная установка для испытания кабелей из сшитого полиэтилена (СПЭ) повышенным напряжением сверхнизкой частоты (СНЧ/VLF) АИСТ СНЧ 36 | B16: 000001818 | C16: ПРОИЗВОДСТВО | D16: Машины и оборудование (кроме офисного) | E16: 29.06.2020 | F16: Электрический цех | G16: 84 | H16: 564250 | I16: 120910.7 | J16: 443339.3 | K16: 0 | L16: 6717.26 | N16: =L16*12 -> 80607.12 | O16: =J16-$L16 -> 436622.04 | P16: =O16-$L16 -> 429904.78 | Q16: =P16-$L16 -> 423187.52 | R16: =Q16-$L16 -> 416470.26 | S16: =R16-$L16 -> 409753 | T16: =S16-$L16 -> 403035.74 | U16: =T16-$L16 -> 396318.48 | V16: =U16-$L16 -> 389601.22 | W16: =V16-$L16 -> 382883.96 | ... Z16: =Y16-$L16 -> 362732.18 | AC16: =L16*12 -> 80607.12 | AD16: =Z16-$L16 -> 356014.92 | AE16: =AD16-$L16 -> 349297.66 | AF16: =AE16-$L16 -> 342580.4 | AG16: =AF16-$L16 -> 335863.14 | AH16: =AG16-$L16 -> 329145.88 | AI16: =AH16-$L16 -> 322428.62 | AJ16: =AI16-$L16 -> 315711.36 | AK16: =AJ16-$L16 -> 308994.1 | AL16: =AK16-$L16 -> 302276.84 | ... AO16: =AN16-$L16 -> 282125.06 | AQ16: 6717.26 | AR16: =L16*12 -> 80607.12 | AS16: =AO16-$L16 -> 275407.8 | AT16: =AS16-$L16 -> 268690.54 | AU16: =AT16-$L16 -> 261973.28 | AV16: =AU16-$L16 -> 255256.02 | AW16: =AV16-$L16 -> 248538.76 | AX16: =AW16-$L16 -> 241821.5 | AY16: =AX16-$L16 -> 235104.24 | AZ16: =AY16-$L16 -> 228386.98 | BA16: =AZ16-$L16 -> 221669.72 | ... BD16: =BC16-$L16 -> 201517.94 | BE16: =IF(K16<1,0,SUM(AS16:BD16,AO16)/13*$BE$1) -> 0 | BF16: 6717.26 | BG16: =BF16*12 -> 80607.12 | BH16: =BD16-BF16 -> 194800.68 | BI16: =BH16-$L16 -> 188083.42 | BJ16: =BI16-$L16 -> 181366.16 | BK16: =BJ16-$L16 -> 174648.9 | BL16: =BK16-$L16 -> 167931.64 | BM16: =BL16-$L16 -> 161214.38 | BN16: =BM16-$L16 -> 154497.12 | BO16: =BN16-$L16 -> 147779.86 | BP16: =BO16-$L16 -> 141062.6 | ... BS16: =BR16-$L16 -> 120910.82 | BT16: 0 | BU16: 6717.26 | BV16: =BU16*12 -> 80607.12 | BW16: =BS16-BU16 -> 114193.56 | BX16: =BW16-$L16 -> 107476.3 | BY16: =BX16-$L16 -> 100759.04 | BZ16: =BY16-$L16 -> 94041.777 | CA16: =BZ16-$L16 -> 87324.517 | CB16: =CA16-$L16 -> 80607.257 | CC16: =CB16-$L16 -> 73889.997 | CD16: =CC16-$L16 -> 67172.737 | CE16: =CD16-$L16 -> 60455.477 | ... CH16: =CG16-$L16 -> 40303.697 | CI16: 0 | CJ16: 6717.26 | CK16: 40303.7 | CL16: =CH16-CJ16 -> 33586.437 | CM16: =CL16-$L16 -> 26869.177 | CN16: =CM16-$L16 -> 20151.917 | CO16: =CN16-$L16 -> 13434.657 | CP16: =CO16-$L16 -> 6717.3971 | CQ16: =CP16-$L16 -> 0.13714286 | CX16: 0
A17: Газоанализатор СГОЭС (метан) | B17: 000001757 | C17: ПРОИЗВОДСТВО | D17: Машины и оборудование (кроме офисного) | E17: 27.02.2019 | F17: Газотурбинный цех | G17: 60 | H17: 71300 | I17: 40403.26 | J17: 30896.74 | K17: 0 | L17: 1188.33 | N17: =L17*12 -> 14259.96 | O17: =J17-$L17 -> 29708.41 | P17: =O17-$L17 -> 28520.08 | Q17: =P17-$L17 -> 27331.75 | R17: =Q17-$L17 -> 26143.42 | S17: =R17-$L17 -> 24955.09 | T17: =S17-$L17 -> 23766.76 | U17: =T17-$L17 -> 22578.43 | V17: =U17-$L17 -> 21390.1 | W17: =V17-$L17 -> 20201.77 | ... Z17: =Y17-$L17 -> 16636.78 | AC17: =L17*12 -> 14259.96 | AD17: =Z17-$L17 -> 15448.45 | AE17: =AD17-$L17 -> 14260.12 | AF17: =AE17-$L17 -> 13071.79 | AG17: =AF17-$L17 -> 11883.46 | AH17: =AG17-$L17 -> 10695.13 | AI17: =AH17-$L17 -> 9506.8 | AJ17: =AI17-$L17 -> 8318.47 | AK17: =AJ17-$L17 -> 7130.14 | AL17: =AK17-$L17 -> 5941.81 | ... AO17: =AN17-$L17 -> 2376.82 | AQ17: 1188.33 | AR17: =L17*2+0.16 -> 2376.82 | AS17: =AO17-$L17 -> 1188.49 | AT17: =AS17-$L17-0.16 -> -2.1973395e-11 | AU17: =AT17-$L17*0 -> -2.1973395e-11 | AV17: =AU17-$L17*0 -> -2.1973395e-11 | AW17: =AV17-$L17*0 -> -2.1973395e-11 | AX17: =AW17-$L17*0 -> -2.1973395e-11 | AY17: =AX17-$L17*0 -> -2.1973395e-11 | AZ17: =AY17-$L17*0 -> -2.1973395e-11 | BA17: =AZ17-$L17*0 -> -2.1973395e-11 | BB17: =BA17-$L17*0 -> -2.1973395e-11 | ... BD17: =BC17-$L17*0 -> -2.1973395e-11 | BE17: =IF(K17<1,0,SUM(AS17:BD17,AO17)/13*$BE$1) -> 0 | BF17: 1188.33 | BG17: 0 | BT17: =IF(Z17<1,0,SUM(BH17:BS17,BD17)/13*$BE$1) -> -3.7185746e-14 | BU17: 1188.33 | BV17: 0 | CI17: =IF(AO17<1,0,SUM(BW17:CH17,BS17)/13*$BE$1) -> 0 | CJ17: 1188.33 | CK17: 0 | CX17: =IF(BD17<1,0,SUM(CL17:CW17,CH17)/13*$BE$1) -> 0
A18: Газоанализатор СГОЭС метан ЖСКФ | B18: 000001744 | C18: ПРОИЗВОДСТВО | D18: Машины и оборудование (кроме офисного) | E18: 28.08.2018 | F18: Газотурбинный цех | G18: 60 | H18: 120511.36 | I18: 80340.832 | J18: 40170.528 | K18: 0 | L18: 2008.52 | N18: =L18*12 -> 24102.24 | O18: =J18-$L18 -> 38162.008 | P18: =O18-$L18 -> 36153.488 | Q18: =P18-$L18 -> 34144.968 | R18: =Q18-$L18 -> 32136.448 | S18: =R18-$L18 -> 30127.928 | T18: =S18-$L18 -> 28119.408 | U18: =T18-$L18 -> 26110.888 | V18: =U18-$L18 -> 24102.368 | W18: =V18-$L18 -> 22093.848 | ... Z18: =Y18-$L18 -> 16068.288 | AC18: =L18*8+0.13 -> 16068.29 | AD18: =Z18-$L18 -> 14059.768 | AE18: =AD18-$L18 -> 12051.248 | AF18: =AE18-$L18 -> 10042.728 | AG18: =AF18-$L18 -> 8034.208 | AH18: =AG18-$L18 -> 6025.688 | AI18: =AH18-$L18 -> 4017.168 | AJ18: =AI18-$L18 -> 2008.648 | AK18: =AJ18-$L18 -> 0.128 | AL18: =AK18-0.13 -> -0.002 | AM18: =AL18-$L18*0 -> -0.002 | AN18: =AM18-$L18*0 -> -0.002 | AO18: =AN18-$L18*0 -> -0.002 | AQ18: 0 | BE18: =IF(K18<1,0,SUM(AS18:BD18,AO18)/13*$BE$1) -> 0 | BF18: 0 | BT18: =IF(Z18<1,0,SUM(BH18:BS18,BD18)/13*$BE$1) -> 0 | BU18: 0 | CI18: =IF(AO18<1,0,SUM(BW18:CH18,BS18)/13*$BE$1) -> 0 | CJ18: 0 | CX18: =IF(BD18<1,0,SUM(CL18:CW18,CH18)/13*$BE$1) -> 0
A19: Газон 600 м2 в районе ГТЭС-18 | B19: 00001147 | C19: ПРОИЗВОДСТВО | D19: Машины и оборудование (кроме офисного) | E19: 30.10.2009 | F19: Газотурбинный цех | G19: 60 | H19: 325875.88 | I19: 325875.88 | J19: 325875.88 | K19: 0 | L19: 0 | N19: =L19*12 -> 0 | O19: =J19-$L19 -> 325875.88 | P19: =O19-$L19 -> 325875.88 | Q19: =P19-$L19 -> 325875.88 | R19: =Q19-$L19 -> 325875.88 | S19: =R19-$L19 -> 325875.88 | T19: =S19-$L19 -> 325875.88 | U19: =T19-$L19 -> 325875.88 | V19: =U19-$L19 -> 325875.88 | W19: =V19-$L19 -> 325875.88 | ... Z19: =Y19-$L19 -> 325875.88 | AC19: =L19*12 -> 0 | AD19: =Z19-$L19 -> 325875.88 | AE19: =AD19-$L19 -> 325875.88 | AF19: =AE19-$L19 -> 325875.88 | AG19: =AF19-$L19 -> 325875.88 | AH19: =AG19-$L19 -> 325875.88 | AI19: =AH19-$L19 -> 325875.88 | AJ19: =AI19-$L19 -> 325875.88 | AK19: =AJ19-$L19 -> 325875.88 | AL19: =AK19-$L19 -> 325875.88 | ... AO19: =AN19-$L19 -> 325875.88 | AQ19: 0 | AR19: =L19*12 -> 0 | AS19: =AO19-$L19 -> 325875.88 | AT19: =AS19-$L19 -> 325875.88 | AU19: =AT19-$L19 -> 325875.88 | AV19: =AU19-$L19 -> 325875.88 | AW19: =AV19-$L19 -> 325875.88 | AX19: =AW19-$L19 -> 325875.88 | AY19: =AX19-$L19 -> 325875.88 | AZ19: =AY19-$L19 -> 325875.88 | BA19: =AZ19-$L19 -> 325875.88 | ... BD19: =BC19-$L19 -> 325875.88 | BE19: =IF(K19<1,0,SUM(AS19:BD19,AO19)/13*$BE$1) -> 0 | BF19: 0 | BG19: 0 | BH19: =BD19 -> 325875.88 | BI19: =BH19-$L19 -> 325875.88 | BJ19: =BI19-$L19 -> 325875.88 | BK19: =BJ19-$L19 -> 325875.88 | BL19: =BK19-$L19 -> 325875.88 | BM19: =BL19-$L19 -> 325875.88 | BN19: =BM19-$L19 -> 325875.88 | BO19: =BN19-$L19 -> 325875.88 | BP19: =BO19-$L19 -> 325875.88 | ... BS19: =BR19-$L19 -> 325875.88 | BT19: 0 | BU19: 0 | BV19: 0 | BW19: =BS19 -> 325875.88 | BX19: =BW19-$L19 -> 325875.88 | BY19: =BX19-$L19 -> 325875.88 | BZ19: =BY19-$L19 -> 325875.88 | CA19: =BZ19-$L19 -> 325875.88 | CB19: =CA19-$L19 -> 325875.88 | CC19: =CB19-$L19 -> 325875.88 | CD19: =CC19-$L19 -> 325875.88 | CE19: =CD19-$L19 -> 325875.88 | ... CH19: =CG19-$L19 -> 325875.88 | CI19: 0 | CJ19: 0 | CK19: 0 | CL19: =CH19 -> 325875.88 | CM19: =CL19-$L19 -> 325875.88 | CN19: =CM19-$L19 -> 325875.88 | CO19: =CN19-$L19 -> 325875.88 | CP19: =CO19-$L19 -> 325875.88 | CQ19: =CP19-$L19 -> 325875.88 | CR19: =CQ19-$L19 -> 325875.88 | CS19: =CR19-$L19 -> 325875.88 | CT19: =CS19-$L19 -> 325875.88 | ... CW19: =CV19-$L19 -> 325875.88 | CX19: 0
A20: Газон в районе основного здания | B20: 00001236 | C20: ПРОИЗВОДСТВО | D20: Машины и оборудование (кроме офисного) | E20: 10.10.2010 | F20: Тепломеханический цех | G20: 60 | H20: 33100 | I20: 33100 | J20: 33100 | K20: 0 | L20: 0 | N20: =L20*12 -> 0 | O20: =J20-$L20 -> 33100 | P20: =O20-$L20 -> 33100 | Q20: =P20-$L20 -> 33100 | R20: =Q20-$L20 -> 33100 | S20: =R20-$L20 -> 33100 | T20: =S20-$L20 -> 33100 | U20: =T20-$L20 -> 33100 | V20: =U20-$L20 -> 33100 | W20: =V20-$L20 -> 33100 | ... Z20: =Y20-$L20 -> 33100 | AC20: =L20*12 -> 0 | AD20: =Z20-$L20 -> 33100 | AE20: =AD20-$L20 -> 33100 | AF20: =AE20-$L20 -> 33100 | AG20: =AF20-$L20 -> 33100 | AH20: =AG20-$L20 -> 33100 | AI20: =AH20-$L20 -> 33100 | AJ20: =AI20-$L20 -> 33100 | AK20: =AJ20-$L20 -> 33100 | AL20: =AK20-$L20 -> 33100 | ... AO20: =AN20-$L20 -> 33100 | AQ20: 0 | AR20: =L20*12 -> 0 | AS20: =AO20-$L20 -> 33100 | AT20: =AS20-$L20 -> 33100 | AU20: =AT20-$L20 -> 33100 | AV20: =AU20-$L20 -> 33100 | AW20: =AV20-$L20 -> 33100 | AX20: =AW20-$L20 -> 33100 | AY20: =AX20-$L20 -> 33100 | AZ20: =AY20-$L20 -> 33100 | BA20: =AZ20-$L20 -> 33100 | ... BD20: =BC20-$L20 -> 33100 | BE20: =IF(K20<1,0,SUM(AS20:BD20,AO20)/13*$BE$1) -> 0 | BF20: 0 | BG20: 0 | BH20: =BD20 -> 33100 | BI20: =BH20-$L20 -> 33100 | BJ20: =BI20-$L20 -> 33100 | BK20: =BJ20-$L20 -> 33100 | BL20: =BK20-$L20 -> 33100 | BM20: =BL20-$L20 -> 33100 | BN20: =BM20-$L20 -> 33100 | BO20: =BN20-$L20 -> 33100 | BP20: =BO20-$L20 -> 33100 | ... BS20: =BR20-$L20 -> 33100 | BT20: 0 | BU20: 0 | BV20: 0 | BW20: =BS20 -> 33100 | BX20: =BW20-$L20 -> 33100 | BY20: =BX20-$L20 -> 33100 | BZ20: =BY20-$L20 -> 33100 | CA20: =BZ20-$L20 -> 33100 | CB20: =CA20-$L20 -> 33100 | CC20: =CB20-$L20 -> 33100 | CD20: =CC20-$L20 -> 33100 | CE20: =CD20-$L20 -> 33100 | ... CH20: =CG20-$L20 -> 33100 | CI20: 0 | CJ20: 0 | CK20: 0 | CL20: =CH20 -> 33100 | CM20: =CL20-$L20 -> 33100 | CN20: =CM20-$L20 -> 33100 | CO20: =CN20-$L20 -> 33100 | CP20: =CO20-$L20 -> 33100 | CQ20: =CP20-$L20 -> 33100 | CR20: =CQ20-$L20 -> 33100 | CS20: =CR20-$L20 -> 33100 | CT20: =CS20-$L20 -> 33100 | ... CW20: =CV20-$L20 -> 33100 | CX20: 0
A21: Газопровод выс. давления(наружный) 2003г | B21: 00000596 | C21: ПРОИЗВОДСТВО | D21: Сооружения | E21: 01.10.2003 | F21: Газотурбинный цех | G21: 300 | H21: 538189.2 | I21: 391083.38 | J21: 147105.82 | K21: 1 | L21: 1793.9725 | N21: =L21*12 -> 21527.67 | O21: =J21-$L21 -> 145311.85 | P21: =O21-$L21 -> 143517.88 | Q21: =P21-$L21 -> 141723.9 | R21: =Q21-$L21 -> 139929.93 | S21: =R21-$L21 -> 138135.96 | T21: =S21-$L21 -> 136341.99 | U21: =T21-$L21 -> 134548.01 | V21: =U21-$L21 -> 132754.04 | W21: =V21-$L21 -> 130960.07 | ... Z21: =Y21-$L21 -> 125578.15 | AA21: =SUM(O21:Z21,J21)/13*$AA$1 -> 2999.5237 | AC21: =L21*12 -> 21527.67 | AD21: =Z21-$L21 -> 123784.18 | AE21: =AD21-$L21 -> 121990.21 | AF21: =AE21-$L21 -> 120196.23 | AG21: =AF21-$L21 -> 118402.26 | AH21: =AG21-$L21 -> 116608.29 | AI21: =AH21-$L21 -> 114814.32 | AJ21: =AI21-$L21 -> 113020.34 | AK21: =AJ21-$L21 -> 111226.37 | AL21: =AK21-$L21 -> 109432.4 | ... AO21: =AN21-$L21 -> 104050.48 | AP21: =IF(K21<1,0,SUM(AD21:AO21,Z21)/13*$BE$1) -> 2525.915 | AQ21: 1793.9725 | AR21: =L21*12 -> 21527.67 | AS21: =AO21-$L21 -> 102256.51 | AT21: =AS21-$L21 -> 100462.54 | AU21: =AT21-$L21 -> 98668.564 | AV21: =AU21-$L21 -> 96874.592 | AW21: =AV21-$L21 -> 95080.619 | AX21: =AW21-$L21 -> 93286.647 | AY21: =AX21-$L21 -> 91492.674 | AZ21: =AY21-$L21 -> 89698.702 | BA21: =AZ21-$L21 -> 87904.729 | ... BD21: =BC21-$L21 -> 82522.812 | BE21: =IF(K21<1,0,SUM(AS21:BD21,AO21)/13*$BE$1) -> 2052.3062 | BF21: 1793.9725 | BG21: =BF21*12 -> 21527.67 | BH21: =BD21-BF21 -> 80728.839 | BI21: =BH21-$L21 -> 78934.867 | BJ21: =BI21-$L21 -> 77140.894 | BK21: =BJ21-$L21 -> 75346.922 | BL21: =BK21-$L21 -> 73552.949 | BM21: =BL21-$L21 -> 71758.977 | BN21: =BM21-$L21 -> 69965.004 | BO21: =BN21-$L21 -> 68171.032 | BP21: =BO21-$L21 -> 66377.059 | ... BS21: =BR21-$L21 -> 60995.142 | BT21: =IF(Z21<1,0,SUM(BH21:BS21,BD21)/13*$BE$1) -> 1578.6975 | BU21: 1793.9725 | BV21: =BU21*12 -> 21527.67 | BW21: =BS21-BU21 -> 59201.169 | BX21: =BW21-$L21 -> 57407.197 | BY21: =BX21-$L21 -> 55613.224 | BZ21: =BY21-$L21 -> 53819.252 | CA21: =BZ21-$L21 -> 52025.279 | CB21: =CA21-$L21 -> 50231.307 | CC21: =CB21-$L21 -> 48437.334 | CD21: =CC21-$L21 -> 46643.362 | CE21: =CD21-$L21 -> 44849.389 | ... CH21: =CG21-$L21 -> 39467.472 | CI21: =IF(AO21<1,0,SUM(BW21:CH21,BS21)/13*$BE$1) -> 1105.0888 | CJ21: 1793.9725 | CK21: =CJ21*12 -> 21527.67 | CL21: =CH21-CJ21 -> 37673.499 | CM21: =CL21-$L21 -> 35879.527 | CN21: =CM21-$L21 -> 34085.554 | CO21: =CN21-$L21 -> 32291.582 | CP21: =CO21-$L21 -> 30497.609 | CQ21: =CP21-$L21 -> 28703.637 | CR21: =CQ21-$L21 -> 26909.664 | CS21: =CR21-$L21 -> 25115.692 | CT21: =CS21-$L21 -> 23321.719 | ... CW21: =CV21-$L21 -> 17939.802 | CX21: =IF(BD21<1,0,SUM(CL21:CW21,CH21)/13*$BE$1) -> 631.48001
A22: Газотурбинный агрегат ГТА-6РМ №1 | B22: 00001168 | C22: ПРОИЗВОДСТВО | D22: Машины и оборудование (кроме офисного) | E22: 31.03.2010 | F22: Газотурбинный цех | G22: 180 | H22: 63489677 | I22: #REF! | J22: 63489677 | K22: 0 | L22: 0 | N22: =L22*12 -> 0 | O22: =J22-$L22 -> 63489677 | P22: =O22-$L22 -> 63489677 | Q22: =P22-$L22 -> 63489677 | R22: =Q22-$L22 -> 63489677 | S22: =R22-$L22 -> 63489677 | T22: =S22-$L22 -> 63489677 | U22: =T22-$L22 -> 63489677 | V22: =U22-$L22 -> 63489677 | W22: =V22-$L22 -> 63489677 | ... Z22: =Y22-$L22 -> 63489677 | AC22: =L22*12 -> 0 | AD22: =Z22-$L22 -> 63489677 | AE22: =AD22-$L22 -> 63489677 | AF22: =AE22-$L22 -> 63489677 | AG22: =AF22-$L22 -> 63489677 | AH22: =AG22-$L22 -> 63489677 | AI22: =AH22-$L22 -> 63489677 | AJ22: =AI22-$L22 -> 63489677 | AK22: =AJ22-$L22 -> 63489677 | AL22: =AK22-$L22 -> 63489677 | ... AO22: =AN22-$L22 -> 63489677 | AQ22: 0 | AR22: =L22*12 -> 0 | AS22: =AO22-$L22 -> 63489677 | AT22: =AS22-$L22 -> 63489677 | AU22: =AT22-$L22 -> 63489677 | AV22: =AU22-$L22 -> 63489677 | AW22: =AV22-$L22 -> 63489677 | AX22: =AW22-$L22 -> 63489677 | AY22: =AX22-$L22 -> 63489677 | AZ22: =AY22-$L22 -> 63489677 | BA22: =AZ22-$L22 -> 63489677 | ... BD22: =BC22-$L22 -> 63489677 | BE22: =IF(K22<1,0,SUM(AS22:BD22,AO22)/13*$BE$1) -> 0 | BF22: 0 | BG22: =AC22*12 -> 0 | BH22: =BD22-BF22 -> 63489677 | BI22: =BH22-$L22 -> 63489677 | BJ22: =BI22-$L22 -> 63489677 | BK22: =BJ22-$L22 -> 63489677 | BL22: =BK22-$L22 -> 63489677 | BM22: =BL22-$L22 -> 63489677 | BN22: =BM22-$L22 -> 63489677 | BO22: =BN22-$L22 -> 63489677 | BP22: =BO22-$L22 -> 63489677 | ... BS22: =BR22-$L22 -> 63489677 | BT22: 0 | BU22: 0 | BV22: =AR22*12 -> 0 | BW22: =BS22-BU22 -> 63489677 | BX22: =BW22-$L22 -> 63489677 | BY22: =BX22-$L22 -> 63489677 | BZ22: =BY22-$L22 -> 63489677 | CA22: =BZ22-$L22 -> 63489677 | CB22: =CA22-$L22 -> 63489677 | CC22: =CB22-$L22 -> 63489677 | CD22: =CC22-$L22 -> 63489677 | CE22: =CD22-$L22 -> 63489677 | ... CH22: =CG22-$L22 -> 63489677 | CI22: 0 | CJ22: 0 | CK22: =BG22*12 -> 0 | CL22: =CH22-CJ22 -> 63489677 | CM22: =CL22-$L22 -> 63489677 | CN22: =CM22-$L22 -> 63489677 | CO22: =CN22-$L22 -> 63489677 | CP22: =CO22-$L22 -> 63489677 | CQ22: =CP22-$L22 -> 63489677 | CR22: =CQ22-$L22 -> 63489677 | CS22: =CR22-$L22 -> 63489677 | CT22: =CS22-$L22 -> 63489677 | ... CW22: =CV22-$L22 -> 63489677 | CX22: 0
A23: Газотурбинный агрегат ГТА-6РМ №1 | B23: #REF! | C23: ПРОИЗВОДСТВО | D23: Машины и оборудование (кроме офисного) | E23: #REF! | F23: Газотурбинный цех | G23: 100 | H23: 37399701 | I23: 29415401 | J23: 7984300 | K23: 0 | L23: 80649.5 | N23: =L23*12 -> 967794 | O23: =J23-$L23 -> 7903650.5 | P23: =O23-$L23 -> 7823001 | Q23: =P23-$L23 -> 7742351.5 | R23: =Q23-$L23 -> 7661702 | S23: =R23-$L23 -> 7581052.5 | T23: =S23-$L23 -> 7500403 | U23: =T23-$L23 -> 7419753.5 | V23: =U23-$L23 -> 7339104 | W23: =V23-$L23 -> 7258454.5 | ... Z23: =Y23-$L23 -> 7016506 | AC23: =L23*12 -> 967794 | AD23: =Z23-$L23 -> 6935856.5 | AE23: =AD23-$L23 -> 6855207 | AF23: =AE23-$L23 -> 6774557.5 | AG23: =AF23-$L23 -> 6693908 | AH23: =AG23-$L23 -> 6613258.5 | AI23: =AH23-$L23 -> 6532609 | AJ23: =AI23-$L23 -> 6451959.5 | AK23: =AJ23-$L23 -> 6371310 | AL23: =AK23-$L23 -> 6290660.5 | ... AO23: =AN23-$L23 -> 6048712 | AQ23: 80649.5 | AR23: =L23*12 -> 967794 | AS23: =AO23-$L23 -> 5968062.5 | AT23: =AS23-$L23 -> 5887413 | AU23: =AT23-$L23 -> 5806763.5 | AV23: =AU23-$L23 -> 5726114 | AW23: =AV23-$L23 -> 5645464.5 | AX23: =AW23-$L23 -> 5564815 | AY23: =AX23-$L23 -> 5484165.5 | AZ23: =AY23-$L23 -> 5403516 | BA23: =AZ23-$L23 -> 5322866.5 | ... BD23: =BC23-$L23 -> 5080918 | BE23: =IF(K23<1,0,SUM(AS23:BD23,AO23)/13*$BE$1) -> 0 | BF23: 80649.5 | BG23: =BF23*12 -> 967794 | BH23: =BD23-BF23 -> 5000268.5 | BI23: =BH23-$L23 -> 4919619 | BJ23: =BI23-$L23 -> 4838969.5 | BK23: =BJ23-$L23 -> 4758320 | BL23: =BK23-$L23 -> 4677670.5 | BM23: =BL23-$L23 -> 4597021 | BN23: =BM23-$L23 -> 4516371.5 | BO23: =BN23-$L23 -> 4435722 | BP23: =BO23-$L23 -> 4355072.5 | ... BS23: =BR23-$L23 -> 4113124 | BT23: 0 | BU23: 80649.5 | BV23: =BU23*12 -> 967794 | BW23: =BS23-BU23 -> 4032474.5 | BX23: =BW23-$L23 -> 3951825 | BY23: =BX23-$L23 -> 3871175.5 | BZ23: =BY23-$L23 -> 3790526 | CA23: =BZ23-$L23 -> 3709876.5 | CB23: =CA23-$L23 -> 3629227 | CC23: =CB23-$L23 -> 3548577.5 | CD23: =CC23-$L23 -> 3467928 | CE23: =CD23-$L23 -> 3387278.5 | ... CH23: =CG23-$L23 -> 3145330 | CI23: 0 | CJ23: 80649.5 | CK23: =CJ23*12 -> 967794 | CL23: =CH23-CJ23 -> 3064680.5 | CM23: =CL23-$L23 -> 2984031 | CN23: =CM23-$L23 -> 2903381.5 | CO23: =CN23-$L23 -> 2822732 | CP23: =CO23-$L23 -> 2742082.5 | CQ23: =CP23-$L23 -> 2661433 | CR23: =CQ23-$L23 -> 2580783.5 | CS23: =CR23-$L23 -> 2500134 | CT23: =CS23-$L23 -> 2419484.5 | ... CW23: =CV23-$L23 -> 2177536 | CX23: 0
A24: Газотурбинный агрегат ГТА-6РМ №2 | B24: 00001169 | C24: ПРОИЗВОДСТВО | D24: Машины и оборудование (кроме офисного) | E24: 31.03.2010 | F24: Газотурбинный цех | G24: 180 | H24: 63489677 | I24: #REF! | J24: 63489677 | K24: 0 | L24: 0 | N24: =L24*12 -> 0 | O24: =J24-$L24 -> 63489677 | P24: =O24-$L24 -> 63489677 | Q24: =P24-$L24 -> 63489677 | R24: =Q24-$L24 -> 63489677 | S24: =R24-$L24 -> 63489677 | T24: =S24-$L24 -> 63489677 | U24: =T24-$L24 -> 63489677 | V24: =U24-$L24 -> 63489677 | W24: =V24-$L24 -> 63489677 | ... Z24: =Y24-$L24 -> 63489677 | AC24: =L24*12 -> 0 | AD24: =Z24-$L24 -> 63489677 | AE24: =AD24-$L24 -> 63489677 | AF24: =AE24-$L24 -> 63489677 | AG24: =AF24-$L24 -> 63489677 | AH24: =AG24-$L24 -> 63489677 | AI24: =AH24-$L24 -> 63489677 | AJ24: =AI24-$L24 -> 63489677 | AK24: =AJ24-$L24 -> 63489677 | AL24: =AK24-$L24 -> 63489677 | ... AO24: =AN24-$L24 -> 63489677 | AQ24: 0 | AR24: =L24*12 -> 0 | AS24: =AO24-$L24 -> 63489677 | AT24: =AS24-$L24 -> 63489677 | AU24: =AT24-$L24 -> 63489677 | AV24: =AU24-$L24 -> 63489677 | AW24: =AV24-$L24 -> 63489677 | AX24: =AW24-$L24 -> 63489677 | AY24: =AX24-$L24 -> 63489677 | AZ24: =AY24-$L24 -> 63489677 | BA24: =AZ24-$L24 -> 63489677 | ... BD24: =BC24-$L24 -> 63489677 | BE24: =IF(K24<1,0,SUM(AS24:BD24,AO24)/13*$BE$1) -> 0 | BF24: 0 | BG24: =AC24*12 -> 0 | BH24: =BD24-BF24 -> 63489677 | BI24: =BH24-$L24 -> 63489677 | BJ24: =BI24-$L24 -> 63489677 | BK24: =BJ24-$L24 -> 63489677 | BL24: =BK24-$L24 -> 63489677 | BM24: =BL24-$L24 -> 63489677 | BN24: =BM24-$L24 -> 63489677 | BO24: =BN24-$L24 -> 63489677 | BP24: =BO24-$L24 -> 63489677 | ... BS24: =BR24-$L24 -> 63489677 | BT24: 0 | BU24: 0 | BV24: =AR24*12 -> 0 | BW24: =BS24-BU24 -> 63489677 | BX24: =BW24-$L24 -> 63489677 | BY24: =BX24-$L24 -> 63489677 | BZ24: =BY24-$L24 -> 63489677 | CA24: =BZ24-$L24 -> 63489677 | CB24: =CA24-$L24 -> 63489677 | CC24: =CB24-$L24 -> 63489677 | CD24: =CC24-$L24 -> 63489677 | CE24: =CD24-$L24 -> 63489677 | ... CH24: =CG24-$L24 -> 63489677 | CI24: 0 | CJ24: 0 | CK24: =BG24*12 -> 0 | CL24: =CH24-CJ24 -> 63489677 | CM24: =CL24-$L24 -> 63489677 | CN24: =CM24-$L24 -> 63489677 | CO24: =CN24-$L24 -> 63489677 | CP24: =CO24-$L24 -> 63489677 | CQ24: =CP24-$L24 -> 63489677 | CR24: =CQ24-$L24 -> 63489677 | CS24: =CR24-$L24 -> 63489677 | CT24: =CS24-$L24 -> 63489677 | ... CW24: =CV24-$L24 -> 63489677 | CX24: 0
A25: Газотурбинный агрегат ГТА-6РМ №2 | B25: #REF! | C25: ПРОИЗВОДСТВО | D25: Машины и оборудование (кроме офисного) | E25: #REF! | F25: Газотурбинный цех | G25: 100 | H25: 37399701 | I25: 29415401 | J25: 7984300 | K25: 0 | L25: 80649.5 | N25: =L25*12 -> 967794 | O25: =J25-$L25 -> 7903650.5 | P25: =O25-$L25 -> 7823001 | Q25: =P25-$L25 -> 7742351.5 | R25: =Q25-$L25 -> 7661702 | S25: =R25-$L25 -> 7581052.5 | T25: =S25-$L25 -> 7500403 | U25: =T25-$L25 -> 7419753.5 | V25: =U25-$L25 -> 7339104 | W25: =V25-$L25 -> 7258454.5 | ... Z25: =Y25-$L25 -> 7016506 | AC25: =L25*12 -> 967794 | AD25: =Z25-$L25 -> 6935856.5 | AE25: =AD25-$L25 -> 6855207 | AF25: =AE25-$L25 -> 6774557.5 | AG25: =AF25-$L25 -> 6693908 | AH25: =AG25-$L25 -> 6613258.5 | AI25: =AH25-$L25 -> 6532609 | AJ25: =AI25-$L25 -> 6451959.5 | AK25: =AJ25-$L25 -> 6371310 | AL25: =AK25-$L25 -> 6290660.5 | ... AO25: =AN25-$L25 -> 6048712 | AQ25: 80649.5 | AR25: =L25*12 -> 967794 | AS25: =AO25-$L25 -> 5968062.5 | AT25: =AS25-$L25 -> 5887413 | AU25: =AT25-$L25 -> 5806763.5 | AV25: =AU25-$L25 -> 5726114 | AW25: =AV25-$L25 -> 5645464.5 | AX25: =AW25-$L25 -> 5564815 | AY25: =AX25-$L25 -> 5484165.5 | AZ25: =AY25-$L25 -> 5403516 | BA25: =AZ25-$L25 -> 5322866.5 | ... BD25: =BC25-$L25 -> 5080918 | BE25: =IF(K25<1,0,SUM(AS25:BD25,AO25)/13*$BE$1) -> 0 | BF25: 80649.5 | BG25: =BF25*12 -> 967794 | BH25: =BD25-BF25 -> 5000268.5 | BI25: =BH25-$L25 -> 4919619 | BJ25: =BI25-$L25 -> 4838969.5 | BK25: =BJ25-$L25 -> 4758320 | BL25: =BK25-$L25 -> 4677670.5 | BM25: =BL25-$L25 -> 4597021 | BN25: =BM25-$L25 -> 4516371.5 | BO25: =BN25-$L25 -> 4435722 | BP25: =BO25-$L25 -> 4355072.5 | ... BS25: =BR25-$L25 -> 4113124 | BT25: 0 | BU25: 80649.5 | BV25: =BU25*12 -> 967794 | BW25: =BS25-BU25 -> 4032474.5 | BX25: =BW25-$L25 -> 3951825 | BY25: =BX25-$L25 -> 3871175.5 | BZ25: =BY25-$L25 -> 3790526 | CA25: =BZ25-$L25 -> 3709876.5 | CB25: =CA25-$L25 -> 3629227 | CC25: =CB25-$L25 -> 3548577.5 | CD25: =CC25-$L25 -> 3467928 | CE25: =CD25-$L25 -> 3387278.5 | ... CH25: =CG25-$L25 -> 3145330 | CI25: 0 | CJ25: 80649.5 | CK25: =CJ25*12 -> 967794 | CL25: =CH25-CJ25 -> 3064680.5 | CM25: =CL25-$L25 -> 2984031 | CN25: =CM25-$L25 -> 2903381.5 | CO25: =CN25-$L25 -> 2822732 | CP25: =CO25-$L25 -> 2742082.5 | CQ25: =CP25-$L25 -> 2661433 | CR25: =CQ25-$L25 -> 2580783.5 | CS25: =CR25-$L25 -> 2500134 | CT25: =CS25-$L25 -> 2419484.5 | ... CW25: =CV25-$L25 -> 2177536 | CX25: 0
A26: Газотурбинный агрегат ГТА-6РМ №3 | B26: 00001170 | C26: ПРОИЗВОДСТВО | D26: Машины и оборудование (кроме офисного) | E26: 31.03.2010 | F26: Газотурбинный цех | G26: 180 | H26: 63230670 | I26: #REF! | J26: 63230670 | K26: 0 | L26: 0 | N26: =L26*12 -> 0 | O26: =J26-$L26 -> 63230670 | P26: =O26-$L26 -> 63230670 | Q26: =P26-$L26 -> 63230670 | R26: =Q26-$L26 -> 63230670 | S26: =R26-$L26 -> 63230670 | T26: =S26-$L26 -> 63230670 | U26: =T26-$L26 -> 63230670 | V26: =U26-$L26 -> 63230670 | W26: =V26-$L26 -> 63230670 | ... Z26: =Y26-$L26 -> 63230670 | AC26: =L26*12 -> 0 | AD26: =Z26-$L26 -> 63230670 | AE26: =AD26-$L26 -> 63230670 | AF26: =AE26-$L26 -> 63230670 | AG26: =AF26-$L26 -> 63230670 | AH26: =AG26-$L26 -> 63230670 | AI26: =AH26-$L26 -> 63230670 | AJ26: =AI26-$L26 -> 63230670 | AK26: =AJ26-$L26 -> 63230670 | AL26: =AK26-$L26 -> 63230670 | ... AO26: =AN26-$L26 -> 63230670 | AQ26: 0 | AR26: =L26*12 -> 0 | AS26: =AO26-$L26 -> 63230670 | AT26: =AS26-$L26 -> 63230670 | AU26: =AT26-$L26 -> 63230670 | AV26: =AU26-$L26 -> 63230670 | AW26: =AV26-$L26 -> 63230670 | AX26: =AW26-$L26 -> 63230670 | AY26: =AX26-$L26 -> 63230670 | AZ26: =AY26-$L26 -> 63230670 | BA26: =AZ26-$L26 -> 63230670 | ... BD26: =BC26-$L26 -> 63230670 | BE26: =IF(K26<1,0,SUM(AS26:BD26,AO26)/13*$BE$1) -> 0 | BF26: 0 | BG26: =AC26*12 -> 0 | BH26: =BD26-BF26 -> 63230670 | BI26: =BH26-$L26 -> 63230670 | BJ26: =BI26-$L26 -> 63230670 | BK26: =BJ26-$L26 -> 63230670 | BL26: =BK26-$L26 -> 63230670 | BM26: =BL26-$L26 -> 63230670 | BN26: =BM26-$L26 -> 63230670 | BO26: =BN26-$L26 -> 63230670 | BP26: =BO26-$L26 -> 63230670 | ... BS26: =BR26-$L26 -> 63230670 | BT26: 0 | BU26: 0 | BV26: =AR26*12 -> 0 | BW26: =BS26-BU26 -> 63230670 | BX26: =BW26-$L26 -> 63230670 | BY26: =BX26-$L26 -> 63230670 | BZ26: =BY26-$L26 -> 63230670 | CA26: =BZ26-$L26 -> 63230670 | CB26: =CA26-$L26 -> 63230670 | CC26: =CB26-$L26 -> 63230670 | CD26: =CC26-$L26 -> 63230670 | CE26: =CD26-$L26 -> 63230670 | ... CH26: =CG26-$L26 -> 63230670 | CI26: 0 | CJ26: 0 | CK26: =BG26*12 -> 0 | CL26: =CH26-CJ26 -> 63230670 | CM26: =CL26-$L26 -> 63230670 | CN26: =CM26-$L26 -> 63230670 | CO26: =CN26-$L26 -> 63230670 | CP26: =CO26-$L26 -> 63230670 | CQ26: =CP26-$L26 -> 63230670 | CR26: =CQ26-$L26 -> 63230670 | CS26: =CR26-$L26 -> 63230670 | CT26: =CS26-$L26 -> 63230670 | ... CW26: =CV26-$L26 -> 63230670 | CX26: 0
A27: Газотурбинный агрегат ГТА-6РМ №3 | B27: #REF! | C27: ПРОИЗВОДСТВО | D27: Машины и оборудование (кроме офисного) | E27: #REF! | F27: Газотурбинный цех | G27: 100 | H27: 37140694 | I27: 28969741 | J27: 8170952.8 | K27: 0 | L27: 82534.88 | N27: =L27*12 -> 990418.56 | O27: =J27-$L27 -> 8088417.9 | P27: =O27-$L27 -> 8005883 | Q27: =P27-$L27 -> 7923348.1 | R27: =Q27-$L27 -> 7840813.2 | S27: =R27-$L27 -> 7758278.4 | T27: =S27-$L27 -> 7675743.5 | U27: =T27-$L27 -> 7593208.6 | V27: =U27-$L27 -> 7510673.7 | W27: =V27-$L27 -> 7428138.8 | ... Z27: =Y27-$L27 -> 7180534.2 | AC27: =L27*12 -> 990418.56 | AD27: =Z27-$L27 -> 7097999.3 | AE27: =AD27-$L27 -> 7015464.4 | AF27: =AE27-$L27 -> 6932929.6 | AG27: =AF27-$L27 -> 6850394.7 | AH27: =AG27-$L27 -> 6767859.8 | AI27: =AH27-$L27 -> 6685324.9 | AJ27: =AI27-$L27 -> 6602790 | AK27: =AJ27-$L27 -> 6520255.2 | AL27: =AK27-$L27 -> 6437720.3 | ... AO27: =AN27-$L27 -> 6190115.6 | AQ27: 82534.88 | AR27: =L27*12 -> 990418.56 | AS27: =AO27-$L27 -> 6107580.8 | AT27: =AS27-$L27 -> 6025045.9 | AU27: =AT27-$L27 -> 5942511 | AV27: =AU27-$L27 -> 5859976.1 | AW27: =AV27-$L27 -> 5777441.2 | AX27: =AW27-$L27 -> 5694906.4 | AY27: =AX27-$L27 -> 5612371.5 | AZ27: =AY27-$L27 -> 5529836.6 | BA27: =AZ27-$L27 -> 5447301.7 | ... BD27: =BC27-$L27 -> 5199697.1 | BE27: =IF(K27<1,0,SUM(AS27:BD27,AO27)/13*$BE$1) -> 0 | BF27: 82534.88 | BG27: =BF27*12 -> 990418.56 | BH27: =BD27-BF27 -> 5117162.2 | BI27: =BH27-$L27 -> 5034627.3 | BJ27: =BI27-$L27 -> 4952092.4 | BK27: =BJ27-$L27 -> 4869557.6 | BL27: =BK27-$L27 -> 4787022.7 | BM27: =BL27-$L27 -> 4704487.8 | BN27: =BM27-$L27 -> 4621952.9 | BO27: =BN27-$L27 -> 4539418 | BP27: =BO27-$L27 -> 4456883.2 | ... BS27: =BR27-$L27 -> 4209278.5 | BT27: 0 | BU27: 82534.88 | BV27: =BU27*12 -> 990418.56 | BW27: =BS27-BU27 -> 4126743.6 | BX27: =BW27-$L27 -> 4044208.8 | BY27: =BX27-$L27 -> 3961673.9 | BZ27: =BY27-$L27 -> 3879139 | CA27: =BZ27-$L27 -> 3796604.1 | CB27: =CA27-$L27 -> 3714069.2 | CC27: =CB27-$L27 -> 3631534.4 | CD27: =CC27-$L27 -> 3548999.5 | CE27: =CD27-$L27 -> 3466464.6 | ... CH27: =CG27-$L27 -> 3218860 | CI27: 0 | CJ27: 82534.88 | CK27: =CJ27*12 -> 990418.56 | CL27: =CH27-CJ27 -> 3136325.1 | CM27: =CL27-$L27 -> 3053790.2 | CN27: =CM27-$L27 -> 2971255.3 | CO27: =CN27-$L27 -> 2888720.4 | CP27: =CO27-$L27 -> 2806185.6 | CQ27: =CP27-$L27 -> 2723650.7 | CR27: =CQ27-$L27 -> 2641115.8 | CS27: =CR27-$L27 -> 2558580.9 | CT27: =CS27-$L27 -> 2476046 | ... CW27: =CV27-$L27 -> 2228441.4 | CX27: 0
A28: Гараж на 5 машин 1989г | B28: 00000514 | C28: ПРОИЗВОДСТВО | D28: Здания | E28: 31.12.2003 | F28: Тепломеханический цех | G28: 480 | H28: 1449374.7 | I28: 536104.96 | J28: 913269.78 | K28: 1 | L28: 3459.36 | N28: =L28*12 -> 41512.32 | O28: =J28-$L28 -> 909810.42 | P28: =O28-$L28 -> 906351.06 | Q28: =P28-$L28 -> 902891.7 | R28: =Q28-$L28 -> 899432.34 | S28: =R28-$L28 -> 895972.98 | T28: =S28-$L28 -> 892513.62 | U28: =T28-$L28 -> 889054.26 | V28: =U28-$L28 -> 885594.9 | W28: =V28-$L28 -> 882135.54 | ... Z28: =Y28-$L28 -> 871757.46 | AA28: =SUM(O28:Z28,J28)/13*$AA$1 -> 19635.3 | AC28: =L28*12 -> 41512.32 | AD28: =Z28-$L28 -> 868298.1 | AE28: =AD28-$L28 -> 864838.74 | AF28: =AE28-$L28 -> 861379.38 | AG28: =AF28-$L28 -> 857920.02 | AH28: =AG28-$L28 -> 854460.66 | AI28: =AH28-$L28 -> 851001.3 | AJ28: =AI28-$L28 -> 847541.94 | AK28: =AJ28-$L28 -> 844082.58 | AL28: =AK28-$L28 -> 840623.22 | ... AO28: =AN28-$L28 -> 830245.14 | AP28: =IF(K28<1,0,SUM(AD28:AO28,Z28)/13*$BE$1) -> 18722.029 | AQ28: 3459.36 | AR28: =L28*12 -> 41512.32 | AS28: =AO28-$L28 -> 826785.78 | AT28: =AS28-$L28 -> 823326.42 | AU28: =AT28-$L28 -> 819867.06 | AV28: =AU28-$L28 -> 816407.7 | AW28: =AV28-$L28 -> 812948.34 | AX28: =AW28-$L28 -> 809488.98 | AY28: =AX28-$L28 -> 806029.62 | AZ28: =AY28-$L28 -> 802570.26 | BA28: =AZ28-$L28 -> 799110.9 | ... BD28: =BC28-$L28 -> 788732.82 | BE28: =IF(K28<1,0,SUM(AS28:BD28,AO28)/13*$BE$1) -> 17808.758 | BF28: 3459.36 | BG28: =BF28*12 -> 41512.32 | BH28: =BD28-BF28 -> 785273.46 | BI28: =BH28-$L28 -> 781814.1 | BJ28: =BI28-$L28 -> 778354.74 | BK28: =BJ28-$L28 -> 774895.38 | BL28: =BK28-$L28 -> 771436.02 | BM28: =BL28-$L28 -> 767976.66 | BN28: =BM28-$L28 -> 764517.3 | BO28: =BN28-$L28 -> 761057.94 | BP28: =BO28-$L28 -> 757598.58 | ... BS28: =BR28-$L28 -> 747220.5 | BT28: =IF(Z28<1,0,SUM(BH28:BS28,BD28)/13*$BE$1) -> 16895.487 | BU28: 3459.36 | BV28: =BU28*12 -> 41512.32 | BW28: =BS28-BU28 -> 743761.14 | BX28: =BW28-$L28 -> 740301.78 | BY28: =BX28-$L28 -> 736842.42 | BZ28: =BY28-$L28 -> 733383.06 | CA28: =BZ28-$L28 -> 729923.7 | CB28: =CA28-$L28 -> 726464.34 | CC28: =CB28-$L28 -> 723004.98 | CD28: =CC28-$L28 -> 719545.62 | CE28: =CD28-$L28 -> 716086.26 | ... CH28: =CG28-$L28 -> 705708.18 | CI28: =IF(AO28<1,0,SUM(BW28:CH28,BS28)/13*$BE$1) -> 15982.215 | CJ28: 3459.36 | CK28: =CJ28*12 -> 41512.32 | CL28: =CH28-CJ28 -> 702248.82 | CM28: =CL28-$L28 -> 698789.46 | CN28: =CM28-$L28 -> 695330.1 | CO28: =CN28-$L28 -> 691870.74 | CP28: =CO28-$L28 -> 688411.38 | CQ28: =CP28-$L28 -> 684952.02 | CR28: =CQ28-$L28 -> 681492.66 | CS28: =CR28-$L28 -> 678033.3 | CT28: =CS28-$L28 -> 674573.94 | ... CW28: =CV28-$L28 -> 664195.86 | CX28: =IF(BD28<1,0,SUM(CL28:CW28,CH28)/13*$BE$1) -> 15068.944
A29: Градирня (бассейн) | B29: 00000280 | C29: ПРОИЗВОДСТВО | D29: Сооружения | E29: 30.01.1974 | F29: Тепломеханический цех | G29: 600 | H29: 191276.19 | I29: 159145.7 | J29: 32130.49 | K29: 1 | L29: 1286.96 | N29: =L29*12 -> 15443.52 | O29: =J29-$L29 -> 30843.53 | P29: =O29-$L29 -> 29556.57 | Q29: =P29-$L29 -> 28269.61 | R29: =Q29-$L29 -> 26982.65 | S29: =R29-$L29 -> 25695.69 | T29: =S29-$L29 -> 24408.73 | U29: =T29-$L29 -> 23121.77 | V29: =U29-$L29 -> 21834.81 | W29: =V29-$L29 -> 20547.85 | ... Z29: =Y29-$L29 -> 16686.97 | AA29: =SUM(O29:Z29,J29)/13*$AA$1 -> 536.99206 | AC29: =L29*12 -> 15443.52 | AD29: =Z29-$L29 -> 15400.01 | AE29: =AD29-$L29 -> 14113.05 | AF29: =AE29-$L29 -> 12826.09 | AG29: =AF29-$L29 -> 11539.13 | AH29: =AG29-$L29 -> 10252.17 | AI29: =AH29-$L29 -> 8965.21 | AJ29: =AI29-$L29 -> 7678.25 | AK29: =AJ29-$L29 -> 6391.29 | AL29: =AK29-$L29 -> 5104.33 | ... AO29: =AN29-$L29 -> 1243.45 | AP29: =IF(K29<1,0,SUM(AD29:AO29,Z29)/13*$BE$1) -> 197.23462 | AQ29: 1286.96 | AR29: =L29*1-43.51 -> 1243.45 | AS29: =AO29-$L29+43.51 -> 3.5704772e-11 | AT29: =AS29-$L29*0 -> 3.5704772e-11 | AU29: =AT29-$L29*0 -> 3.5704772e-11 | AV29: =AU29-$L29*0 -> 3.5704772e-11 | AW29: =AV29-$L29*0 -> 3.5704772e-11 | AX29: =AW29-$L29*0 -> 3.5704772e-11 | AY29: =AX29-$L29*0 -> 3.5704772e-11 | AZ29: =AY29-$L29*0 -> 3.5704772e-11 | BA29: =AZ29-$L29*0 -> 3.5704772e-11 | ... BD29: =BC29-$L29*0 -> 3.5704772e-11 | BE29: =IF(K29<1,0,SUM(AS29:BD29,AO29)/13*$BE$1) -> 2.1043 | BF29: 1286.96 | BT29: =IF(Z29<1,0,SUM(BH29:BS29,BD29)/13*$BE$1) -> 6.0423461e-14 | BU29: 1286.96 | CI29: =IF(AO29<1,0,SUM(BW29:CH29,BS29)/13*$BE$1) -> 0 | CJ29: 1286.96 | CX29: =IF(BD29<1,0,SUM(CL29:CW29,CH29)/13*$BE$1) -> 0
A30: ГТА-6 РМ №1 (газотурбинная энергетич установка) | B30: 00000505 | C30: ПРОИЗВОДСТВО | D30: Машины и оборудование (кроме офисного) | E30: 30.09.2005 | F30: Газотурбинный цех | G30: 132 | H30: 30784100 | I30: 27031032 | J30: 3753068.6 | K30: 0 | L30: 64708.08 | N30: =L30*12 -> 776496.96 | O30: =J30-$L30 -> 3688360.5 | P30: =O30-$L30 -> 3623652.4 | Q30: =P30-$L30 -> 3558944.3 | R30: =Q30-$L30 -> 3494236.2 | S30: =R30-$L30 -> 3429528.2 | T30: =S30-$L30 -> 3364820.1 | U30: =T30-$L30 -> 3300112 | V30: =U30-$L30 -> 3235403.9 | W30: =V30-$L30 -> 3170695.8 | ... Z30: =Y30-$L30 -> 2976571.6 | AC30: =L30*12 -> 776496.96 | AD30: =Z30-$L30 -> 2911863.5 | AE30: =AD30-$L30 -> 2847155.4 | AF30: =AE30-$L30 -> 2782447.3 | AG30: =AF30-$L30 -> 2717739.3 | AH30: =AG30-$L30 -> 2653031.2 | AI30: =AH30-$L30 -> 2588323.1 | AJ30: =AI30-$L30 -> 2523615 | AK30: =AJ30-$L30 -> 2458906.9 | AL30: =AK30-$L30 -> 2394198.9 | ... AO30: =AN30-$L30 -> 2200074.6 | AQ30: 64708.08 | AR30: =L30*12 -> 776496.96 | AS30: =AO30-$L30 -> 2135366.5 | AT30: =AS30-$L30 -> 2070658.5 | AU30: =AT30-$L30 -> 2005950.4 | AV30: =AU30-$L30 -> 1941242.3 | AW30: =AV30-$L30 -> 1876534.2 | AX30: =AW30-$L30 -> 1811826.1 | AY30: =AX30-$L30 -> 1747118.1 | AZ30: =AY30-$L30 -> 1682410 | BA30: =AZ30-$L30 -> 1617701.9 | ... BD30: =BC30-$L30 -> 1423577.7 | BE30: =IF(K30<1,0,SUM(AS30:BD30,AO30)/13*$BE$1) -> 0 | BF30: 64708.08 | BG30: =BF30*12 -> 776496.96 | BH30: =BD30-BF30 -> 1358869.6 | BI30: =BH30-$L30 -> 1294161.5 | BJ30: =BI30-$L30 -> 1229453.4 | BK30: =BJ30-$L30 -> 1164745.3 | BL30: =BK30-$L30 -> 1100037.3 | BM30: =BL30-$L30 -> 1035329.2 | BN30: =BM30-$L30 -> 970621.11 | BO30: =BN30-$L30 -> 905913.03 | BP30: =BO30-$L30 -> 841204.95 | ... BS30: =BR30-$L30 -> 647080.71 | BT30: 0 | BU30: 64708.08 | BV30: 647080.71 | BW30: =BS30-BU30 -> 582372.63 | BX30: =BW30-$L30 -> 517664.55 | BY30: =BX30-$L30 -> 452956.47 | BZ30: =BY30-$L30 -> 388248.39 | CA30: =BZ30-$L30 -> 323540.31 | CB30: =CA30-$L30 -> 258832.23 | CC30: =CB30-$L30 -> 194124.15 | CD30: =CC30-$L30 -> 129416.07 | CE30: =CD30-$L30 -> 64707.99 | CI30: 0 | CJ30: 64708.08 | CX30: 0
A31: ГТА-6РМ №2 | B31: 00000534 | C31: ПРОИЗВОДСТВО | D31: Машины и оборудование (кроме офисного) | E31: 30.09.2005 | F31: Газотурбинный цех | G31: 132 | H31: 30784121 | I31: 27031044 | J31: 3753077.4 | K31: 0 | L31: 64708.24 | N31: =L31*12 -> 776498.88 | O31: =J31-$L31 -> 3688369.2 | P31: =O31-$L31 -> 3623661 | Q31: =P31-$L31 -> 3558952.7 | R31: =Q31-$L31 -> 3494244.5 | S31: =R31-$L31 -> 3429536.2 | T31: =S31-$L31 -> 3364828 | U31: =T31-$L31 -> 3300119.8 | V31: =U31-$L31 -> 3235411.5 | W31: =V31-$L31 -> 3170703.3 | ... Z31: =Y31-$L31 -> 2976578.6 | AC31: =L31*12 -> 776498.88 | AD31: =Z31-$L31 -> 2911870.3 | AE31: =AD31-$L31 -> 2847162.1 | AF31: =AE31-$L31 -> 2782453.8 | AG31: =AF31-$L31 -> 2717745.6 | AH31: =AG31-$L31 -> 2653037.4 | AI31: =AH31-$L31 -> 2588329.1 | AJ31: =AI31-$L31 -> 2523620.9 | AK31: =AJ31-$L31 -> 2458912.6 | AL31: =AK31-$L31 -> 2394204.4 | ... AO31: =AN31-$L31 -> 2200079.7 | AQ31: 64708.24 | AR31: =L31*12 -> 776498.88 | AS31: =AO31-$L31 -> 2135371.4 | AT31: =AS31-$L31 -> 2070663.2 | AU31: =AT31-$L31 -> 2005955 | AV31: =AU31-$L31 -> 1941246.7 | AW31: =AV31-$L31 -> 1876538.5 | AX31: =AW31-$L31 -> 1811830.2 | AY31: =AX31-$L31 -> 1747122 | AZ31: =AY31-$L31 -> 1682413.8 | BA31: =AZ31-$L31 -> 1617705.5 | ... BD31: =BC31-$L31 -> 1423580.8 | BE31: =IF(K31<1,0,SUM(AS31:BD31,AO31)/13*$BE$1) -> 0 | BF31: 64708.24 | BG31: =BF31*12 -> 776498.88 | BH31: =BD31-BF31 -> 1358872.6 | BI31: =BH31-$L31 -> 1294164.3 | BJ31: =BI31-$L31 -> 1229456.1 | BK31: =BJ31-$L31 -> 1164747.8 | BL31: =BK31-$L31 -> 1100039.6 | BM31: =BL31-$L31 -> 1035331.4 | BN31: =BM31-$L31 -> 970623.12 | BO31: =BN31-$L31 -> 905914.88 | BP31: =BO31-$L31 -> 841206.64 | ... BS31: =BR31-$L31 -> 647081.92 | BT31: 0 | BU31: 64708.24 | BV31: 647081.92 | BW31: =BS31-BU31 -> 582373.68 | BX31: =BW31-$L31 -> 517665.44 | BY31: =BX31-$L31 -> 452957.2 | BZ31: =BY31-$L31 -> 388248.96 | CA31: =BZ31-$L31 -> 323540.72 | CB31: =CA31-$L31 -> 258832.48 | CC31: =CB31-$L31 -> 194124.24 | CD31: =CC31-$L31 -> 129416 | CE31: =CD31-$L31 -> 64707.76 | CI31: 0 | CJ31: 64708.24 | CX31: 0
A32: Двигатель газотурбинный резервный ГТД-6/РМ (2007г) | B32: 00001025 | C32: ПРОИЗВОДСТВО | D32: Машины и оборудование (кроме офисного) | E32: 28.02.2007 | F32: Газотурбинный цех | G32: 190 | H32: 26107351 | I32: 23296463 | J32: 2810887.9 | K32: 0 | L32: 128915.42 | N32: =L32*12 -> 1546985 | O32: =J32-$L32 -> 2681972.5 | P32: =O32-$L32 -> 2553057.1 | Q32: =P32-$L32 -> 2424141.7 | R32: =Q32-$L32 -> 2295226.2 | S32: =R32-$L32 -> 2166310.8 | T32: =S32-$L32 -> 2037395.4 | U32: =T32-$L32 -> 1908480 | V32: =U32-$L32 -> 1779564.6 | W32: =V32-$L32 -> 1650649.2 | ... Z32: =Y32-$L32 -> 1263902.9 | AC32: =L32*10-25251.31 -> 1263902.9 | AD32: =Z32-$L32 -> 1134987.5 | AE32: =AD32-$L32 -> 1006072.1 | AF32: =AE32-$L32 -> 877156.63 | AG32: =AF32-$L32 -> 748241.21 | AH32: =AG32-$L32 -> 619325.79 | AI32: =AH32-$L32 -> 490410.37 | AJ32: =AI32-$L32 -> 361494.95 | AK32: =AJ32-$L32 -> 232579.53 | AL32: =AK32-$L32 -> 103664.11 | AM32: =AL32-$L32+25251.31 -> 1.0513759e-09 | AN32: =AM32-$L32*0 -> 1.0513759e-09 | AO32: =AN32-$L32*0 -> 1.0513759e-09 | AQ32: 128915.42 | BE32: =IF(K32<1,0,SUM(AS32:BD32,AO32)/13*$BE$1) -> 0 | BF32: 128915.42 | BT32: =IF(Z32<1,0,SUM(BH32:BS32,BD32)/13*$BE$1) -> 0 | BU32: 128915.42 | CI32: =IF(AO32<1,0,SUM(BW32:CH32,BS32)/13*$BE$1) -> 0 | CJ32: 128915.42 | CX32: =IF(BD32<1,0,SUM(CL32:CW32,CH32)/13*$BE$1) -> 0
A33: Двигатель ГТД-6РМ № В6-17 | B33: 00000928 | C33: ПРОИЗВОДСТВО | D33: Машины и оборудование (кроме офисного) | E33: 30.09.2005 | F33: Газотурбинный цех | G33: 180 | H33: 32415719 | I33: 28188954 | J33: 4226765 | K33: 0 | L33: 234820.25 | N33: =L33*12 -> 2817843 | O33: =J33-$L33 -> 3991944.7 | P33: =O33-$L33 -> 3757124.5 | Q33: =P33-$L33 -> 3522304.2 | R33: =Q33-$L33 -> 3287484 | S33: =R33-$L33 -> 3052663.7 | T33: =S33-$L33 -> 2817843.5 | U33: =T33-$L33 -> 2583023.2 | V33: =U33-$L33 -> 2348203 | W33: =V33-$L33 -> 2113382.7 | ... Z33: =Y33-$L33 -> 1408922 | AC33: =L33*6+0.49 -> 1408922 | AD33: =Z33-$L33 -> 1174101.7 | AE33: =AD33-$L33 -> 939281.49 | AF33: =AE33-$L33 -> 704461.24 | AG33: =AF33-$L33 -> 469640.99 | AH33: =AG33-$L33 -> 234820.74 | AI33: =AH33-$L33 -> 0.49 | AJ33: =AI33-0.49 -> 2.0861626e-09 | AK33: =AJ33-$L33*0 -> 2.0861626e-09 | AL33: =AK33-$L33*0 -> 2.0861626e-09 | AM33: =AL33-$L33*0 -> 2.0861626e-09 | AN33: =AM33-$L33*0 -> 2.0861626e-09 | AO33: =AN33-$L33*0 -> 2.0861626e-09 | AQ33: 234820.25 | BE33: =IF(K33<1,0,SUM(AS33:BD33,AO33)/13*$BE$1) -> 0 | BF33: 234820.25 | BT33: =IF(Z33<1,0,SUM(BH33:BS33,BD33)/13*$BE$1) -> 0 | BU33: 234820.25 | CI33: =IF(AO33<1,0,SUM(BW33:CH33,BS33)/13*$BE$1) -> 0 | CJ33: 234820.25 | CX33: =IF(BD33<1,0,SUM(CL33:CW33,CH33)/13*$BE$1) -> 0
A34: Двигатель ГТД-6РМ №В6-11 | B34: 00000929 | C34: ПРОИЗВОДСТВО | D34: Машины и оборудование (кроме офисного) | E34: 30.09.2005 | F34: Газотурбинный цех | G34: 180 | H34: 12711864 | I34: 12146893 | J34: 564971.58 | K34: 0 | L34: 70621.47 | N34: =L34*8-0.18 -> 564971.58 | O34: =J34-$L34 -> 494350.11 | P34: =O34-$L34 -> 423728.64 | Q34: =P34-$L34 -> 353107.17 | R34: =Q34-$L34 -> 282485.7 | S34: =R34-$L34 -> 211864.23 | T34: =S34-$L34 -> 141242.76 | U34: =T34-$L34 -> 70621.293 | V34: =U34-$L34+0.18 -> 0.0026666674 | W34: 0 | X34: 0 | Y34: 0 | Z34: 0 | AC34: =L34*0 -> 0 | AD34: =Z34-$L34*0 -> 0 | AE34: =AD34-$L34*0 -> 0 | AF34: =AE34-$L34*0 -> 0 | AG34: =AF34-$L34*0 -> 0 | AH34: =AG34-$L34*0 -> 0 | AI34: =AH34-$L34*0 -> 0 | AJ34: =AI34-$L34*0 -> 0 | AK34: =AJ34-$L34*0 -> 0 | AL34: =AK34-$L34*0 -> 0 | ... AO34: =AN34-$L34*0 -> 0 | AQ34: 0 | BE34: =IF(K34<1,0,SUM(AS34:BD34,AO34)/13*$BE$1) -> 0 | BF34: 0 | BT34: =IF(Z34<1,0,SUM(BH34:BS34,BD34)/13*$BE$1) -> 0 | BU34: 0 | CI34: =IF(AO34<1,0,SUM(BW34:CH34,BS34)/13*$BE$1) -> 0 | CJ34: 0 | CX34: =IF(BD34<1,0,SUM(CL34:CW34,CH34)/13*$BE$1) -> 0
A35: Двигатель ГТД-6РМ №В6-44 | B35: 000001872 | C35: ПРОИЗВОДСТВО | D35: Машины и оборудование (кроме офисного) | E35: 44530 | F35: Газотурбинный цех | G35: 100 | H35: 5797772.4 | I35: 57977.724 | J35: 5739794.6 | K35: 0 | L35: 57977.72 | N35: =L35*12 -> 695732.64 | O35: =J35-$L35 -> 5681816.9 | P35: =O35-$L35 -> 5623839.2 | Q35: =P35-$L35 -> 5565861.5 | R35: =Q35-$L35 -> 5507883.8 | S35: =R35-$L35 -> 5449906 | T35: =S35-$L35 -> 5391928.3 | U35: =T35-$L35 -> 5333950.6 | V35: =U35-$L35 -> 5275972.9 | W35: =V35-$L35 -> 5217995.2 | ... Z35: =Y35-$L35 -> 5044062 | AC35: =L35*12 -> 695732.64 | AD35: =Z35-$L35 -> 4986084.3 | AE35: =AD35-$L35 -> 4928106.6 | AF35: =AE35-$L35 -> 4870128.8 | AG35: =AF35-$L35 -> 4812151.1 | AH35: =AG35-$L35 -> 4754173.4 | AI35: =AH35-$L35 -> 4696195.7 | AJ35: =AI35-$L35 -> 4638218 | AK35: =AJ35-$L35 -> 4580240.2 | AL35: =AK35-$L35 -> 4522262.5 | ... AO35: =AN35-$L35 -> 4348329.4 | AQ35: 57977.72 | AR35: =L35*12 -> 695732.64 | AS35: =AO35-$L35 -> 4290351.6 | AT35: =AS35-$L35 -> 4232373.9 | AU35: =AT35-$L35 -> 4174396.2 | AV35: =AU35-$L35 -> 4116418.5 | AW35: =AV35-$L35 -> 4058440.8 | AX35: =AW35-$L35 -> 4000463 | AY35: =AX35-$L35 -> 3942485.3 | AZ35: =AY35-$L35 -> 3884507.6 | BA35: =AZ35-$L35 -> 3826529.9 | ... BD35: =BC35-$L35 -> 3652596.7 | BE35: =IF(K35<1,0,SUM(AS35:BD35,AO35)/13*$BE$1) -> 0 | BF35: 57977.72 | BG35: =BF35*12 -> 695732.64 | BH35: =BD35-BF35 -> 3594619 | BI35: =BH35-$L35 -> 3536641.3 | BJ35: =BI35-$L35 -> 3478663.6 | BK35: =BJ35-$L35 -> 3420685.8 | BL35: =BK35-$L35 -> 3362708.1 | BM35: =BL35-$L35 -> 3304730.4 | BN35: =BM35-$L35 -> 3246752.7 | BO35: =BN35-$L35 -> 3188775 | BP35: =BO35-$L35 -> 3130797.2 | ... BS35: =BR35-$L35 -> 2956864.1 | BT35: 0 | BU35: 57977.72 | BV35: =BU35*12 -> 695732.64 | BW35: =BS35-BU35 -> 2898886.4 | BX35: =BW35-$L35 -> 2840908.6 | BY35: =BX35-$L35 -> 2782930.9 | BZ35: =BY35-$L35 -> 2724953.2 | CA35: =BZ35-$L35 -> 2666975.5 | CB35: =CA35-$L35 -> 2608997.8 | CC35: =CB35-$L35 -> 2551020 | CD35: =CC35-$L35 -> 2493042.3 | CE35: =CD35-$L35 -> 2435064.6 | ... CH35: =CG35-$L35 -> 2261131.4 | CI35: 0 | CJ35: 57977.72 | CK35: =CJ35*12 -> 695732.64 | CL35: =CH35-CJ35 -> 2203153.7 | CM35: =CL35-$L35 -> 2145176 | CN35: =CM35-$L35 -> 2087198.3 | CO35: =CN35-$L35 -> 2029220.6 | CP35: =CO35-$L35 -> 1971242.8 | CQ35: =CP35-$L35 -> 1913265.1 | CR35: =CQ35-$L35 -> 1855287.4 | CS35: =CR35-$L35 -> 1797309.7 | CT35: =CS35-$L35 -> 1739332 | ... CW35: =CV35-$L35 -> 1565398.8 | CX35: 0
A36: Двигатель ГТД-6РМ №В6-45 | B36: 000001871 | C36: ПРОИЗВОДСТВО | D36: Машины и оборудование (кроме офисного) | E36: 44530 | F36: Газотурбинный цех | G36: 100 | H36: 5797772.4 | I36: 57977.724 | J36: 5739794.6 | K36: 0 | L36: 57977.72 | N36: =L36*12 -> 695732.64 | O36: =J36-$L36 -> 5681816.9 | P36: =O36-$L36 -> 5623839.2 | Q36: =P36-$L36 -> 5565861.5 | R36: =Q36-$L36 -> 5507883.8 | S36: =R36-$L36 -> 5449906 | T36: =S36-$L36 -> 5391928.3 | U36: =T36-$L36 -> 5333950.6 | V36: =U36-$L36 -> 5275972.9 | W36: =V36-$L36 -> 5217995.2 | ... Z36: =Y36-$L36 -> 5044062 | AC36: =L36*12 -> 695732.64 | AD36: =Z36-$L36 -> 4986084.3 | AE36: =AD36-$L36 -> 4928106.6 | AF36: =AE36-$L36 -> 4870128.8 | AG36: =AF36-$L36 -> 4812151.1 | AH36: =AG36-$L36 -> 4754173.4 | AI36: =AH36-$L36 -> 4696195.7 | AJ36: =AI36-$L36 -> 4638218 | AK36: =AJ36-$L36 -> 4580240.2 | AL36: =AK36-$L36 -> 4522262.5 | ... AO36: =AN36-$L36 -> 4348329.4 | AQ36: 57977.72 | AR36: =L36*12 -> 695732.64 | AS36: =AO36-$L36 -> 4290351.6 | AT36: =AS36-$L36 -> 4232373.9 | AU36: =AT36-$L36 -> 4174396.2 | AV36: =AU36-$L36 -> 4116418.5 | AW36: =AV36-$L36 -> 4058440.8 | AX36: =AW36-$L36 -> 4000463 | AY36: =AX36-$L36 -> 3942485.3 | AZ36: =AY36-$L36 -> 3884507.6 | BA36: =AZ36-$L36 -> 3826529.9 | ... BD36: =BC36-$L36 -> 3652596.7 | BE36: =IF(K36<1,0,SUM(AS36:BD36,AO36)/13*$BE$1) -> 0 | BF36: 57977.72 | BG36: =BF36*12 -> 695732.64 | BH36: =BD36-BF36 -> 3594619 | BI36: =BH36-$L36 -> 3536641.3 | BJ36: =BI36-$L36 -> 3478663.6 | BK36: =BJ36-$L36 -> 3420685.8 | BL36: =BK36-$L36 -> 3362708.1 | BM36: =BL36-$L36 -> 3304730.4 | BN36: =BM36-$L36 -> 3246752.7 | BO36: =BN36-$L36 -> 3188775 | BP36: =BO36-$L36 -> 3130797.2 | ... BS36: =BR36-$L36 -> 2956864.1 | BT36: 0 | BU36: 57977.72 | BV36: =BU36*12 -> 695732.64 | BW36: =BS36-BU36 -> 2898886.4 | BX36: =BW36-$L36 -> 2840908.6 | BY36: =BX36-$L36 -> 2782930.9 | BZ36: =BY36-$L36 -> 2724953.2 | CA36: =BZ36-$L36 -> 2666975.5 | CB36: =CA36-$L36 -> 2608997.8 | CC36: =CB36-$L36 -> 2551020 | CD36: =CC36-$L36 -> 2493042.3 | CE36: =CD36-$L36 -> 2435064.6 | ... CH36: =CG36-$L36 -> 2261131.4 | CI36: 0 | CJ36: 57977.72 | CK36: =CJ36*12 -> 695732.64 | CL36: =CH36-CJ36 -> 2203153.7 | CM36: =CL36-$L36 -> 2145176 | CN36: =CM36-$L36 -> 2087198.3 | CO36: =CN36-$L36 -> 2029220.6 | CP36: =CO36-$L36 -> 1971242.8 | CQ36: =CP36-$L36 -> 1913265.1 | CR36: =CQ36-$L36 -> 1855287.4 | CS36: =CR36-$L36 -> 1797309.7 | CT36: =CS36-$L36 -> 1739332 | ... CW36: =CV36-$L36 -> 1565398.8 | CX36: 0
A37: Двигатель ГТД-6РМ №В6-47 | B37: 000001870 | C37: ПРОИЗВОДСТВО | D37: Машины и оборудование (кроме офисного) | E37: 44530 | F37: Газотурбинный цех | G37: 100 | H37: 5797772.4 | I37: 57977.724 | J37: 5739794.6 | K37: 0 | L37: 57977.72 | N37: =L37*12 -> 695732.64 | O37: =J37-$L37 -> 5681816.9 | P37: =O37-$L37 -> 5623839.2 | Q37: =P37-$L37 -> 5565861.5 | R37: =Q37-$L37 -> 5507883.8 | S37: =R37-$L37 -> 5449906 | T37: =S37-$L37 -> 5391928.3 | U37: =T37-$L37 -> 5333950.6 | V37: =U37-$L37 -> 5275972.9 | W37: =V37-$L37 -> 5217995.2 | ... Z37: =Y37-$L37 -> 5044062 | AC37: =L37*12 -> 695732.64 | AD37: =Z37-$L37 -> 4986084.3 | AE37: =AD37-$L37 -> 4928106.6 | AF37: =AE37-$L37 -> 4870128.8 | AG37: =AF37-$L37 -> 4812151.1 | AH37: =AG37-$L37 -> 4754173.4 | AI37: =AH37-$L37 -> 4696195.7 | AJ37: =AI37-$L37 -> 4638218 | AK37: =AJ37-$L37 -> 4580240.2 | AL37: =AK37-$L37 -> 4522262.5 | ... AO37: =AN37-$L37 -> 4348329.4 | AQ37: 57977.72 | AR37: =L37*12 -> 695732.64 | AS37: =AO37-$L37 -> 4290351.6 | AT37: =AS37-$L37 -> 4232373.9 | AU37: =AT37-$L37 -> 4174396.2 | AV37: =AU37-$L37 -> 4116418.5 | AW37: =AV37-$L37 -> 4058440.8 | AX37: =AW37-$L37 -> 4000463 | AY37: =AX37-$L37 -> 3942485.3 | AZ37: =AY37-$L37 -> 3884507.6 | BA37: =AZ37-$L37 -> 3826529.9 | ... BD37: =BC37-$L37 -> 3652596.7 | BE37: =IF(K37<1,0,SUM(AS37:BD37,AO37)/13*$BE$1) -> 0 | BF37: 57977.72 | BG37: =BF37*12 -> 695732.64 | BH37: =BD37-BF37 -> 3594619 | BI37: =BH37-$L37 -> 3536641.3 | BJ37: =BI37-$L37 -> 3478663.6 | BK37: =BJ37-$L37 -> 3420685.8 | BL37: =BK37-$L37 -> 3362708.1 | BM37: =BL37-$L37 -> 3304730.4 | BN37: =BM37-$L37 -> 3246752.7 | BO37: =BN37-$L37 -> 3188775 | BP37: =BO37-$L37 -> 3130797.2 | ... BS37: =BR37-$L37 -> 2956864.1 | BT37: 0 | BU37: 57977.72 | BV37: =BU37*12 -> 695732.64 | BW37: =BS37-BU37 -> 2898886.4 | BX37: =BW37-$L37 -> 2840908.6 | BY37: =BX37-$L37 -> 2782930.9 | BZ37: =BY37-$L37 -> 2724953.2 | CA37: =BZ37-$L37 -> 2666975.5 | CB37: =CA37-$L37 -> 2608997.8 | CC37: =CB37-$L37 -> 2551020 | CD37: =CC37-$L37 -> 2493042.3 | CE37: =CD37-$L37 -> 2435064.6 | ... CH37: =CG37-$L37 -> 2261131.4 | CI37: 0 | CJ37: 57977.72 | CK37: =CJ37*12 -> 695732.64 | CL37: =CH37-CJ37 -> 2203153.7 | CM37: =CL37-$L37 -> 2145176 | CN37: =CM37-$L37 -> 2087198.3 | CO37: =CN37-$L37 -> 2029220.6 | CP37: =CO37-$L37 -> 1971242.8 | CQ37: =CP37-$L37 -> 1913265.1 | CR37: =CQ37-$L37 -> 1855287.4 | CS37: =CR37-$L37 -> 1797309.7 | CT37: =CS37-$L37 -> 1739332 | ... CW37: =CV37-$L37 -> 1565398.8 | CX37: 0
A38: Двигатель ГТД-6РМ зав. №В6-69 на раме №163-069 | B38: 000001566 | C38: ПРОИЗВОДСТВО | D38: Машины и оборудование (кроме офисного) | E38: 30.11.2013 | F38: Газотурбинный цех | G38: 120 | H38: 35115893 | I38: 27507449 | J38: 7608443.8 | K38: 0 | L38: 292632.44 | N38: =L38*12 -> 3511589.3 | O38: =J38-$L38 -> 7315811.4 | P38: =O38-$L38 -> 7023178.9 | Q38: =P38-$L38 -> 6730546.5 | R38: =Q38-$L38 -> 6437914 | S38: =R38-$L38 -> 6145281.6 | T38: =S38-$L38 -> 5852649.2 | U38: =T38-$L38 -> 5560016.7 | V38: =U38-$L38 -> 5267384.3 | W38: =V38-$L38 -> 4974751.8 | ... Z38: =Y38-$L38 -> 4096854.5 | AC38: =L38*12 -> 3511589.3 | AD38: =Z38-$L38 -> 3804222.1 | AE38: =AD38-$L38 -> 3511589.6 | AF38: =AE38-$L38 -> 3218957.2 | AG38: =AF38-$L38 -> 2926324.8 | AH38: =AG38-$L38 -> 2633692.3 | AI38: =AH38-$L38 -> 2341059.9 | AJ38: =AI38-$L38 -> 2048427.4 | AK38: =AJ38-$L38 -> 1755795 | AL38: =AK38-$L38 -> 1463162.6 | ... AO38: =AN38-$L38 -> 585265.25 | AQ38: 292632.44 | AR38: =L38*2+0.37 -> 585265.25 | AS38: =AO38-$L38 -> 292632.81 | AT38: =AS38-$L38 -> 0.369 | AU38: =AT38-0.37 -> -0.0009999997 | AV38: =AU38-$L38*0 -> -0.0009999997 | AW38: =AV38-$L38*0 -> -0.0009999997 | AX38: =AW38-$L38*0 -> -0.0009999997 | AY38: =AX38-$L38*0 -> -0.0009999997 | AZ38: =AY38-$L38*0 -> -0.0009999997 | BA38: =AZ38-$L38*0 -> -0.0009999997 | BB38: =BA38-$L38*0 -> -0.0009999997 | BC38: =BB38-$L38*0 -> -0.0009999997 | BD38: =BC38-$L38*0 -> -0.0009999997 | BE38: =IF(K38<1,0,SUM(AS38:BD38,AO38)/13*$BE$1) -> 0 | BF38: 292632.44 | BT38: =IF(Z38<1,0,SUM(BH38:BS38,BD38)/13*$BE$1) -> -1.6923072e-06 | BU38: 292632.44 | CI38: =IF(AO38<1,0,SUM(BW38:CH38,BS38)/13*$BE$1) -> 0 | CJ38: 292632.44 | CX38: =IF(BD38<1,0,SUM(CL38:CW38,CH38)/13*$BE$1) -> 0
A39: Дизель электростанция ДЭС электроснабжение объекта "Ненецкая СББЖ г.Нарьян-Мара" | B39: 000001669 | C39: ПРОИЗВОДСТВО | D39: Машины и оборудование (кроме офисного) | E39: 31.12.2015 | F39: Тепломеханический цех | G39: 84 | H39: 2404272.6 | I39: 2060804.9 | J39: 343467.69 | K39: 0 | L39: 28622.29 | N39: =L39*12 -> 343467.48 | O39: =J39-$L39 -> 314845.4 | P39: =O39-$L39 -> 286223.11 | Q39: =P39-$L39 -> 257600.82 | R39: =Q39-$L39 -> 228978.53 | S39: =R39-$L39 -> 200356.24 | T39: =S39-$L39 -> 171733.95 | U39: =T39-$L39 -> 143111.66 | V39: =U39-$L39 -> 114489.37 | W39: =V39-$L39 -> 85867.076 | ... Z39: =Y39-$L39 -> 0.20571429 | AC39: =L39*0+0.21 -> 0.21 | AD39: =Z39-$L39*0-0.21 -> -0.0042857142 | AE39: =AD39-$L39*0 -> -0.0042857142 | AF39: =AE39-$L39*0 -> -0.0042857142 | AG39: =AF39-$L39*0 -> -0.0042857142 | AH39: =AG39-$L39*0 -> -0.0042857142 | AI39: =AH39-$L39*0 -> -0.0042857142 | AJ39: =AI39-$L39*0 -> -0.0042857142 | AK39: =AJ39-$L39*0 -> -0.0042857142 | AL39: =AK39-$L39*0 -> -0.0042857142 | ... AO39: =AN39-$L39*0 -> -0.0042857142 | AQ39: 0 | BE39: =IF(K39<1,0,SUM(AS39:BD39,AO39)/13*$BE$1) -> 0 | BF39: 0 | BT39: =IF(Z39<1,0,SUM(BH39:BS39,BD39)/13*$BE$1) -> 0 | BU39: 0 | CI39: =IF(AO39<1,0,SUM(BW39:CH39,BS39)/13*$BE$1) -> 0 | CJ39: 0 | CX39: =IF(BD39<1,0,SUM(CL39:CW39,CH39)/13*$BE$1) -> 0
A40: Дизель-генератор ДГР 630/1000 с пневмопуском 2009г | B40: 00001109 | C40: ПРОИЗВОДСТВО | D40: Машины и оборудование (кроме офисного) | E40: 31.01.2009 | F40: Тепломеханический цех | G40: 180 | H40: 9872012.9 | I40: 8288289.2 | J40: 1583723.7 | K40: 0 | L40: 64753.66 | N40: =L40*12 -> 777043.92 | O40: =J40-$L40 -> 1518970 | P40: =O40-$L40 -> 1454216.4 | Q40: =P40-$L40 -> 1389462.7 | R40: =Q40-$L40 -> 1324709.1 | S40: =R40-$L40 -> 1259955.4 | T40: =S40-$L40 -> 1195201.7 | U40: =T40-$L40 -> 1130448.1 | V40: =U40-$L40 -> 1065694.4 | W40: =V40-$L40 -> 1000940.8 | ... Z40: =Y40-$L40 -> 806679.78 | AC40: =L40*12 -> 777043.92 | AD40: =Z40-$L40 -> 741926.12 | AE40: =AD40-$L40 -> 677172.46 | AF40: =AE40-$L40 -> 612418.8 | AG40: =AF40-$L40 -> 547665.14 | AH40: =AG40-$L40 -> 482911.48 | AI40: =AH40-$L40 -> 418157.82 | AJ40: =AI40-$L40 -> 353404.16 | AK40: =AJ40-$L40 -> 288650.5 | AL40: =AK40-$L40 -> 223896.84 | ... AO40: =AN40-$L40 -> 29635.86 | AQ40: 64753.66 | AR40: =L40*0+29635.86 -> 29635.86 | AS40: =AO40*0 -> 0 | AT40: =AS40-$L40*0 -> 0 | AU40: =AT40-$L40*0 -> 0 | AV40: =AU40-$L40*0 -> 0 | AW40: =AV40-$L40*0 -> 0 | AX40: =AW40-$L40*0 -> 0 | AY40: =AX40-$L40*0 -> 0 | AZ40: =AY40-$L40*0 -> 0 | BA40: =AZ40-$L40*0 -> 0 | ... BD40: =BC40-$L40*0 -> 0 | BE40: =IF(K40<1,0,SUM(AS40:BD40,AO40)/13*$BE$1) -> 0 | BF40: 64753.66 | BT40: =IF(Z40<1,0,SUM(BH40:BS40,BD40)/13*$BE$1) -> 0 | BU40: 64753.66 | CI40: =IF(AO40<1,0,SUM(BW40:CH40,BS40)/13*$BE$1) -> 0 | CJ40: 64753.66 | CX40: =IF(BD40<1,0,SUM(CL40:CW40,CH40)/13*$BE$1) -> 0
A41: Дизель-генераторная установка Caterpillar 3516BHD с двутопливной системой | B41: 000001506 | C41: ПРОИЗВОДСТВО | D41: Машины и оборудование (кроме офисного) | E41: 19.12.2012 | F41: Тепломеханический цех | G41: 120 | H41: 28190060 | I41: 25370788 | J41: 2819272.5 | K41: 0 | L41: 234917.17 | N41: =L41*12 -> 2819006 | O41: =J41-$L41 -> 2584355.3 | P41: =O41-$L41 -> 2349438.1 | Q41: =P41-$L41 -> 2114521 | R41: =Q41-$L41 -> 1879603.8 | S41: =R41-$L41 -> 1644686.6 | T41: =S41-$L41 -> 1409769.4 | U41: =T41-$L41 -> 1174852.3 | V41: =U41-$L41 -> 939935.11 | W41: =V41-$L41 -> 705017.94 | ... Z41: =Y41-$L41 -> 266.426 | AC41: =L41*0+266.43 -> 266.43 | AD41: =Z41-266.43 -> -0.0039999973 | AE41: =AD41-$L41*0 -> -0.0039999973 | AF41: =AE41-$L41*0 -> -0.0039999973 | AG41: =AF41-$L41*0 -> -0.0039999973 | AH41: =AG41-$L41*0 -> -0.0039999973 | AI41: =AH41-$L41*0 -> -0.0039999973 | AJ41: =AI41-$L41*0 -> -0.0039999973 | AK41: =AJ41-$L41*0 -> -0.0039999973 | AL41: =AK41-$L41*0 -> -0.0039999973 | ... AO41: =AN41-$L41*0 -> -0.0039999973 | AQ41: 0 | BE41: =IF(K41<1,0,SUM(AS41:BD41,AO41)/13*$BE$1) -> 0 | BF41: 0 | BT41: =IF(Z41<1,0,SUM(BH41:BS41,BD41)/13*$BE$1) -> 0 | BU41: 0 | CI41: =IF(AO41<1,0,SUM(BW41:CH41,BS41)/13*$BE$1) -> 0 | CJ41: 0 | CX41: =IF(BD41<1,0,SUM(CL41:CW41,CH41)/13*$BE$1) -> 0
A42: Дизельная электростанция АДК 500.2-Baltic | B42: 000001836 | C42: ПРОИЗВОДСТВО | D42: Здания | E42: 30.12.2020 | F42: ДЭС п.Красное | G42: 360 | H42: 2315429.2 | I42: 77180.974 | J42: 2238248.2 | K42: 1 | L42: 6431.75 | N42: =L42*12 -> 77181 | O42: =J42-$L42 -> 2231816.5 | P42: =O42-$L42 -> 2225384.7 | Q42: =P42-$L42 -> 2218953 | R42: =Q42-$L42 -> 2212521.2 | S42: =R42-$L42 -> 2206089.5 | T42: =S42-$L42 -> 2199657.7 | U42: =T42-$L42 -> 2193226 | V42: =U42-$L42 -> 2186794.2 | W42: =V42-$L42 -> 2180362.5 | ... Z42: =Y42-$L42 -> 2161067.2 | AA42: =SUM(O42:Z42,J42)/13*$AA$1 -> 48392.47 | AC42: =L42*12 -> 77181 | AD42: =Z42-$L42 -> 2154635.5 | AE42: =AD42-$L42 -> 2148203.7 | AF42: =AE42-$L42 -> 2141772 | AG42: =AF42-$L42 -> 2135340.2 | AH42: =AG42-$L42 -> 2128908.5 | AI42: =AH42-$L42 -> 2122476.7 | AJ42: =AI42-$L42 -> 2116045 | AK42: =AJ42-$L42 -> 2109613.2 | AL42: =AK42-$L42 -> 2103181.5 | ... AO42: =AN42-$L42 -> 2083886.2 | AP42: =IF(K42<1,0,SUM(AD42:AO42,Z42)/13*$BE$1) -> 46694.488 | AQ42: 6431.75 | AR42: =L42*12 -> 77181 | AS42: =AO42-$L42 -> 2077454.5 | AT42: =AS42-$L42 -> 2071022.7 | AU42: =AT42-$L42 -> 2064591 | AV42: =AU42-$L42 -> 2058159.2 | AW42: =AV42-$L42 -> 2051727.5 | AX42: =AW42-$L42 -> 2045295.7 | AY42: =AX42-$L42 -> 2038864 | AZ42: =AY42-$L42 -> 2032432.2 | BA42: =AZ42-$L42 -> 2026000.5 | ... BD42: =BC42-$L42 -> 2006705.2 | BE42: =IF(K42<1,0,SUM(AS42:BD42,AO42)/13*$BE$1) -> 44996.506 | BF42: 6431.75 | BG42: =BF42*12 -> 77181 | BH42: =BD42-BF42 -> 2000273.5 | BI42: =BH42-$L42 -> 1993841.7 | BJ42: =BI42-$L42 -> 1987410 | BK42: =BJ42-$L42 -> 1980978.2 | BL42: =BK42-$L42 -> 1974546.5 | BM42: =BL42-$L42 -> 1968114.7 | BN42: =BM42-$L42 -> 1961683 | BO42: =BN42-$L42 -> 1955251.2 | BP42: =BO42-$L42 -> 1948819.5 | ... BS42: =BR42-$L42 -> 1929524.2 | BT42: =IF(Z42<1,0,SUM(BH42:BS42,BD42)/13*$BE$1) -> 43298.524 | BU42: 6431.75 | BV42: =BU42*12 -> 77181 | BW42: =BS42-BU42 -> 1923092.5 | BX42: =BW42-$L42 -> 1916660.7 | BY42: =BX42-$L42 -> 1910229 | BZ42: =BY42-$L42 -> 1903797.2 | CA42: =BZ42-$L42 -> 1897365.5 | CB42: =CA42-$L42 -> 1890933.7 | CC42: =CB42-$L42 -> 1884502 | CD42: =CC42-$L42 -> 1878070.2 | CE42: =CD42-$L42 -> 1871638.5 | ... CH42: =CG42-$L42 -> 1852343.2 | CI42: =IF(AO42<1,0,SUM(BW42:CH42,BS42)/13*$BE$1) -> 41600.542 | CJ42: 6431.75 | CK42: =CJ42*12 -> 77181 | CL42: =CH42-CJ42 -> 1845911.5 | CM42: =CL42-$L42 -> 1839479.7 | CN42: =CM42-$L42 -> 1833048 | CO42: =CN42-$L42 -> 1826616.2 | CP42: =CO42-$L42 -> 1820184.5 | CQ42: =CP42-$L42 -> 1813752.7 | CR42: =CQ42-$L42 -> 1807321 | CS42: =CR42-$L42 -> 1800889.2 | CT42: =CS42-$L42 -> 1794457.5 | ... CW42: =CV42-$L42 -> 1775162.2 | CX42: =IF(BD42<1,0,SUM(CL42:CW42,CH42)/13*$BE$1) -> 39902.56
A43: Зарядное с автоматическим циклом зарядки 24В, 35А СТЕК МХТS 70 | B43: 000001548 | C43: ПРОИЗВОДСТВО | D43: Машины и оборудование (кроме офисного) | E43: 30.09.2013 | F43: Тепломеханический цех | G43: 180 | H43: 58050.85 | I43: 31927.557 | J43: 26123.293 | K43: 0 | L43: 322.51 | N43: =L43*12 -> 3870.12 | O43: =J43-$L43 -> 25800.783 | P43: =O43-$L43 -> 25478.273 | Q43: =P43-$L43 -> 25155.763 | R43: =Q43-$L43 -> 24833.253 | S43: =R43-$L43 -> 24510.743 | T43: =S43-$L43 -> 24188.233 | U43: =T43-$L43 -> 23865.723 | V43: =U43-$L43 -> 23543.213 | W43: =V43-$L43 -> 23220.703 | ... Z43: =Y43-$L43 -> 22253.173 | AC43: =L43*12 -> 3870.12 | AD43: =Z43-$L43 -> 21930.663 | AE43: =AD43-$L43 -> 21608.153 | AF43: =AE43-$L43 -> 21285.643 | AG43: =AF43-$L43 -> 20963.133 | AH43: =AG43-$L43 -> 20640.623 | AI43: =AH43-$L43 -> 20318.113 | AJ43: =AI43-$L43 -> 19995.603 | AK43: =AJ43-$L43 -> 19673.093 | AL43: =AK43-$L43 -> 19350.583 | ... AO43: =AN43-$L43 -> 18383.053 | AQ43: 322.51 | AR43: =L43*12 -> 3870.12 | AS43: =AO43-$L43 -> 18060.543 | AT43: =AS43-$L43 -> 17738.033 | AU43: =AT43-$L43 -> 17415.523 | AV43: =AU43-$L43 -> 17093.013 | AW43: =AV43-$L43 -> 16770.503 | AX43: =AW43-$L43 -> 16447.993 | AY43: =AX43-$L43 -> 16125.483 | AZ43: =AY43-$L43 -> 15802.973 | BA43: =AZ43-$L43 -> 15480.463 | ... BD43: =BC43-$L43 -> 14512.933 | BE43: =IF(K43<1,0,SUM(AS43:BD43,AO43)/13*$BE$1) -> 0 | BF43: 322.51 | BG43: =BF43*12 -> 3870.12 | BH43: =BD43-BF43 -> 14190.423 | BI43: =BH43-$L43 -> 13867.913 | BJ43: =BI43-$L43 -> 13545.403 | BK43: =BJ43-$L43 -> 13222.893 | BL43: =BK43-$L43 -> 12900.383 | BM43: =BL43-$L43 -> 12577.873 | BN43: =BM43-$L43 -> 12255.363 | BO43: =BN43-$L43 -> 11932.853 | BP43: =BO43-$L43 -> 11610.343 | ... BS43: =BR43-$L43 -> 10642.813 | BT43: 0 | BU43: 322.51 | BV43: =BU43*12 -> 3870.12 | BW43: =BS43-BU43 -> 10320.303 | BX43: =BW43-$L43 -> 9997.7933 | BY43: =BX43-$L43 -> 9675.2833 | BZ43: =BY43-$L43 -> 9352.7733 | CA43: =BZ43-$L43 -> 9030.2633 | CB43: =CA43-$L43 -> 8707.7533 | CC43: =CB43-$L43 -> 8385.2433 | CD43: =CC43-$L43 -> 8062.7333 | CE43: =CD43-$L43 -> 7740.2233 | ... CH43: =CG43-$L43 -> 6772.6933 | CI43: 0 | CJ43: 322.51 | CK43: =CJ43*12 -> 3870.12 | CL43: =CH43-CJ43 -> 6450.1833 | CM43: =CL43-$L43 -> 6127.6733 | CN43: =CM43-$L43 -> 5805.1633 | CO43: =CN43-$L43 -> 5482.6533 | CP43: =CO43-$L43 -> 5160.1433 | CQ43: =CP43-$L43 -> 4837.6333 | CR43: =CQ43-$L43 -> 4515.1233 | CS43: =CR43-$L43 -> 4192.6133 | CT43: =CS43-$L43 -> 3870.1033 | ... CW43: =CV43-$L43 -> 2902.5733 | CX43: 0
A44: Здание ГТЭС-12 2003г | B44: 00000498 | C44: ПРОИЗВОДСТВО | D44: Здания | E44: 02.10.2003 | F44: Газотурбинный цех | G44: 180 | H44: 40639366 | I44: 14622810 | J44: 26016556 | K44: 1 | L44: 68106.17 | N44: =L44*12 -> 817274.04 | O44: =J44-$L44 -> 25948450 | P44: =O44-$L44 -> 25880344 | Q44: =P44-$L44 -> 25812238 | R44: =Q44-$L44 -> 25744132 | S44: =R44-$L44 -> 25676026 | T44: =S44-$L44 -> 25607919 | U44: =T44-$L44 -> 25539813 | V44: =U44-$L44 -> 25471707 | W44: =V44-$L44 -> 25403601 | ... Z44: =Y44-$L44 -> 25199282 | AA44: =SUM(O44:Z44,J44)/13*$AA$1 -> 563374.23 | AC44: =L44*12 -> 817274.04 | AD44: =Z44-$L44 -> 25131176 | AE44: =AD44-$L44 -> 25063070 | AF44: =AE44-$L44 -> 24994964 | AG44: =AF44-$L44 -> 24926858 | AH44: =AG44-$L44 -> 24858751 | AI44: =AH44-$L44 -> 24790645 | AJ44: =AI44-$L44 -> 24722539 | AK44: =AJ44-$L44 -> 24654433 | AL44: =AK44-$L44 -> 24586327 | ... AO44: =AN44-$L44 -> 24382008 | AP44: =IF(K44<1,0,SUM(AD44:AO44,Z44)/13*$BE$1) -> 545394.2 | AQ44: 68106.17 | AR44: =L44*12 -> 817274.04 | AS44: =AO44-$L44 -> 24313902 | AT44: =AS44-$L44 -> 24245796 | AU44: =AT44-$L44 -> 24177690 | AV44: =AU44-$L44 -> 24109584 | AW44: =AV44-$L44 -> 24041477 | AX44: =AW44-$L44 -> 23973371 | AY44: =AX44-$L44 -> 23905265 | AZ44: =AY44-$L44 -> 23837159 | BA44: =AZ44-$L44 -> 23769053 | ... BD44: =BC44-$L44 -> 23564734 | BE44: =IF(K44<1,0,SUM(AS44:BD44,AO44)/13*$BE$1) -> 527414.17 | BF44: 68106.17 | BG44: =BF44*12 -> 817274.04 | BH44: =BD44-BF44 -> 23496628 | BI44: =BH44-$L44 -> 23428522 | BJ44: =BI44-$L44 -> 23360416 | BK44: =BJ44-$L44 -> 23292310 | BL44: =BK44-$L44 -> 23224203 | BM44: =BL44-$L44 -> 23156097 | BN44: =BM44-$L44 -> 23087991 | BO44: =BN44-$L44 -> 23019885 | BP44: =BO44-$L44 -> 22951779 | ... BS44: =BR44-$L44 -> 22747460 | BT44: =IF(Z44<1,0,SUM(BH44:BS44,BD44)/13*$BE$1) -> 509434.14 | BU44: 68106.17 | BV44: =BU44*12 -> 817274.04 | BW44: =BS44-BU44 -> 22679354 | BX44: =BW44-$L44 -> 22611248 | BY44: =BX44-$L44 -> 22543142 | BZ44: =BY44-$L44 -> 22475036 | CA44: =BZ44-$L44 -> 22406929 | CB44: =CA44-$L44 -> 22338823 | CC44: =CB44-$L44 -> 22270717 | CD44: =CC44-$L44 -> 22202611 | CE44: =CD44-$L44 -> 22134505 | ... CH44: =CG44-$L44 -> 21930186 | CI44: =IF(AO44<1,0,SUM(BW44:CH44,BS44)/13*$BE$1) -> 491454.11 | CJ44: 68106.17 | CK44: =CJ44*12 -> 817274.04 | CL44: =CH44-CJ44 -> 21862080 | CM44: =CL44-$L44 -> 21793974 | CN44: =CM44-$L44 -> 21725868 | CO44: =CN44-$L44 -> 21657762 | CP44: =CO44-$L44 -> 21589655 | CQ44: =CP44-$L44 -> 21521549 | CR44: =CQ44-$L44 -> 21453443 | CS44: =CR44-$L44 -> 21385337 | CT44: =CS44-$L44 -> 21317231 | ... CW44: =CV44-$L44 -> 21112912 | CX44: =IF(BD44<1,0,SUM(CL44:CW44,CH44)/13*$BE$1) -> 473474.08
A45: Измеритель сопротивления заземления Metrel MI3123 | B45: 000001777 | C45: ПРОИЗВОДСТВО | D45: Машины и оборудование (кроме офисного) | E45: 19.08.2019 | F45: Электрический цех | G45: 60 | H45: 48921.57 | I45: 22830.074 | J45: 26091.496 | K45: 0 | L45: 815.36 | N45: =L45*12 -> 9784.32 | O45: =J45-$L45 -> 25276.136 | P45: =O45-$L45 -> 24460.776 | Q45: =P45-$L45 -> 23645.416 | R45: =Q45-$L45 -> 22830.056 | S45: =R45-$L45 -> 22014.696 | T45: =S45-$L45 -> 21199.336 | U45: =T45-$L45 -> 20383.976 | V45: =U45-$L45 -> 19568.616 | W45: =V45-$L45 -> 18753.256 | ... Z45: =Y45-$L45 -> 16307.176 | AC45: =L45*12 -> 9784.32 | AD45: =Z45-$L45 -> 15491.816 | AE45: =AD45-$L45 -> 14676.456 | AF45: =AE45-$L45 -> 13861.096 | AG45: =AF45-$L45 -> 13045.736 | AH45: =AG45-$L45 -> 12230.376 | AI45: =AH45-$L45 -> 11415.016 | AJ45: =AI45-$L45 -> 10599.656 | AK45: =AJ45-$L45 -> 9784.296 | AL45: =AK45-$L45 -> 8968.936 | ... AO45: =AN45-$L45 -> 6522.856 | AQ45: 815.36 | AR45: =L45*8-0.02 -> 6522.86 | AS45: =AO45-$L45 -> 5707.496 | AT45: =AS45-$L45 -> 4892.136 | AU45: =AT45-$L45 -> 4076.776 | AV45: =AU45-$L45 -> 3261.416 | AW45: =AV45-$L45 -> 2446.056 | AX45: =AW45-$L45 -> 1630.696 | AY45: =AX45-$L45+0.02 -> 815.356 | AZ45: =AY45-$L45 -> -0.004 | BA45: =AZ45-$L45*0 -> -0.004 | BB45: =BA45-$L45*0 -> -0.004 | BC45: =BB45-$L45*0 -> -0.004 | BD45: =BC45-$L45*0 -> -0.004 | BE45: =IF(K45<1,0,SUM(AS45:BD45,AO45)/13*$BE$1) -> 0 | BF45: 815.36 | BT45: =IF(Z45<1,0,SUM(BH45:BS45,BD45)/13*$BE$1) -> -6.7692308e-06 | BU45: 815.36 | CI45: =IF(AO45<1,0,SUM(BW45:CH45,BS45)/13*$BE$1) -> 0 | CJ45: 815.36 | CX45: =IF(BD45<1,0,SUM(CL45:CW45,CH45)/13*$BE$1) -> 0
A46: Инвертор плазменной резки Nelwin Superior Plasma 60 HF 400V | B46: 000001619 | C46: ПРОИЗВОДСТВО | D46: Другие виды основных средств | E46: 30.04.2014 | F46: Тепломеханический цех | G46: 84 | H46: 85000 | I46: 85000 | J46: 0 | K46: 0 | L46: 0 | N46: =L46*12 -> 0 | O46: =J46-$L46 -> 0 | P46: =O46-$L46 -> 0 | Q46: =P46-$L46 -> 0 | R46: =Q46-$L46 -> 0 | S46: =R46-$L46 -> 0 | T46: =S46-$L46 -> 0 | U46: =T46-$L46 -> 0 | V46: =U46-$L46 -> 0 | W46: =V46-$L46 -> 0 | ... Z46: =Y46-$L46 -> 0 | AC46: =L46*12 -> 0 | AD46: =Z46-$L46 -> 0 | AE46: =AD46-$L46 -> 0 | AF46: =AE46-$L46 -> 0 | AG46: =AF46-$L46 -> 0 | AH46: =AG46-$L46 -> 0 | AI46: =AH46-$L46 -> 0 | AJ46: =AI46-$L46 -> 0 | AK46: =AJ46-$L46 -> 0 | AL46: =AK46-$L46 -> 0 | ... AO46: =AN46-$L46 -> 0 | AQ46: 0 | BE46: =IF(K46<1,0,SUM(AS46:BD46,AO46)/13*$BE$1) -> 0 | BF46: 0 | BT46: =IF(Z46<1,0,SUM(BH46:BS46,BD46)/13*$BE$1) -> 0 | BU46: 0 | CI46: =IF(AO46<1,0,SUM(BW46:CH46,BS46)/13*$BE$1) -> 0 | CJ46: 0 | CX46: =IF(BD46<1,0,SUM(CL46:CW46,CH46)/13*$BE$1) -> 0
A47: Испытательное устройство РЕТОМ-21 НПП "Динамика" | B47: 000001720 | C47: ПРОИЗВОДСТВО | D47: Машины и оборудование (кроме офисного) | E47: 28.04.2018 | F47: Электрический цех | G47: 60 | H47: 475686.44 | I47: 348836.81 | J47: 126849.63 | K47: 0 | L47: 7928.11 | N47: =L47*12 -> 95137.32 | O47: =J47-$L47 -> 118921.52 | P47: =O47-$L47 -> 110993.41 | Q47: =P47-$L47 -> 103065.3 | R47: =Q47-$L47 -> 95137.192 | S47: =R47-$L47 -> 87209.082 | T47: =S47-$L47 -> 79280.972 | U47: =T47-$L47 -> 71352.862 | V47: =U47-$L47 -> 63424.752 | W47: =V47-$L47 -> 55496.642 | ... Z47: =Y47-$L47 -> 31712.312 | AC47: =L47*4-0.13 -> 31712.31 | AD47: =Z47-$L47 -> 23784.202 | AE47: =AD47-$L47 -> 15856.092 | AF47: =AE47-$L47 -> 7927.982 | AG47: =AF47-$L47+0.13 -> 0.002 | AH47: =AG47-$L47*0 -> 0.002 | AI47: =AH47-$L47*0 -> 0.002 | AJ47: =AI47-$L47*0 -> 0.002 | AK47: =AJ47-$L47*0 -> 0.002 | AL47: =AK47-$L47*0 -> 0.002 | AM47: =AL47-$L47*0 -> 0.002 | AN47: =AM47-$L47*0 -> 0.002 | AO47: =AN47-$L47*0 -> 0.002 | AQ47: 7928.11 | BE47: =IF(K47<1,0,SUM(AS47:BD47,AO47)/13*$BE$1) -> 0 | BF47: 7928.11 | BT47: =IF(Z47<1,0,SUM(BH47:BS47,BD47)/13*$BE$1) -> 0 | BU47: 7928.11 | CI47: =IF(AO47<1,0,SUM(BW47:CH47,BS47)/13*$BE$1) -> 0 | CJ47: 7928.11 | CX47: =IF(BD47<1,0,SUM(CL47:CW47,CH47)/13*$BE$1) -> 0
A48: Кабель н/в от главного здания 400м 1955г. | B48: 00000034 | C48: ПРОИЗВОДСТВО | D48: Сооружения | E48: 01.01.1955 | F48: Электрический цех | G48: 360 | H48: 483624.2 | I48: 125810.16 | J48: 357814.04 | K48: 1 | L48: 1310.68 | N48: =L48*12 -> 15728.16 | O48: =J48-$L48 -> 356503.36 | P48: =O48-$L48 -> 355192.68 | Q48: =P48-$L48 -> 353882 | R48: =Q48-$L48 -> 352571.32 | S48: =R48-$L48 -> 351260.64 | T48: =S48-$L48 -> 349949.96 | U48: =T48-$L48 -> 348639.28 | V48: =U48-$L48 -> 347328.6 | W48: =V48-$L48 -> 346017.92 | ... Z48: =Y48-$L48 -> 342085.88 | AA48: =SUM(O48:Z48,J48)/13*$AA$1 -> 7698.8991 | AC48: =L48*12 -> 15728.16 | AD48: =Z48-$L48 -> 340775.2 | AE48: =AD48-$L48 -> 339464.52 | AF48: =AE48-$L48 -> 338153.84 | AG48: =AF48-$L48 -> 336843.16 | AH48: =AG48-$L48 -> 335532.48 | AI48: =AH48-$L48 -> 334221.8 | AJ48: =AI48-$L48 -> 332911.12 | AK48: =AJ48-$L48 -> 331600.44 | AL48: =AK48-$L48 -> 330289.76 | ... AO48: =AN48-$L48 -> 326357.72 | AP48: =IF(K48<1,0,SUM(AD48:AO48,Z48)/13*$BE$1) -> 7352.8796 | AQ48: 1310.68 | AR48: =L48*12 -> 15728.16 | AS48: =AO48-$L48 -> 325047.04 | AT48: =AS48-$L48 -> 323736.36 | AU48: =AT48-$L48 -> 322425.68 | AV48: =AU48-$L48 -> 321115 | AW48: =AV48-$L48 -> 319804.32 | AX48: =AW48-$L48 -> 318493.64 | AY48: =AX48-$L48 -> 317182.96 | AZ48: =AY48-$L48 -> 315872.28 | BA48: =AZ48-$L48 -> 314561.6 | ... BD48: =BC48-$L48 -> 310629.56 | BE48: =IF(K48<1,0,SUM(AS48:BD48,AO48)/13*$BE$1) -> 7006.8601 | BF48: 1310.68 | BG48: =BF48*12 -> 15728.16 | BH48: =BD48-BF48 -> 309318.88 | BI48: =BH48-$L48 -> 308008.2 | BJ48: =BI48-$L48 -> 306697.52 | BK48: =BJ48-$L48 -> 305386.84 | BL48: =BK48-$L48 -> 304076.16 | BM48: =BL48-$L48 -> 302765.48 | BN48: =BM48-$L48 -> 301454.8 | BO48: =BN48-$L48 -> 300144.12 | BP48: =BO48-$L48 -> 298833.44 | ... BS48: =BR48-$L48 -> 294901.4 | BT48: =IF(Z48<1,0,SUM(BH48:BS48,BD48)/13*$BE$1) -> 6660.8406 | BU48: 1310.68 | BV48: =BU48*12 -> 15728.16 | BW48: =BS48-BU48 -> 293590.72 | BX48: =BW48-$L48 -> 292280.04 | BY48: =BX48-$L48 -> 290969.36 | BZ48: =BY48-$L48 -> 289658.68 | CA48: =BZ48-$L48 -> 288348 | CB48: =CA48-$L48 -> 287037.32 | CC48: =CB48-$L48 -> 285726.64 | CD48: =CC48-$L48 -> 284415.96 | CE48: =CD48-$L48 -> 283105.28 | ... CH48: =CG48-$L48 -> 279173.24 | CI48: =IF(AO48<1,0,SUM(BW48:CH48,BS48)/13*$BE$1) -> 6314.821 | CJ48: 1310.68 | CK48: =CJ48*12 -> 15728.16 | CL48: =CH48-CJ48 -> 277862.56 | CM48: =CL48-$L48 -> 276551.88 | CN48: =CM48-$L48 -> 275241.2 | CO48: =CN48-$L48 -> 273930.52 | CP48: =CO48-$L48 -> 272619.84 | CQ48: =CP48-$L48 -> 271309.16 | CR48: =CQ48-$L48 -> 269998.48 | CS48: =CR48-$L48 -> 268687.8 | CT48: =CS48-$L48 -> 267377.12 | ... CW48: =CV48-$L48 -> 263445.08 | CX48: =IF(BD48<1,0,SUM(CL48:CW48,CH48)/13*$BE$1) -> 5968.8015
A49: Кабельные линии 6 кв 2003г. | B49: 00000597 | C49: ПРОИЗВОДСТВО | D49: Сооружения | E49: 01.10.2003 | F49: Электрический цех | G49: 300 | H49: 659676 | I49: 479364.56 | J49: 180311.44 | K49: 1 | L49: 2198.92 | N49: =L49*12 -> 26387.04 | O49: =J49-$L49 -> 178112.52 | P49: =O49-$L49 -> 175913.6 | Q49: =P49-$L49 -> 173714.68 | R49: =Q49-$L49 -> 171515.76 | S49: =R49-$L49 -> 169316.84 | T49: =S49-$L49 -> 167117.92 | U49: =T49-$L49 -> 164919 | V49: =U49-$L49 -> 162720.08 | W49: =V49-$L49 -> 160521.16 | ... Z49: =Y49-$L49 -> 153924.4 | AA49: =SUM(O49:Z49,J49)/13*$AA$1 -> 3676.5942 | AC49: =L49*12 -> 26387.04 | AD49: =Z49-$L49 -> 151725.48 | AE49: =AD49-$L49 -> 149526.56 | AF49: =AE49-$L49 -> 147327.64 | AG49: =AF49-$L49 -> 145128.72 | AH49: =AG49-$L49 -> 142929.8 | AI49: =AH49-$L49 -> 140730.88 | AJ49: =AI49-$L49 -> 138531.96 | AK49: =AJ49-$L49 -> 136333.04 | AL49: =AK49-$L49 -> 134134.12 | ... AO49: =AN49-$L49 -> 127537.36 | AP49: =IF(K49<1,0,SUM(AD49:AO49,Z49)/13*$BE$1) -> 3096.0794 | AQ49: 2198.92 | AR49: =L49*12 -> 26387.04 | AS49: =AO49-$L49 -> 125338.44 | AT49: =AS49-$L49 -> 123139.52 | AU49: =AT49-$L49 -> 120940.6 | AV49: =AU49-$L49 -> 118741.68 | AW49: =AV49-$L49 -> 116542.76 | AX49: =AW49-$L49 -> 114343.84 | AY49: =AX49-$L49 -> 112144.92 | AZ49: =AY49-$L49 -> 109946 | BA49: =AZ49-$L49 -> 107747.08 | ... BD49: =BC49-$L49 -> 101150.32 | BE49: =IF(K49<1,0,SUM(AS49:BD49,AO49)/13*$BE$1) -> 2515.5645 | BF49: 2198.92 | BG49: =BF49*12 -> 26387.04 | BH49: =BD49-BF49 -> 98951.4 | BI49: =BH49-$L49 -> 96752.48 | BJ49: =BI49-$L49 -> 94553.56 | BK49: =BJ49-$L49 -> 92354.64 | BL49: =BK49-$L49 -> 90155.72 | BM49: =BL49-$L49 -> 87956.8 | BN49: =BM49-$L49 -> 85757.88 | BO49: =BN49-$L49 -> 83558.96 | BP49: =BO49-$L49 -> 81360.04 | ... BS49: =BR49-$L49 -> 74763.28 | BT49: =IF(Z49<1,0,SUM(BH49:BS49,BD49)/13*$BE$1) -> 1935.0496 | BU49: 2198.92 | BV49: =BU49*12 -> 26387.04 | BW49: =BS49-BU49 -> 72564.36 | BX49: =BW49-$L49 -> 70365.44 | BY49: =BX49-$L49 -> 68166.52 | BZ49: =BY49-$L49 -> 65967.6 | CA49: =BZ49-$L49 -> 63768.68 | CB49: =CA49-$L49 -> 61569.76 | CC49: =CB49-$L49 -> 59370.84 | CD49: =CC49-$L49 -> 57171.92 | CE49: =CD49-$L49 -> 54973 | ... CH49: =CG49-$L49 -> 48376.24 | CI49: =IF(AO49<1,0,SUM(BW49:CH49,BS49)/13*$BE$1) -> 1354.5347 | CJ49: 2198.92 | CK49: =CJ49*12 -> 26387.04 | CL49: =CH49-CJ49 -> 46177.32 | CM49: =CL49-$L49 -> 43978.4 | CN49: =CM49-$L49 -> 41779.48 | CO49: =CN49-$L49 -> 39580.56 | CP49: =CO49-$L49 -> 37381.64 | CQ49: =CP49-$L49 -> 35182.72 | CR49: =CQ49-$L49 -> 32983.8 | CS49: =CR49-$L49 -> 30784.88 | CT49: =CS49-$L49 -> 28585.96 | ... CW49: =CV49-$L49 -> 21989.2 | CX49: =IF(BD49<1,0,SUM(CL49:CW49,CH49)/13*$BE$1) -> 774.01984
A50: КЛ 0,4 кВ "РШ-8-РЩ"Гараж. Новый бокс" | B50: 000001647 | C50: ПРОИЗВОДСТВО | D50: Сооружения | E50: 31.12.2014 | F50: Электрический цех | G50: 300 | H50: 45504.01 | I50: 12741.12 | J50: 32762.89 | K50: 1 | L50: 151.68 | N50: =L50*12 -> 1820.16 | O50: =J50-$L50 -> 32611.21 | P50: =O50-$L50 -> 32459.53 | Q50: =P50-$L50 -> 32307.85 | R50: =Q50-$L50 -> 32156.17 | S50: =R50-$L50 -> 32004.49 | T50: =S50-$L50 -> 31852.81 | U50: =T50-$L50 -> 31701.13 | V50: =U50-$L50 -> 31549.45 | W50: =V50-$L50 -> 31397.77 | ... Z50: =Y50-$L50 -> 30942.73 | AA50: =SUM(O50:Z50,J50)/13*$AA$1 -> 700.76181 | AC50: =L50*12 -> 1820.16 | AD50: =Z50-$L50 -> 30791.05 | AE50: =AD50-$L50 -> 30639.37 | AF50: =AE50-$L50 -> 30487.69 | AG50: =AF50-$L50 -> 30336.01 | AH50: =AG50-$L50 -> 30184.33 | AI50: =AH50-$L50 -> 30032.65 | AJ50: =AI50-$L50 -> 29880.97 | AK50: =AJ50-$L50 -> 29729.29 | AL50: =AK50-$L50 -> 29577.61 | ... AO50: =AN50-$L50 -> 29122.57 | AP50: =IF(K50<1,0,SUM(AD50:AO50,Z50)/13*$BE$1) -> 660.71829 | AQ50: 151.68 | AR50: =L50*12 -> 1820.16 | AS50: =AO50-$L50 -> 28970.89 | AT50: =AS50-$L50 -> 28819.21 | AU50: =AT50-$L50 -> 28667.53 | AV50: =AU50-$L50 -> 28515.85 | AW50: =AV50-$L50 -> 28364.17 | AX50: =AW50-$L50 -> 28212.49 | AY50: =AX50-$L50 -> 28060.81 | AZ50: =AY50-$L50 -> 27909.13 | BA50: =AZ50-$L50 -> 27757.45 | ... BD50: =BC50-$L50 -> 27302.41 | BE50: =IF(K50<1,0,SUM(AS50:BD50,AO50)/13*$BE$1) -> 620.67477 | BF50: 151.68 | BG50: =BF50*12 -> 1820.16 | BH50: =BD50-BF50 -> 27150.73 | BI50: =BH50-$L50 -> 26999.05 | BJ50: =BI50-$L50 -> 26847.37 | BK50: =BJ50-$L50 -> 26695.69 | BL50: =BK50-$L50 -> 26544.01 | BM50: =BL50-$L50 -> 26392.33 | BN50: =BM50-$L50 -> 26240.65 | BO50: =BN50-$L50 -> 26088.97 | BP50: =BO50-$L50 -> 25937.29 | ... BS50: =BR50-$L50 -> 25482.25 | BT50: =IF(Z50<1,0,SUM(BH50:BS50,BD50)/13*$BE$1) -> 580.63125 | BU50: 151.68 | BV50: =BU50*12 -> 1820.16 | BW50: =BS50-BU50 -> 25330.57 | BX50: =BW50-$L50 -> 25178.89 | BY50: =BX50-$L50 -> 25027.21 | BZ50: =BY50-$L50 -> 24875.53 | CA50: =BZ50-$L50 -> 24723.85 | CB50: =CA50-$L50 -> 24572.17 | CC50: =CB50-$L50 -> 24420.49 | CD50: =CC50-$L50 -> 24268.81 | CE50: =CD50-$L50 -> 24117.13 | ... CH50: =CG50-$L50 -> 23662.09 | CI50: =IF(AO50<1,0,SUM(BW50:CH50,BS50)/13*$BE$1) -> 540.58773 | CJ50: 151.68 | CK50: =CJ50*12 -> 1820.16 | CL50: =CH50-CJ50 -> 23510.41 | CM50: =CL50-$L50 -> 23358.73 | CN50: =CM50-$L50 -> 23207.05 | CO50: =CN50-$L50 -> 23055.37 | CP50: =CO50-$L50 -> 22903.69 | CQ50: =CP50-$L50 -> 22752.01 | CR50: =CQ50-$L50 -> 22600.33 | CS50: =CR50-$L50 -> 22448.65 | CT50: =CS50-$L50 -> 22296.97 | ... CW50: =CV50-$L50 -> 21841.93 | CX50: =IF(BD50<1,0,SUM(CL50:CW50,CH50)/13*$BE$1) -> 500.54421
A51: Комплекс измерительно-поисковый КИП-2Т | B51: 000001812 | C51: ПРОИЗВОДСТВО | D51: Машины и оборудование (кроме офисного) | E51: 15.06.2020 | F51: Электрический цех | G51: 84 | H51: 188333.33 | I51: 40357.121 | J51: 147976.21 | K51: 0 | L51: 2242.06 | N51: =L51*12 -> 26904.72 | O51: =J51-$L51 -> 145734.15 | P51: =O51-$L51 -> 143492.09 | Q51: =P51-$L51 -> 141250.03 | R51: =Q51-$L51 -> 139007.97 | S51: =R51-$L51 -> 136765.91 | T51: =S51-$L51 -> 134523.85 | U51: =T51-$L51 -> 132281.79 | V51: =U51-$L51 -> 130039.73 | W51: =V51-$L51 -> 127797.67 | ... Z51: =Y51-$L51 -> 121071.49 | AC51: =L51*12 -> 26904.72 | AD51: =Z51-$L51 -> 118829.43 | AE51: =AD51-$L51 -> 116587.37 | AF51: =AE51-$L51 -> 114345.31 | AG51: =AF51-$L51 -> 112103.25 | AH51: =AG51-$L51 -> 109861.19 | AI51: =AH51-$L51 -> 107619.13 | AJ51: =AI51-$L51 -> 105377.07 | AK51: =AJ51-$L51 -> 103135.01 | AL51: =AK51-$L51 -> 100892.95 | ... AO51: =AN51-$L51 -> 94166.769 | AQ51: 2242.06 | AR51: =L51*12 -> 26904.72 | AS51: =AO51-$L51 -> 91924.709 | AT51: =AS51-$L51 -> 89682.649 | AU51: =AT51-$L51 -> 87440.589 | AV51: =AU51-$L51 -> 85198.529 | AW51: =AV51-$L51 -> 82956.469 | AX51: =AW51-$L51 -> 80714.409 | AY51: =AX51-$L51 -> 78472.349 | AZ51: =AY51-$L51 -> 76230.289 | BA51: =AZ51-$L51 -> 73988.229 | ... BD51: =BC51-$L51 -> 67262.049 | BE51: =IF(K51<1,0,SUM(AS51:BD51,AO51)/13*$BE$1) -> 0 | BF51: 2242.06 | BG51: =BF51*12 -> 26904.72 | BH51: =BD51-BF51 -> 65019.989 | BI51: =BH51-$L51 -> 62777.929 | BJ51: =BI51-$L51 -> 60535.869 | BK51: =BJ51-$L51 -> 58293.809 | BL51: =BK51-$L51 -> 56051.749 | BM51: =BL51-$L51 -> 53809.689 | BN51: =BM51-$L51 -> 51567.629 | BO51: =BN51-$L51 -> 49325.569 | BP51: =BO51-$L51 -> 47083.509 | ... BS51: =BR51-$L51 -> 40357.329 | BT51: 0 | BU51: 2242.06 | BV51: =BU51*12 -> 26904.72 | BW51: =BS51-BU51 -> 38115.269 | BX51: =BW51-$L51 -> 35873.209 | BY51: =BX51-$L51 -> 33631.149 | BZ51: =BY51-$L51 -> 31389.089 | CA51: =BZ51-$L51 -> 29147.029 | CB51: =CA51-$L51 -> 26904.969 | CC51: =CB51-$L51 -> 24662.909 | CD51: =CC51-$L51 -> 22420.849 | CE51: =CD51-$L51 -> 20178.789 | ... CH51: =CG51-$L51 -> 13452.609 | CI51: 0 | CJ51: 2242.06 | CK51: 13452.61 | CL51: =CH51-CJ51 -> 11210.549 | CM51: =CL51-$L51 -> 8968.4886 | CN51: =CM51-$L51 -> 6726.4286 | CO51: =CN51-$L51 -> 4484.3686 | CP51: =CO51-$L51 -> 2242.3086 | CQ51: =CP51-$L51 -> 0.24857143 | CR51: 0 | CS51: 0 | CT51: 0 | CU51: 0 | CV51: 0 | CW51: 0 | CX51: 0
A52: Комплект офисной мебели | B52: 00001503 | C52: ПРОИЗВОДСТВО | D52: Офисное оборудование | E52: 06.04.2012 | F52: Электрический цех | G52: 84 | H52: 68750 | I52: 68750 | J52: 0 | K52: 1 | L52: 0 | N52: =L52*12 -> 0 | O52: =J52-$L52 -> 0 | P52: =O52-$L52 -> 0 | Q52: =P52-$L52 -> 0 | R52: =Q52-$L52 -> 0 | S52: =R52-$L52 -> 0 | T52: =S52-$L52 -> 0 | U52: =T52-$L52 -> 0 | V52: =U52-$L52 -> 0 | W52: =V52-$L52 -> 0 | ... Z52: =Y52-$L52 -> 0 | AA52: =SUM(O52:Z52,J52)/13*$AA$1 -> 0 | AC52: =L52*12 -> 0 | AD52: =Z52-$L52 -> 0 | AE52: =AD52-$L52 -> 0 | AF52: =AE52-$L52 -> 0 | AG52: =AF52-$L52 -> 0 | AH52: =AG52-$L52 -> 0 | AI52: =AH52-$L52 -> 0 | AJ52: =AI52-$L52 -> 0 | AK52: =AJ52-$L52 -> 0 | AL52: =AK52-$L52 -> 0 | ... AO52: =AN52-$L52 -> 0 | AQ52: 0 | BE52: =IF(K52<1,0,SUM(AS52:BD52,AO52)/13*$BE$1) -> 0 | BF52: 0 | BT52: =IF(Z52<1,0,SUM(BH52:BS52,BD52)/13*$BE$1) -> 0 | BU52: 0 | CI52: =IF(AO52<1,0,SUM(BW52:CH52,BS52)/13*$BE$1) -> 0 | CJ52: 0 | CX52: =IF(BD52<1,0,SUM(CL52:CW52,CH52)/13*$BE$1) -> 0
A53: Комплект трассо-дефектоискателя Поиск-510 Мастер (с генератором МК-510) | B53: 000001804 | C53: ПРОИЗВОДСТВО | D53: Машины и оборудование (кроме офисного) | E53: 24.03.2020 | F53: ДЭС п.Красное | G53: 84 | H53: 45323.25 | I53: 11330.79 | J53: 33992.46 | K53: 0 | L53: 539.56 | N53: =L53*12 -> 6474.72 | O53: =J53-$L53 -> 33452.9 | P53: =O53-$L53 -> 32913.34 | Q53: =P53-$L53 -> 32373.78 | R53: =Q53-$L53 -> 31834.22 | S53: =R53-$L53 -> 31294.66 | T53: =S53-$L53 -> 30755.1 | U53: =T53-$L53 -> 30215.54 | V53: =U53-$L53 -> 29675.98 | W53: =V53-$L53 -> 29136.42 | ... Z53: =Y53-$L53 -> 27517.74 | AC53: =L53*12 -> 6474.72 | AD53: =Z53-$L53 -> 26978.18 | AE53: =AD53-$L53 -> 26438.62 | AF53: =AE53-$L53 -> 25899.06 | AG53: =AF53-$L53 -> 25359.5 | AH53: =AG53-$L53 -> 24819.94 | AI53: =AH53-$L53 -> 24280.38 | AJ53: =AI53-$L53 -> 23740.82 | AK53: =AJ53-$L53 -> 23201.26 | AL53: =AK53-$L53 -> 22661.7 | ... AO53: =AN53-$L53 -> 21043.02 | AQ53: 539.56 | AR53: =L53*12 -> 6474.72 | AS53: =AO53-$L53 -> 20503.46 | AT53: =AS53-$L53 -> 19963.9 | AU53: =AT53-$L53 -> 19424.34 | AV53: =AU53-$L53 -> 18884.78 | AW53: =AV53-$L53 -> 18345.22 | AX53: =AW53-$L53 -> 17805.66 | AY53: =AX53-$L53 -> 17266.1 | AZ53: =AY53-$L53 -> 16726.54 | BA53: =AZ53-$L53 -> 16186.98 | ... BD53: =BC53-$L53 -> 14568.3 | BE53: =IF(K53<1,0,SUM(AS53:BD53,AO53)/13*$BE$1) -> 0 | BF53: 539.56 | BG53: =BF53*12 -> 6474.72 | BH53: =BD53-BF53 -> 14028.74 | BI53: =BH53-$L53 -> 13489.18 | BJ53: =BI53-$L53 -> 12949.62 | BK53: =BJ53-$L53 -> 12410.06 | BL53: =BK53-$L53 -> 11870.5 | BM53: =BL53-$L53 -> 11330.94 | BN53: =BM53-$L53 -> 10791.38 | BO53: =BN53-$L53 -> 10251.82 | BP53: =BO53-$L53 -> 9712.26 | ... BS53: =BR53-$L53 -> 8093.58 | BT53: 0 | BU53: 539.56 | BV53: =BU53*12 -> 6474.72 | BW53: =BS53-BU53 -> 7554.02 | BX53: =BW53-$L53 -> 7014.46 | BY53: =BX53-$L53 -> 6474.9 | BZ53: =BY53-$L53 -> 5935.34 | CA53: =BZ53-$L53 -> 5395.78 | CB53: =CA53-$L53 -> 4856.22 | CC53: =CB53-$L53 -> 4316.66 | CD53: =CC53-$L53 -> 3777.1 | CE53: =CD53-$L53 -> 3237.54 | ... CH53: =CG53-$L53 -> 1618.86 | CI53: 0 | CJ53: 539.56 | CK53: 1618.86 | CL53: =CH53-CJ53 -> 1079.3 | CM53: =CL53-$L53 -> 539.74 | CN53: =CM53-$L53 -> 0.18 | CO53: 0 | CP53: 0 | CQ53: 0 | CR53: 0 | CS53: 0 | CT53: 0 | CU53: 0 | CV53: 0 | CW53: 0 | CX53: 0
A54: Комплектная трансформаторная подстанция 2КТП(М)-630-6/0,4-УХЛ1 | B54: 000001835 | C54: ПРОИЗВОДСТВО | D54: Здания | E54: 30.12.2020 | F54: ДЭС п.Красное | G54: 360 | H54: 19015901 | I54: 633863.37 | J54: 18382038 | K54: 1 | L54: 52821.95 | N54: =L54*12 -> 633863.4 | O54: =J54-$L54 -> 18329216 | P54: =O54-$L54 -> 18276394 | Q54: =P54-$L54 -> 18223572 | R54: =Q54-$L54 -> 18170750 | S54: =R54-$L54 -> 18117928 | T54: =S54-$L54 -> 18065106 | U54: =T54-$L54 -> 18012284 | V54: =U54-$L54 -> 17959462 | W54: =V54-$L54 -> 17906640 | ... Z54: =Y54-$L54 -> 17748174 | AA54: =SUM(O54:Z54,J54)/13*$AA$1 -> 397432.33 | AC54: =L54*12 -> 633863.4 | AD54: =Z54-$L54 -> 17695352 | AE54: =AD54-$L54 -> 17642530 | AF54: =AE54-$L54 -> 17589708 | AG54: =AF54-$L54 -> 17536886 | AH54: =AG54-$L54 -> 17484065 | AI54: =AH54-$L54 -> 17431243 | AJ54: =AI54-$L54 -> 17378421 | AK54: =AJ54-$L54 -> 17325599 | AL54: =AK54-$L54 -> 17272777 | ... AO54: =AN54-$L54 -> 17114311 | AP54: =IF(K54<1,0,SUM(AD54:AO54,Z54)/13*$BE$1) -> 383487.34 | AQ54: 52821.95 | AR54: =L54*12 -> 633863.4 | AS54: =AO54-$L54 -> 17061489 | AT54: =AS54-$L54 -> 17008667 | AU54: =AT54-$L54 -> 16955845 | AV54: =AU54-$L54 -> 16903023 | AW54: =AV54-$L54 -> 16850201 | AX54: =AW54-$L54 -> 16797379 | AY54: =AX54-$L54 -> 16744557 | AZ54: =AY54-$L54 -> 16691735 | BA54: =AZ54-$L54 -> 16638913 | ... BD54: =BC54-$L54 -> 16480447 | BE54: =IF(K54<1,0,SUM(AS54:BD54,AO54)/13*$BE$1) -> 369542.34 | BF54: 52821.95 | BG54: =BF54*12 -> 633863.4 | BH54: =BD54-BF54 -> 16427626 | BI54: =BH54-$L54 -> 16374804 | BJ54: =BI54-$L54 -> 16321982 | BK54: =BJ54-$L54 -> 16269160 | BL54: =BK54-$L54 -> 16216338 | BM54: =BL54-$L54 -> 16163516 | BN54: =BM54-$L54 -> 16110694 | BO54: =BN54-$L54 -> 16057872 | BP54: =BO54-$L54 -> 16005050 | ... BS54: =BR54-$L54 -> 15846584 | BT54: =IF(Z54<1,0,SUM(BH54:BS54,BD54)/13*$BE$1) -> 355597.35 | BU54: 52821.95 | BV54: =BU54*12 -> 633863.4 | BW54: =BS54-BU54 -> 15793762 | BX54: =BW54-$L54 -> 15740940 | BY54: =BX54-$L54 -> 15688118 | BZ54: =BY54-$L54 -> 15635296 | CA54: =BZ54-$L54 -> 15582474 | CB54: =CA54-$L54 -> 15529652 | CC54: =CB54-$L54 -> 15476830 | CD54: =CC54-$L54 -> 15424008 | CE54: =CD54-$L54 -> 15371187 | ... CH54: =CG54-$L54 -> 15212721 | CI54: =IF(AO54<1,0,SUM(BW54:CH54,BS54)/13*$BE$1) -> 341652.35 | CJ54: 52821.95 | CK54: =CJ54*12 -> 633863.4 | CL54: =CH54-CJ54 -> 15159899 | CM54: =CL54-$L54 -> 15107077 | CN54: =CM54-$L54 -> 15054255 | CO54: =CN54-$L54 -> 15001433 | CP54: =CO54-$L54 -> 14948611 | CQ54: =CP54-$L54 -> 14895789 | CR54: =CQ54-$L54 -> 14842967 | CS54: =CR54-$L54 -> 14790145 | CT54: =CS54-$L54 -> 14737323 | ... CW54: =CV54-$L54 -> 14578857 | CX54: =IF(BD54<1,0,SUM(CL54:CW54,CH54)/13*$BE$1) -> 327707.36
